Workbook
Name __can435: 43.3
Name _can430: 40.73
Name _can435: 43.3
Name Header_Row: ROW(#REF!)
Name Header_Row: ROW(#REF!)
Name Header_Row: ROW(#REF!)
Name Header_Row: ROW(#REF!)
Name Header_Row: ROW(#REF!)
Name Header_Row: ROW(#REF!)
Name Header_Row: ROW(#REF!)
Name Header_Row: ROW(#REF!)
Name Header_Row: ROW(#REF!)
Name Header_Row: ROW(#REF!)
Name Header_Row: ROW(#REF!)
Name Header_Row: ROW(#REF!)
Name Header_Row: ROW(#REF!)
Name Header_Row: ROW(#REF!)
Name Header_Row: ROW(#REF!)
Name io: DATE(YEAR([0]!Loan_Start),MONTH([0]!Loan_Start)+Payment_Number,DAY([0]!Loan_Start))
Name io: DATE(YEAR([0]!Loan_Start),MONTH([0]!Loan_Start)+Payment_Number,DAY([0]!Loan_Start))
Name io: DATE(YEAR([0]!Loan_Start),MONTH([0]!Loan_Start)+Payment_Number,DAY([0]!Loan_Start))
Name io: DATE(YEAR([0]!Loan_Start),MONTH([0]!Loan_Start)+Payment_Number,DAY([0]!Loan_Start))
Name io: DATE(YEAR([0]!Loan_Start),MONTH([0]!Loan_Start)+Payment_Number,DAY([0]!Loan_Start))
Name io: DATE(YEAR([0]!Loan_Start),MONTH([0]!Loan_Start)+Payment_Number,DAY([0]!Loan_Start))
Name io: DATE(YEAR([0]!Loan_Start),MONTH([0]!Loan_Start)+Payment_Number,DAY([0]!Loan_Start))
Name io: DATE(YEAR([0]!Loan_Start),MONTH([0]!Loan_Start)+Payment_Number,DAY([0]!Loan_Start))
Name io: DATE(YEAR([0]!Loan_Start),MONTH([0]!Loan_Start)+Payment_Number,DAY([0]!Loan_Start))
Name io: DATE(YEAR([0]!Loan_Start),MONTH([0]!Loan_Start)+Payment_Number,DAY([0]!Loan_Start))
Name io: DATE(YEAR([0]!Loan_Start),MONTH([0]!Loan_Start)+Payment_Number,DAY([0]!Loan_Start))
Name io: DATE(YEAR([0]!Loan_Start),MONTH([0]!Loan_Start)+Payment_Number,DAY([0]!Loan_Start))
Name io: DATE(YEAR([0]!Loan_Start),MONTH([0]!Loan_Start)+Payment_Number,DAY([0]!Loan_Start))
Name io: DATE(YEAR([0]!Loan_Start),MONTH([0]!Loan_Start)+Payment_Number,DAY([0]!Loan_Start))
Name io: DATE(YEAR([0]!Loan_Start),MONTH([0]!Loan_Start)+Payment_Number,DAY([0]!Loan_Start))
Name io: DATE(YEAR([0]!Loan_Start),MONTH([0]!Loan_Start)+Payment_Number,DAY([0]!Loan_Start))
Name kjghd: OFFSET([0]!Full_Print,0,0,[2]CR!Last_Row)
Name kjghd: OFFSET([0]!Full_Print,0,0,[2]CR!Last_Row)
Name kjghd: #N/A
Name kjghd: #N/A
Name kjghd: #N/A
Name kjghd: #N/A
Name kjghd: #N/A
Name kjghd: OFFSET([0]!Full_Print,0,0,[2]CR!Last_Row)
Name Last_Row: #N/A
Name Last_Row: IF([2]CR!Values_Entered,[0]!Header_Row+[2]CR!Number_of_Payments,[0]!Header_Row)
Name Last_Row: IF([2]CR!Values_Entered,[0]!Header_Row+[2]CR!Number_of_Payments,[0]!Header_Row)
Name Last_Row: #N/A
Name Last_Row: #N/A
Name Last_Row: #N/A
Name Last_Row: #N/A
Name Last_Row: #N/A
Name Last_Row: #N/A
Name Last_Row: IF([2]CR!Values_Entered,[0]!Header_Row+[2]CR!Number_of_Payments,[0]!Header_Row)
Name Number_of_Payments: MATCH(0.01,[0]!End_Bal,-1)+1
Name Number_of_Payments: MATCH(0.01,[0]!End_Bal,-1)+1
Name Number_of_Payments: MATCH(0.01,[0]!End_Bal,-1)+1
Name Number_of_Payments: MATCH(0.01,[0]!End_Bal,-1)+1
Name Number_of_Payments: MATCH(0.01,[0]!End_Bal,-1)+1
Name Number_of_Payments: MATCH(0.01,[0]!End_Bal,-1)+1
Name Number_of_Payments: MATCH(0.01,[0]!End_Bal,-1)+1
Name Number_of_Payments: MATCH(0.01,[0]!End_Bal,-1)+1

Sheet 0000000000000

Sheet COVER
A1: fffffffffffffffffffffffffffffffffffffffffffffffffffffffffffffffffffffffffffffffffffffffffffffffffffffffffffffffffffffffffffffffffffffffffffffffffffffffffffffffffffffffffffffffffffffffffffffffffffffffffffffffffffffffffffffffffffffffffffffffffffffffffffffffffffffffffffffffffffffffffffffffffffffffffffffffffffffffffffffffffffffffffffffffffffffffffffffffffffffffffffffffffffffffffffffffffffffffffffffffffffffffffffffffffffffffffffffffffffff | B1: fffffffffffffffffffffffffffffffffffffffffffffffffffffffffffffffffffffffffffffffffffffffffffffffffffffffffffffffffffffffffffffffffffffffffffffffffffffffffffffffffffffffffffffffffffffffffffffffffffffffffffffffffffffffffffffffffffffffffffffffffffffffffffffffffffffffffffffffffffffffffffffffffffffffffffffffffffffffffffffffffffffffffffffffffffffffffffffffffffffffffffffffffffffffffffffffffffffff | K1: ffffffffffffffffffffffffffffffffffffffffffffffffffffffffffffffffffffffffffffffffffffffffffffffffffffffffffffffffffffffffffffffffffffffffffffffffffffffffffffffffffffffffffffffffffffffffffffffffffffffffffffffffffffffffffffffffffffffffffffffffffffffffffffffffffffffffffffffffffffffffffffffffffffffffffffffffffffffffffffffffffffffffffffffffffffffffffffffffffffffffffffffff
B18: PANCHAYATI RAJ ENGINEERING DEPARTMENT
B20: WORKING ESTIMATE
C23: NAME OF THE WORK | F23: : | G23: ='lead 19-20'!C2 -> Providing Additional Space for Health Staff in Grama Sachivalayam of Baduguleru GP of Kanigiri Mandal
C25: ESTIMATE COST & Grant | F25: : | G25: ='lead 19-20'!K4 -> 20.80 Lakhs
C27: WORK ID | F27: : | G27: ='lead 19-20'!C4 -> No: 087043102002090039
C29: NAME OF THE MANDAL | F29: : | G29: KANIGIRI
C31: NAME OF SUB.DIVISION. | F31: : | G31: KANIGIRI
C33: NAME OF THE DIVISION | F33: : | G33: KANDUKUR
C35: NAME OF CIRCLE | F35: : | G35: ONGOLE
C37: NAME OF DISTRICT | F37: : | G37: PRAKASAM
A39: ffffffffffffffffffffffffffffffffffffffffffffffffffffffffffffffffffffffffffffffffffffffffffffffffffffffffffffffffffffffffffffffffffffffffffffffffffffffffffffffffffffffffffffffffffffffffffffffffffffffffffffffffffffffffffffffffffffffffffffffffffffffffffffffffffffffffffffffffffffffffffffffffffffffffffffffffffffffffffffffffffffffffffffffffffffffffffffffffffffffffffffffff

Sheet SPE
A1: SPECIFICATION REPORT
A3: Specification Report to accompany the working estimate for the work "
A4: ='lead 19-20'!C2 -> Providing Additional Space for Health Staff in Grama Sachivalayam of Baduguleru GP of Kanigiri Mandal
F5: Estt. Rs. | H5: ='lead 19-20'!K4 -> 20.80 Lakhs
A7: The above road has been administratively sancationed for Rs. 17.50 Lakhs vide Progs.Rc No T3/MGNREGS/2020 Dt 30-06-2020 of the District Collector & District Programme Co-Ordinator, MGNREGS, Prakasam District. Ongole under MGNREGS 50% and Health Department Grant 50% Grant during the year 2019-20. and Additional amount of Rs.3.30 lakhs was sanctioned vide progs. Rc.No.T3/YSR health Clinics buildings-Admn. Sanctions / 2023-24 Dt 05.2023 of the District Collector & DPC, MGNREGS, Prakasam District under 15th FC funds HM (1.52 lakhs) & FW and APHSSP (1.78 lakhs). The work was entrusted to Grama Panchayat, Baduguleru
A8: During execution of work the working estimate is prepared As per the instructions of higher authorities items rates as per recording dates (adopting SSR 2019-20, SSR 2020-21, SSR 2021-22 and SSR 2022-23) and same may be submitted for your kind approval.
A9: The working estimate is prepared as per the agreement rates based on the SSR of 2019-2020, 2020-21, 2021-22 & 2022-23 and the work has been carried out as per APSS.
E12: ='lead 19-20'!$H$31 -> Deputy Executive Engineer | H12: ='lead 19-20'!$K$31 -> Assistant Engineer
E13: ='lead 19-20'!$H$32 -> PRI Sub Division | H13: ='lead 19-20'!$K$32 -> Mandal Praja parishad
E14: ='lead 19-20'!$H$33 -> Kanigiri | H14: ='lead 19-20'!$K$33 -> Kanigiri

Sheet Genetic
A1: ='lead 19-20'!B2&'lead 19-20'!C2 -> Name of the Work: Providing Additional Space for Health Staff in Grama Sachivalayam of Baduguleru GP of Kanigiri Mandal
C3: Est.Rs. | D3: ='lead 19-20'!K4 -> 20.80 Lakhs
A5: S.No | B5: Material | C5: Quantity | D5: Unit Price | E5: Total
A6: 1 | B6: Provision towards QC Charges at 0.5% | C6: =INPUT!H116 -> 8548 | D6: 1 | E6: =ROUND(C6*D6,2) -> 8548
A7: 2 | B7: Provision for Seigniorage charges | C7: =INPUT!H117 -> 21507 | D7: 1 | E7: =ROUND(C7*D7,2) -> 21507
A8: 3 | B8: Provision towards unforeseen items of work | C8: =2080000-E6-E7-E9 -> 2041003 | D8: 1 | E8: =ROUND(C8*D8,2) -> 2041003
A9: 4 | B9: D34816-CW-G01.Amount for wage component | C9: =ROUND(E9/D9,2) -> 37.73 | D9: 237 | E9: =INPUT!H18 -> 8942
E10: =SUM(E6:E9) -> 2080000
A12: S.No | B12: Material | C12: Quantity | D12: Unit Price | E12: Total
A13: 1 | B13: D16033-CW-G02.cement | C13: =INPUT!E29 -> 516.14 | D13: =INPUT!F26 -> 235 | E13: =ROUND(C13*D13,0) -> 121293
A14: 2 | B14: D16901-Cost of Sand | C14: =INPUT!E31 -> 0 | D14: =INPUT!F31 -> 375 | E14: =ROUND(C14*D14,0) -> 0
A15: 3 | B15: D16902-Transportion of Sand | C15: =INPUT!E32 -> 0 | D15: =INPUT!F32 -> 739.6 | E15: =ROUND(C15*D15,0) -> 0
A16: 4 | B16: D16034-CW-G03.sand for filling | C16: =INPUT!E42 -> 87.51 | D16: =INPUT!F42 -> 292.4 | E16: =ROUND(C16*D16,0) -> 25588
A17: 5 | B17: D16048-CW-G19.sand for Concrete | C17: =INPUT!E64 -> 28.47 | D17: =INPUT!F64 -> 2098 | E17: =ROUND(C17*D17,0) -> 59730
A18: 6 | B18: D16048-CW-G19.sand for Concrete | C18: =INPUT!E65 -> 0 | D18: =INPUT!F65 -> 1742 | E18: =ROUND(C18*D18,0) -> 0
A19: 7 | B19: D16035-CW-G04.sand for mortar | C19: =INPUT!E52 -> 6.07 | D19: =INPUT!F52 -> 984.9 | E19: =ROUND(C19*D19,0) -> 5978
A20: 8 | B20: D16035-CW-G04.sand for mortar | C20: =INPUT!E53 -> 14.07 | D20: =INPUT!F53 -> 2098 | E20: =ROUND(C20*D20,0) -> 29519
A21: 8 | B21: D16035-CW-G04.sand for mortar | C21: =INPUT!E54 -> 0 | D21: =INPUT!F54 -> 321 | E21: =ROUND(C21*D21,0) -> 0
A22: 9 | B22: D16038-CW-G07.20mm to 12mm HBG/HBT graded Metal:Consisting of 20mm metal 60% and12mm metal 40% | C22: =INPUT!E74 -> 38.41 | D22: =INPUT!F74 -> 1722.3 | E22: =ROUND(C22*D22,0) -> 66154
A23: 10 | B23: D16038-CW-G07.20mm to 12mm HBG/HBT graded Metal:Consisting of 20mm metal 60% and12mm metal 40% | C23: =INPUT!E75 -> 0 | D23: =INPUT!F75 -> 2182.9 | E23: =ROUND(C23*D23,0) -> 0
A24: 11 | B24: D16040-CW-G09.40 mm nominal HBG/HBT Graded Metal | C24: =INPUT!E84 -> 18.53 | D24: =INPUT!F84 -> 1375.8 | E24: =ROUND(C24*D24,0) -> 25494
A25: 12 | B25: CW-G20.cost and supply of Steel | C25: =INPUT!E102 -> 2.22 | D25: =INPUT!F102 -> 62540 | E25: =ROUND(C25*D25,0) -> 138839
A26: 13 | B26: CW-G20.cost and supply of Steel | C26: =INPUT!E103 -> 1.82 | D26: =INPUT!F103 -> 63720 | E26: =ROUND(C26*D26,0) -> 115970
A27: 14 | B27: CW-G20.cost and supply of Steel | C27: =INPUT!E104 -> 0.21 | D27: =INPUT!F104 -> 84960 | E27: =ROUND(C27*D27,0) -> 17842
A28: 15 | B28: CW-G20.cost and supply of Steel | C28: =INPUT!E105 -> 0 | D28: =INPUT!F105 -> 71980 | E28: =ROUND(C28*D28,0) -> 0
A29: 16 | B29: CW-G20.cost and supply of Steel | C29: =INPUT!E106 -> 0 | D29: =INPUT!F106 -> 75520 | E29: =ROUND(C29*D29,0) -> 0
A30: 17 | B30: D16041-CW-G10.Cost towards engaging skilled labour,semi skilled labour,other materials and equipment charges including all other materials | C30: 1 | D30: =G30-E13-E14-E15-E16-E17-E19-E22-E24-E25-E26-E31-E32-E33-E9-E34-E23-E27-E28-E29-E18-E20-E21 -> 1433167 | E30: =ROUND(C30*D30,2) -> 1433167 | G30: 2080000
A31: 18 | B31: D16042-CW-G12.QC @0.5% | C31: 1 | D31: =INPUT!H116 -> 8548 | E31: =ROUND(C31*D31,2) -> 8548
A32: 19 | B32: D16043-CW-G13.Seignorage charges | C32: 1 | D32: =INPUT!H117 -> 21507 | E32: =ROUND(C32*D32,2) -> 21507
A33: 20 | B33: D16327-Provision For Work Wise File | C33: 1 | D33: =INPUT!H120 -> 0 | E33: =ROUND(C33*D33,2) -> 0
A34: 21 | B34: D16045-CW-G15.LS amount for unforcen items. | C34: 1 | D34: =INPUT!H121 -> 1429 | E34: =ROUND(C34*D34,2) -> 1429
E35: =SUM(E13:E34) -> 2071058
B39: =INPUT!C128 -> Deputy Executive Engineer | D39: =INPUT!G128 -> Assistant Engineer
B40: =INPUT!C129 -> PRI Sub Division | D40: =INPUT!G129 -> Mandal Praja parishad
B41: =INPUT!C130 -> Kanigiri | D41: =INPUT!G130 -> Kanigiri

Sheet NIC
A1: ACTIVITY MASTER
A2: ='lead 19-20'!B2&'lead 19-20'!C2 -> Name of the Work: Providing Additional Space for Health Staff in Grama Sachivalayam of Baduguleru GP of Kanigiri Mandal
F3: Est Rs. | G3: ='lead 19-20'!K4 -> 20.80 Lakhs
A4: S.No. | B4: Material Task No. | C4: Description of Item | D4: Quantity | E4: Per | F4: Rate | G4: Amount
A5: 1 | B5: 2 | C5: 3 | D5: 4 | E5: 5 | F5: 6 | G5: 7
C6: Construction of Ground floor | H6: -
C7: Wage Component | G7: 1e-08
A8: 1 | B8: ACT0001 | C8: Clearing light jungle | D8: ='PART-A'!I14 -> 0 | E8: Sqm | F8: ='PART-A'!K14 -> 5.22 | G8: =ROUND(D8*F8,0) -> 0 | H8: 19-20
A9: 1 | B9: ACT0001 | C9: Clearing light jungle | D9: ='PART-A'!I20 -> 0 | E9: Sqm | F9: ='PART-A'!K20 -> 5.86 | G9: =ROUND(D9*F9,0) -> 0 | H9: 20-21
A10: 1 | B10: ACT0001 | C10: Clearing light jungle | D10: ='PART-A'!I26 -> 0 | E10: Sqm | F10: ='PART-A'!K26 -> 6.06 | G10: =ROUND(D10*F10,0) -> 0 | H10: 21-22
A11: 1 | B11: ACT0001 | C11: Clearing light jungle | D11: ='PART-A'!I32 -> 0 | E11: Sqm | F11: ='PART-A'!K32 -> 6.06 | G11: =ROUND(D11*F11,0) -> 0 | H11: 22-23
A12: 1 | B12: ACT1338 | C12: Earthwork excavation for foundation | D12: ='PART-A'!I49 -> 71.97 | E12: Cum | F12: ='PART-A'!K49 -> 124.24 | G12: =ROUND(D12*F12,0) -> 8942 | H12: 19-20
A13: 2 | B13: ACT1338 | C13: Earthwork excavation for foundation | D13: ='PART-A'!I56 -> 0 | E13: Cum | F13: ='PART-A'!K56 -> 139.55 | G13: =ROUND(D13*F13,0) -> 0 | H13: 20-21
A14: 2 | B14: ACT1338 | C14: Earthwork excavation for foundation | D14: ='PART-A'!I62 -> 0 | E14: Cum | F14: ='PART-A'!K62 -> 144.26 | G14: =ROUND(D14*F14,0) -> 0 | H14: 21-22
A15: 2 | B15: ACT1338 | C15: Earthwork excavation for foundation | D15: ='PART-A'!I72 -> 0 | E15: Cum | F15: ='PART-A'!K72 -> 144.26 | G15: =ROUND(D15*F15,0) -> 0 | H15: 22-23
C16: Material Component | G16: 1e-08
A17: 2 | B17: ACT0026 | C17: PCC (1:4:8) for bed concrete | D17: ='PART-A'!I108 -> 20.59 | E17: Cum | F17: ='PART-A'!K108 -> 3877.28 | G17: =ROUND(D17*F17,0) -> 79833 | H17: 19-20
A18: 4 | B18: ACT0026 | C18: PCC (1:4:8) for bed concrete | D18: ='PART-A'!I127 -> 0 | E18: Cum | F18: ='PART-A'!K127 -> 4067.84 | G18: =ROUND(D18*F18,0) -> 0 | H18: 20-21
A19: 4 | B19: ACT0026 | C19: PCC (1:4:8) for bed concrete | D19: ='PART-A'!I133 -> 0 | E19: Cum | F19: ='PART-A'!K133 -> 4332.55 | G19: =ROUND(D19*F19,0) -> 0 | H19: 21-22
A20: 4 | B20: ACT0026 | C20: PCC (1:4:8) for bed concrete | D20: ='PART-A'!I146 -> 0 | E20: Cum | F20: ='PART-A'!K146 -> 4583.31 | G20: =ROUND(D20*F20,0) -> 0 | H20: 22-23
A21: 4 | B21: ACT0027 | C21: PCC (1:5:10) for bed concrete | D21: ='PART-A'!I155 -> 0 | E21: Cum | F21: ='PART-A'!K155 -> 3725 | G21: =ROUND(D21*F21,0) -> 0 | H21: 19-20
A22: 4 | B22: ACT0027 | C22: PCC (1:5:10) for bed concrete | D22: ='PART-A'!I164 -> 0 | E22: Cum | F22: ='PART-A'!K164 -> 3915.56 | G22: =ROUND(D22*F22,0) -> 0 | H22: 20-21
A23: 4 | B23: ACT0027 | C23: PCC (1:5:10) for bed concrete | D23: ='PART-A'!I173 -> 0 | E23: Cum | F23: ='PART-A'!K173 -> 4180.27 | G23: =ROUND(D23*F23,0) -> 0 | H23: 21-22
A24: 4 | B24: ACT0027 | C24: PCC (1:5:10) for bed concrete | D24: ='PART-A'!I182 -> 0 | E24: Cum | F24: ='PART-A'!K182 -> 4431.03 | G24: =ROUND(D24*F24,0) -> 0 | H24: 22-23
A25: 3 | B25: ACT0409 | C25: Filling basement with Selected earth | D25: ='PART-A'!I189 -> 17.93 | E25: Cum | F25: ='PART-A'!K189 -> 183 | G25: =ROUND(D25*F25,0) -> 3281 | H25: 19-20
A26: 3 | B26: ACT0409 | C26: Filling basement with Selected earth | D26: ='PART-A'!I195 -> 0 | E26: Cum | F26: ='PART-A'!K195 -> 205.87 | G26: =ROUND(D26*F26,0) -> 0 | H26: 20-21
A27: 3 | B27: ACT0409 | C27: Filling basement with Selected earth | D27: ='PART-A'!I201 -> 0 | E27: Cum | F27: ='PART-A'!K201 -> 199.97 | G27: =ROUND(D27*F27,0) -> 0 | H27: 21-22
A28: 3 | B28: ACT0409 | C28: Filling basement with Selected earth | D28: ='PART-A'!I207 -> 0 | E28: Cum | F28: ='PART-A'!K207 -> 216.13 | G28: =ROUND(D28*F28,0) -> 0 | H28: 22-23
A29: 5 | B29: ACT0256 | C29: Filling basement with Gravel | D29: ='PART-A'!I213 -> 0 | E29: Cum | F29: ='PART-A'!K213 -> 210 | G29: =ROUND(D29*F29,0) -> 0 | H29: 19-20
A30: 5 | B30: ACT0256 | C30: Filling basement with Gravel | D30: ='PART-A'!I219 -> 0 | E30: Cum | F30: ='PART-A'!K219 -> 234.87 | G30: =ROUND(D30*F30,0) -> 0 | H30: 20-21
A31: 5 | B31: ACT0256 | C31: Filling basement with Gravel | D31: ='PART-A'!I225 -> 0 | E31: Cum | F31: ='PART-A'!K225 -> 253.22 | G31: =ROUND(D31*F31,0) -> 0 | H31: 21-22
A32: 5 | B32: ACT0256 | C32: Filling basement with Gravel | D32: ='PART-A'!I231 -> 0 | E32: Cum | F32: ='PART-A'!K231 -> 272.13 | G32: =ROUND(D32*F32,0) -> 0 | H32: 22-23
A33: 4 | B33: ACT0020 | C33: Filling basement with Sand filling | D33: ='PART-A'!I248 -> 87.51 | E33: Cum | F33: ='PART-A'!K248 -> 1271.5 | G33: =ROUND(D33*F33,0) -> 111269 | H33: 19-20
A34: 7 | B34: ACT0020 | C34: Filling basement with Sand filling | D34: ='PART-A'!I264 -> 0 | E34: Cum | F34: ='PART-A'!K264 -> 1340.37 | G34: =ROUND(D34*F34,0) -> 0 | H34: 20-21
A35: 7 | B35: ACT0020 | C35: Filling basement with Sand filling | D35: ='PART-A'!I270 -> 0 | E35: Cum | F35: ='PART-A'!K270 -> 1528.72 | G35: =ROUND(D35*F35,0) -> 0 | H35: 21-22
A36: 7 | B36: ACT0020 | C36: Filling basement with Sand filling | D36: ='PART-A'!I276 -> 0 | E36: Cum | F36: ='PART-A'!K276 -> 1603.13 | G36: =ROUND(D36*F36,0) -> 0 | H36: 22-23
A37: 5 | B37: ACT0021 | C37: Refilling with excavated soil | D37: ='PART-A'!I293 -> 47.3 | E37: Cum | F37: ='PART-A'!K293 -> 228 | G37: =ROUND(D37*F37,0) -> 10784 | H37: 19-20
A38: 10 | B38: ACT0021 | C38: Refilling with excavated soil | D38: ='PART-A'!I304 -> 0 | E38: Cum | F38: ='PART-A'!K304 -> 249.16 | G38: =ROUND(D38*F38,0) -> 0 | H38: 20-21
A39: 10 | B39: ACT0021 | C39: Refilling with excavated soil | D39: ='PART-A'!I311 -> 0 | E39: Cum | F39: ='PART-A'!K311 -> 265.36 | G39: =ROUND(D39*F39,0) -> 0 | H39: 21-22
A40: 10 | B40: ACT0021 | C40: Refilling with excavated soil | D40: ='PART-A'!I318 -> 0 | E40: Cum | F40: ='PART-A'!K318 -> 284.4 | G40: =ROUND(D40*F40,0) -> 0 | H40: 22-23
A41: 6 | B41: ACT0029 | C41: VRCC M25 mix Concrete for column footings | D41: ='PART-A'!I325 -> 9.44 | E41: Cum | F41: ='PART-A'!K325 -> 6979.88 | G41: =ROUND(D41*F41,0) -> 65890 | H41: 19-20
A42: 6 | B42: ACT0029 | C42: VRCC M25 mix Concrete for column footings | D42: ='PART-A'!I332 -> 0 | E42: Cum | F42: ='PART-A'!K332 -> 7288.23 | G42: =ROUND(D42*F42,0) -> 0 | H42: 20-21
A43: 6 | B43: ACT0029 | C43: VRCC M25 mix Concrete for column footings | D43: ='PART-A'!I338 -> 0 | E43: Cum | F43: ='PART-A'!K338 -> 7685.43 | G43: =ROUND(D43*F43,0) -> 0 | H43: 21-22
A44: 6 | B44: ACT0029 | C44: VRCC M25 mix Concrete for column footings | D44: ='PART-A'!I343 -> 0 | E44: Cum | F44: ='PART-A'!K343 -> 8062.18 | G44: =ROUND(D44*F44,0) -> 0 | H44: 22-23
A45: 7 | B45: ACT0030 | C45: VRCC M25 design mix Concrete for Pedastal | D45: ='PART-A'!I348 -> 1.37 | E45: Cum | F45: ='PART-A'!K348 -> 7392.88 | G45: =ROUND(D45*F45,0) -> 10128 | H45: 19-20
A46: 7 | B46: ACT0030 | C46: VRCC M25 design mix Concrete for Pedastal | D46: ='PART-A'!I353 -> 0 | E46: Cum | F46: ='PART-A'!K353 -> 7701.23 | G46: =ROUND(D46*F46,0) -> 0 | H46: 20-21
A47: 7 | B47: ACT0030 | C47: VRCC M25 design mix Concrete for Pedastal | D47: ='PART-A'!I358 -> 0 | E47: Cum | F47: ='PART-A'!K358 -> 8124.43 | G47: =ROUND(D47*F47,0) -> 0 | H47: 21-22
A48: 7 | B48: ACT0030 | C48: VRCC M25 design mix Concrete for Pedastal | D48: ='PART-A'!I363 -> 0 | E48: Cum | F48: ='PART-A'!K363 -> 8501.18 | G48: =ROUND(D48*F48,0) -> 0 | H48: 22-23
A49: 8 | B49: ACT0031 | C49: VRCC M25 design mix Concrete for Columns | D49: ='PART-A'!I376 -> 5.64 | E49: Cum | F49: ='PART-A'!K376 -> 9116.88 | G49: =ROUND(D49*F49,0) -> 51419 | H49: 19-20
A50: 11 | B50: ACT0031 | C50: VRCC M25 design mix Concrete for Columns | D50: ='PART-A'!I387 -> 0 | E50: Cum | F50: ='PART-A'!K387 -> 9466.93 | G50: =ROUND(D50*F50,0) -> 0 | H50: 20-21
A51: 8 | B51: ACT0031 | C51: VRCC M25 design mix Concrete for Columns | D51: ='PART-A'!I399 -> 0 | E51: Cum | F51: ='PART-A'!K399 -> 10004.82 | G51: =ROUND(D51*F51,0) -> 0 | H51: 21-22
A52: 8 | B52: ACT0031 | C52: VRCC M25 design mix Concrete for Columns | D52: ='PART-A'!I411 -> 0 | E52: Cum | F52: ='PART-A'!K411 -> 10417.6 | G52: =ROUND(D52*F52,0) -> 0 | H52: 22-23
A53: 9 | B53: ACT0033 | C53: VRCC M25 design mix Concrete for Plinth beam | D53: ='PART-A'!I430 -> 6.15 | E53: Cum | F53: ='PART-A'!K430 -> 8971.88 | G53: =ROUND(D53*F53,0) -> 55177 | H53: 19-20
A54: 9 | B54: ACT0033 | C54: VRCC M25 design mix Concrete for Plinth beam | D54: ='PART-A'!I441 -> 0 | E54: Cum | F54: ='PART-A'!K441 -> 9280.23 | G54: =ROUND(D54*F54,0) -> 0 | H54: 20-21
A55: 9 | B55: ACT0033 | C55: VRCC M25 design mix Concrete for Plinth beam | D55: ='PART-A'!I447 -> 0 | E55: Cum | F55: ='PART-A'!K447 -> 9785.43 | G55: =ROUND(D55*F55,0) -> 0 | H55: 21-22
A56: 9 | B56: ACT0033 | C56: VRCC M25 design mix Concrete for Plinth beam | D56: ='PART-A'!I453 -> 0 | E56: Cum | F56: ='PART-A'!K453 -> 10162.18 | G56: =ROUND(D56*F56,0) -> 0 | H56: 22-23
A57: 10 | B57: ACT0036 | C57: VRCC M25 design mix Concrete for Beams | D57: ='PART-A'!I477 -> 6.94 | E57: Cum | F57: ='PART-A'!K477 -> 8954.36 | G57: =ROUND(D57*F57,0) -> 62143 | H57: 19-20
A58: 14 | B58: ACT0036 | C58: VRCC M25 design mix Concrete for Beams | D58: ='PART-A'!I501 -> 0 | E58: Cum | F58: ='PART-A'!K501 -> 9169.52 | G58: =ROUND(D58*F58,0) -> 0 | H58: 20-21
A59: 10 | B59: ACT0036 | C59: VRCC M25 design mix Concrete for Beams | D59: ='PART-A'!I528 -> 0 | E59: Cum | F59: ='PART-A'!K528 -> 9635.33 | G59: =ROUND(D59*F59,0) -> 0 | H59: 21-22
A60: 10 | B60: ACT0036 | C60: VRCC M25 design mix Concrete for Beams | D60: ='PART-A'!I536 -> 0 | E60: Cum | F60: ='PART-A'!K536 -> 9921.19 | G60: =ROUND(D60*F60,0) -> 0 | H60: 22-23
A61: 11 | B61: ACT0037 | C61: VRCC M25 design mix Concrete for Slab 125mm | D61: ='PART-A'!I567 -> 118.09 | E61: Sqm | F61: ='PART-A'!K567 -> 1071.8 | G61: =ROUND(D61*F61,0) -> 126569 | H61: 19-20
A62: 16 | B62: ACT0037 | C62: VRCC M25 design mix Concrete for Slab 125mm | D62: ='PART-A'!I573 -> 0 | E62: Sqm | F62: ='PART-A'!K573 -> 1109.69 | G62: =ROUND(D62*F62,0) -> 0 | H62: 20-21
A63: 11 | B63: ACT0037 | C63: VRCC M25 design mix Concrete for Slab 125mm | D63: ='PART-A'!I580 -> 0 | E63: Sqm | F63: ='PART-A'!K580 -> 1166.67 | G63: =ROUND(D63*F63,0) -> 0 | H63: 21-22
A64: 11 | B64: ACT0037 | C64: VRCC M25 design mix Concrete for Slab 125mm | D64: ='PART-A'!I586 -> 0 | E64: Sqm | F64: ='PART-A'!K586 -> 1202.4 | G64: =ROUND(D64*F64,0) -> 0 | H64: 22-23
A65: 12 | B65: ACT0589 | C65: VRCC M25 design mix Concrete for Slab 150mm | D65: ='PART-A'!I544 -> 0 | E65: Sqm | F65: ='PART-A'!K544 -> 1195.95 | G65: =ROUND(D65*F65,0) -> 0 | H65: 19-20
A66: 12 | B66: ACT0589 | C66: VRCC M25 design mix Concrete for Slab 150mm | D66: ='PART-A'!I550 -> 0 | E66: Sqm | F66: ='PART-A'!K550 -> 1239.23 | G66: =ROUND(D66*F66,0) -> 0 | H66: 20-21
A67: 12 | B67: ACT0589 | C67: VRCC M25 design mix Concrete for Slab 150mm | D67: ='PART-A'!I555 -> 0 | E67: Sqm | F67: ='PART-A'!K555 -> 1302.4 | G67: =ROUND(D67*F67,0) -> 0 | H67: 21-22
A68: 12 | B68: ACT0589 | C68: VRCC M25 design mix Concrete for Slab 150mm | D68: ='PART-A'!I561 -> 0 | E68: Sqm | F68: ='PART-A'!K561 -> 1345.28 | G68: =ROUND(D68*F68,0) -> 0 | H68: 22-23
A69: 11 | B69: ACT0037 | C69: VRCC M25 design mix Concrete for Slab 100mm | D69: ='PART-A'!I592 -> 22.14 | E69: Sqm | F69: ='PART-A'!K592 -> 947.64 | G69: =ROUND(D69*F69,0) -> 20981 | H69: 19-20
A70: 17 | B70: ACT0037 | C70: VRCC M25 design mix Concrete for Slab 100mm | D70: ='PART-A'!I598 -> 0 | E70: Sqm | F70: ='PART-A'!K598 -> 980.15 | G70: =ROUND(D70*F70,0) -> 0 | H70: 20-21
A71: 11 | B71: ACT0037 | C71: VRCC M25 design mix Concrete for Slab 100mm | D71: ='PART-A'!I604 -> 0 | E71: Sqm | F71: ='PART-A'!K604 -> 1030.93 | G71: =ROUND(D71*F71,0) -> 0 | H71: 21-22
A72: 11 | B72: ACT0037 | C72: VRCC M25 design mix Concrete for Slab 100mm | D72: ='PART-A'!I610 -> 0 | E72: Sqm | F72: ='PART-A'!K610 -> 1059.52 | G72: =ROUND(D72*F72,0) -> 0 | H72: 22-23
A73: 18 | B73: ACT0037 | C73: VRCC M25 design mix Concrete for Slab 50mm | D73: ='PART-A'!I616 -> 0 | E73: Sqm | F73: ='PART-A'!K616 -> 471.03 | G73: =ROUND(D73*F73,0) -> 0 | H73: 19-20
A74: 11 | B74: ACT0037 | C74: VRCC M25 design mix Concrete for Slab 50mm | D74: ='PART-A'!I622 -> 0 | E74: Sqm | F74: ='PART-A'!K622 -> 487.1 | G74: =ROUND(D74*F74,0) -> 0 | H74: 20-21
A75: 11 | B75: ACT0037 | C75: VRCC M25 design mix Concrete for Slab 50mm | D75: ='PART-A'!I628 -> 0 | E75: Sqm | F75: ='PART-A'!K628 -> 512.26 | G75: =ROUND(D75*F75,0) -> 0 | H75: 21-22
A76: 11 | B76: ACT0037 | C76: VRCC M25 design mix Concrete for Slab 50mm | D76: ='PART-A'!I634 -> 0 | E76: Sqm | F76: ='PART-A'!K634 -> 526.3 | G76: =ROUND(D76*F76,0) -> 0 | H76: 22-23
A77: 15 | B77: ACT0037 | C77: VRCC M25 design mix Concrete for Slab 25mm | D77: ='PART-A'!I641 -> 0 | E77: Sqm | F77: ='PART-A'!K641 -> 348.26 | G77: =ROUND(D77*F77,0) -> 0 | H77: 19-20
A78: 15 | B78: ACT0037 | C78: VRCC M25 design mix Concrete for Slab 25mm | D78: ='PART-A'!I648 -> 0 | E78: Sqm | F78: ='PART-A'!K648 -> 359.05 | G78: =ROUND(D78*F78,0) -> 0 | H78: 20-21
A79: 15 | B79: ACT0037 | C79: VRCC M25 design mix Concrete for Slab 25mm | D79: ='PART-A'!I655 -> 0 | E79: Sqm | F79: ='PART-A'!K655 -> 378.13 | G79: =ROUND(D79*F79,0) -> 0 | H79: 21-22
A80: 15 | B80: ACT0037 | C80: VRCC M25 design mix Concrete for Slab 25mm | D80: ='PART-A'!I662 -> 0 | E80: Sqm | F80: ='PART-A'!K662 -> 385.15 | G80: =ROUND(D80*F80,0) -> 0 | H80: 22-23
A81: 13 | B81: ACT0034 | C81: VRCC M25 design mix Concrete for Lintels | D81: ='PART-A'!I672 -> 1.21 | E81: Cum | F81: ='PART-A'!K672 -> 9288.88 | G81: =ROUND(D81*F81,0) -> 11240 | H81: 19-20
A82: 14 | B82: ACT0034 | C82: VRCC M25 design mix Concrete for Lintels | D82: ='PART-A'!I684 -> 0 | E82: Cum | F82: ='PART-A'!K684 -> 9638.93 | G82: =ROUND(D82*F82,0) -> 0 | H82: 20-21
A83: 15 | B83: ACT0034 | C83: VRCC M25 design mix Concrete for Lintels | D83: ='PART-A'!I693 -> 0 | E83: Cum | F83: ='PART-A'!K693 -> 10171.82 | G83: =ROUND(D83*F83,0) -> 0 | H83: 21-22
A84: 15 | B84: ACT0034 | C84: VRCC M25 design mix Concrete for Lintels | D84: ='PART-A'!I762 -> 0 | E84: Cum | F84: ='PART-A'!K762 -> 10584.6 | G84: =ROUND(D84*F84,0) -> 0 | H84: 22-23
A85: 14 | B85: ACT0035 | C85: VRCC M25 design mix Concrete for Sunshades | D85: ='PART-A'!I767 -> 7.5 | E85: Rm | F85: ='PART-A'!K767 -> 474.84 | G85: =ROUND(D85*F85,0) -> 3561 | H85: 19-20
A86: 15 | B86: ACT0035 | C86: VRCC M25 design mix Concrete for Sunshades | D86: ='PART-A'!I772 -> 0 | E86: Rm | F86: ='PART-A'!K772 -> 482.91 | G86: =ROUND(D86*F86,0) -> 0 | H86: 20-21
A87: 17 | B87: ACT0035 | C87: VRCC M25 design mix Concrete for Sunshades | D87: ='PART-A'!I778 -> 0 | E87: Rm | F87: ='PART-A'!K778 -> 507.8 | G87: =ROUND(D87*F87,0) -> 0 | H87: 21-22
A88: 17 | B88: ACT0035 | C88: VRCC M25 design mix Concrete for Sunshades | D88: ='PART-A'!I783 -> 0 | E88: Rm | F88: ='PART-A'!K783 -> 518.52 | G88: =ROUND(D88*F88,0) -> 0 | H88: 22-23
A89: 20 | B89: ACT0052 | C89: impervious coat over roof slab-12mm | D89: ='PART-A'!I790 -> 0 | E89: Sqm | F89: ='PART-A'!K790 -> 259.97 | G89: =ROUND(D89*F89,0) -> 0 | H89: 19-20
A90: 23 | B90: ACT0052 | C90: impervious coat over roof slab-12mm | D90: ='PART-A'!I797 -> 0 | E90: Sqm | F90: ='PART-A'!K797 -> 280.03 | G90: =ROUND(D90*F90,0) -> 0 | H90: 20-21
A91: 20 | B91: ACT0052 | C91: impervious coat over roof slab-12mm | D91: ='PART-A'!I803 -> 0 | E91: Sqm | F91: ='PART-A'!K803 -> 297.22 | G91: =ROUND(D91*F91,0) -> 0 | H91: 21-22
A92: 20 | B92: ACT0052 | C92: impervious coat over roof slab-12mm | D92: ='PART-A'!I809 -> 0 | E92: Sqm | F92: ='PART-A'!K809 -> 315.69 | G92: =ROUND(D92*F92,0) -> 0 | H92: 22-23
A93: 24 | B93: ACT0052 | C93: impervious coat over roof slab-20mm | D93: ='PART-A'!I815 -> 0 | E93: Sqm | F93: ='PART-A'!K815 -> 330.39 | G93: =ROUND(D93*F93,0) -> 0 | H93: 19-20
A94: 16 | B94: ACT0052 | C94: impervious coat over roof slab-20mm | D94: ='PART-A'!I822 -> 0 | E94: Sqm | F94: ='PART-A'!K822 -> 357.62 | G94: =ROUND(D94*F94,0) -> 0 | H94: 20-21
A95: 16 | B95: ACT0052 | C95: impervious coat over roof slab-20mm | D95: ='PART-A'!I828 -> 0 | E95: Sqm | F95: ='PART-A'!K828 -> 380.75 | G95: =ROUND(D95*F95,0) -> 0 | H95: 21-22
A96: 16 | B96: ACT0052 | C96: impervious coat over roof slab-20mm | D96: ='PART-A'!I834 -> 0 | E96: Sqm | F96: ='PART-A'!K834 -> 405.78 | G96: =ROUND(D96*F96,0) -> 0 | H96: 22-23
A97: 15 | B97: ACT0596 | C97: PCC M25 for Steps | D97: ='PART-A'!I1509 -> 0 | E97: Cum | F97: ='PART-A'!K1509 -> 4946.17 | G97: =ROUND(D97*F97,0) -> 0 | H97: 19-20
A98: 15 | B98: ACT0596 | C98: PCC M25 for Steps | D98: ='PART-A'!I1516 -> 0 | E98: Cum | F98: ='PART-A'!K1516 -> 5115.52 | G98: =ROUND(D98*F98,0) -> 0 | H98: 20-21
A99: 15 | B99: ACT0596 | C99: PCC M25 for Steps | D99: ='PART-A'!I1523 -> 0 | E99: Cum | F99: ='PART-A'!K1523 -> 5349.07 | G99: =ROUND(D99*F99,0) -> 0 | H99: 21-22
A100: 15 | B100: ACT0596 | C100: PCC M25 for Steps | D100: ='PART-A'!I1528 -> 0 | E100: Cum | F100: ='PART-A'!K1528 -> 5601.67 | G100: =ROUND(D100*F100,0) -> 0 | H100: 22-23
...

Sheet INPUT
A1: INPUT SHEET
A2: ='lead 19-20'!B2&'lead 19-20'!C2 -> Name of the Work: Providing Additional Space for Health Staff in Grama Sachivalayam of Baduguleru GP of Kanigiri Mandal
E3: Est.Rs. | F3: ='lead 19-20'!K4 -> 20.80 Lakhs
A4: S No | B4: Task Code | C4: Task Name | D4: Unit | E4: Qty | F4: Rate per Unit in Rs | G4: Amount | H4: Total tasl Amount
A5: 1 | B5: 34816 | C5: CW-G01.Amount for wage component | G5: 1
C6: AS PER SSR 2019-20
C7: Jungle | D7: Sqm | E7: ='PART-A'!I14 -> 0 | F7: ='PART-A'!K14 -> 5.22 | G7: =ROUND(E7*F7,0) -> 0
C8: Earthwork | D8: Cum | E8: ='PART-A'!I49 -> 71.97 | F8: ='PART-A'!K49 -> 124.24 | G8: =ROUND(E8*F8,0) -> 8942
C9: AS PER SSR 2020-21
C10: Jungle | D10: Sqm | E10: ='PART-A'!I20 -> 0 | F10: ='PART-A'!K20 -> 5.86 | G10: =ROUND(E10*F10,0) -> 0
C11: Earthwork | D11: Cum | E11: ='PART-A'!I56 -> 0 | F11: ='PART-A'!K56 -> 139.55 | G11: =ROUND(E11*F11,0) -> 0
C12: AS PER SSR 2021-22
C13: Jungle | D13: Sqm | E13: ='PART-A'!I26 -> 0 | F13: ='PART-A'!K26 -> 6.06 | G13: =ROUND(E13*F13,0) -> 0
C14: Earthwork | D14: Cum | E14: ='PART-A'!I62 -> 0 | F14: ='PART-A'!K62 -> 144.26 | G14: =ROUND(E14*F14,0) -> 0
C15: AS PER SSR 2022-23
C16: Jungle | D16: Sqm | E16: ='PART-A'!I32 -> 0 | F16: ='PART-A'!K32 -> 6.06 | G16: =ROUND(E16*F16,0) -> 0
C17: Earthwork | D17: Cum | E17: ='PART-A'!I72 -> 0 | F17: ='PART-A'!K72 -> 144.26 | G17: =ROUND(E17*F17,0) -> 0
G18: =SUM(G6:G17) -> 8942 | H18: =SUM(G18) -> 8942
A19: 2 | B19: 34817 | C19: CW-G02.cement | G19: 1
C20: As per SSR 2019-20 | D20: Bags | E20: ='Differ- Material'!C8 -> 498.11 | F20: ='Differ- Material'!D8 -> 235 | G20: =ROUND(E20*F20,0) -> 117056
C21: As per SSR 2020-21 | D21: Bags | E21: ='Differ- Material'!C9 -> 0 | F21: ='Differ- Material'!D9 -> 235 | G21: =ROUND(E21*F21,0) -> 0
C22: As per SSR 2021-22 | D22: Bags | E22: ='Differ- Material'!C10 -> 0 | F22: ='Differ- Material'!D10 -> 235 | G22: =ROUND(E22*F22,0) -> 0
C23: As per SSR 2022-23 | D23: Bags | E23: ='Differ- Material'!C11 -> 18.03 | F23: ='Differ- Material'!D11 -> 235 | G23: =ROUND(E23*F23,0) -> 4237
C24: Total | E24: =SUM(E20:E23) -> 516.14 | G24: =SUM(G20:G23) -> 121293
C26: As per bill | D26: Bags | E26: ='Differ- Material'!C14 -> 336.14 | F26: ='Differ- Material'!D14 -> 235 | G26: =ROUND(E26*F26,0) -> 78993
C27: As per bill | D27: Bags | E27: ='Differ- Material'!C15 -> 180 | F27: ='Differ- Material'!D15 -> 260 | G27: =ROUND(E27*F27,0) -> 46800
E29: =SUM(E26:E28) -> 516.14 | G29: =SUM(G26:G28) -> 125793 | H29: =SUM(G29) -> 125793
A30: 3 | C30: Cost of sand | G30: 1
C31: Cost of sand | D31: MT | E31: ='Differ- Material'!C33 -> 0 | F31: ='Differ- Material'!D33 -> 375 | G31: =ROUND(E31*F31,0) -> 0
C32: Conveyance of sand | D32: cum | E32: ='Differ- Material'!C34 -> 0 | F32: ='Differ- Material'!D34 -> 739.6 | G32: =ROUND(E32*F32,0) -> 0
G34: =SUM(G31:G33) -> 0 | H34: =SUM(G34) -> 0
A35: 4 | B35: 34818 | C35: CW03.sand for filling | G35: 1
C36: As per SSR 2019-20 | D36: cum | E36: ='Differ- Material'!C21 -> 87.51 | F36: ='Differ- Material'!D21 -> 1249.8 | G36: =ROUND(E36*F36,0) -> 109370
C37: As per SSR 2020-21 | D37: cum | E37: ='Differ- Material'!C22 -> 0 | F37: ='Differ- Material'!D22 -> 1316.6 | G37: =ROUND(E37*F37,0) -> 0
C38: As per SSR 2021-22 | D38: cum | E38: ='Differ- Material'!C23 -> 0 | F38: ='Differ- Material'!D23 -> 1503.4 | G38: =ROUND(E38*F38,0) -> 0
C39: As per SSR 2022-23 | D39: cum | E39: ='Differ- Material'!C24 -> 0 | F39: ='Differ- Material'!D24 -> 1576 | G39: =ROUND(E39*F39,0) -> 0
E40: =SUM(E36:E39) -> 87.51 | G40: =SUM(G36:G39) -> 109370 | K40: =E40-J40 -> 87.51
C42: As per bill | D42: cum | E42: ='Differ- Material'!C27 -> 87.51 | F42: ='Differ- Material'!D27 -> 292.4 | G42: =ROUND(E42*F42,0) -> 25588
C43: As per bill | D43: cum | E43: ='Differ- Material'!C28 -> 0 | F43: ='Differ- Material'!D28 -> 536.4 | G43: =ROUND(E43*F43,0) -> 0
G44: =SUM(G42:G43) -> 25588 | H44: =SUM(G44) -> 25588
A45: 3 | B45: 34819 | C45: CW-G04.Sand for Mortar | G45: 1
C46: As per SSR 2019-20 | D46: cum | E46: ='Differ- Material'!C39 -> 18.57 | F46: ='Differ- Material'!D39 -> 1464.8 | G46: =ROUND(E46*F46,0) -> 27201
C47: As per SSR 2020-21 | D47: cum | E47: ='Differ- Material'!C40 -> 0 | F47: ='Differ- Material'!D40 -> 1546.6 | G47: =ROUND(E47*F47,0) -> 0
C48: As per SSR 2021-22 | D48: cum | E48: ='Differ- Material'!C41 -> 0 | F48: ='Differ- Material'!D41 -> 1743.4 | G48: =ROUND(E48*F48,0) -> 0
C49: As per SSR 2022-23 | D49: cum | E49: ='Differ- Material'!C42 -> 1.57 | F49: ='Differ- Material'!D42 -> 1816 | G49: =ROUND(E49*F49,0) -> 2851
E50: =SUM(E46:E49) -> 20.14 | G50: =SUM(G46:G49) -> 30052
C52: As per Paid bill | D52: cum | E52: ='Differ- Material'!C46 -> 6.07 | F52: ='Differ- Material'!D46 -> 984.9 | G52: =ROUND(E52*F52,0) -> 5978
C53: As per Paid bill | D53: cum | E53: ='Differ- Material'!C47 -> 14.07 | F53: ='Differ- Material'!D47 -> 2098 | G53: =ROUND(E53*F53,0) -> 29519
C54: As per Paid bill | D54: cum | E54: ='Differ- Material'!C48 -> 0 | F54: ='Differ- Material'!D48 -> 321 | G54: =ROUND(E54*F54,0) -> 0
E55: =SUM(E52:E54) -> 20.14 | G55: =SUM(G52:G54) -> 35497 | H55: =SUM(G55) -> 35497
A57: 4 | B57: 34832 | C57: CW-G19.Sand for Concrete | G57: 1
C58: As per SSR 2019-20 | D58: cum | E58: ='Differ- Material'!C53 -> 28.47 | F58: ='Differ- Material'!D53 -> 1384.8 | G58: =ROUND(E58*F58,0) -> 39425
C59: As per SSR 2020-21 | D59: cum | E59: ='Differ- Material'!C54 -> 0 | F59: ='Differ- Material'!D54 -> 1451.6 | G59: =ROUND(E59*F59,0) -> 0
C60: As per SSR 2021-22 | D60: cum | E60: ='Differ- Material'!C55 -> 0 | F60: ='Differ- Material'!D55 -> 1648.4 | G60: =ROUND(E60*F60,0) -> 0
C61: As per SSR 2022-23 | D61: cum | E61: ='Differ- Material'!C56 -> 0 | F61: ='Differ- Material'!D56 -> 1721 | G61: =ROUND(E61*F61,0) -> 0
E62: =SUM(E58:E61) -> 28.47 | G62: =SUM(G58:G61) -> 39425
C64: As per Paid bill | D64: cum | E64: ='Differ- Material'!C60 -> 28.47 | F64: ='Differ- Material'!D60 -> 2098 | G64: =ROUND(E64*F64,0) -> 59730
C65: As per Paid bill | D65: cum | E65: ='Differ- Material'!C61 -> 0 | F65: ='Differ- Material'!D61 -> 1742 | G65: =ROUND(E65*F65,0) -> 0
E66: =SUM(E64:E65) -> 28.47 | G66: =SUM(G64:G65) -> 59730 | H66: =SUM(G66) -> 59730
A68: 5 | B68: 34822 | C68: CW.G07.20mm to 12mm HBG | G68: 1
C69: As per SSR 2019-20 | D69: cum | E69: ='Differ- Material'!C66 -> 38.41 | F69: ='Differ- Material'!D66 -> 1722.3 | G69: =ROUND(E69*F69,0) -> 66154
C70: As per SSR 2020-21 | D70: cum | E70: ='Differ- Material'!C67 -> 0 | F70: ='Differ- Material'!D67 -> 1799.05 | G70: =ROUND(E70*F70,0) -> 0
C71: As per SSR 2021-22 | D71: cum | E71: ='Differ- Material'!C68 -> 0 | F71: ='Differ- Material'!D68 -> 1876.23 | G71: =ROUND(E71*F71,0) -> 0
C72: As per SSR 2022-23 | D72: cum | E72: ='Differ- Material'!C69 -> 0 | F72: ='Differ- Material'!D69 -> 2046.91 | G72: =ROUND(E72*F72,0) -> 0
E73: =SUM(E69:E72) -> 38.41 | G73: =SUM(G69:G72) -> 66154
C74: As per bill | D74: cum | E74: ='Differ- Material'!C73 -> 38.41 | F74: ='Differ- Material'!D73 -> 1722.3 | G74: =ROUND(E74*F74,0) -> 66154
C75: As per bill | D75: cum | E75: ='Differ- Material'!C74 -> 0 | F75: ='Differ- Material'!D74 -> 2182.9 | G75: =ROUND(E75*F75,0) -> 0
E76: =SUM(E74:E75) -> 38.41 | G76: =SUM(G74:G75) -> 66154 | H76: =SUM(G76) -> 66154
A77: 6 | B77: 34824 | C77: CW09.40 mm nominal HBG/HBT Graded Metal | G77: 1
C78: As per SSR 2019-20 | D78: cum | E78: ='Differ- Material'!C79 -> 18.53 | F78: ='Differ- Material'!D79 -> 1375.8 | G78: =ROUND(E78*F78,0) -> 25494
C79: As per SSR 2020-21 | D79: cum | E79: ='Differ- Material'!C80 -> 0 | F79: ='Differ- Material'!D80 -> 1436.8 | G79: =ROUND(E79*F79,0) -> 0
C80: As per SSR 2021-22 | D80: cum | E80: ='Differ- Material'!C81 -> 0 | F80: ='Differ- Material'!D81 -> 1436.8 | G80: =ROUND(E80*F80,0) -> 0
C81: As per SSR 2022-23 | D81: cum | E81: ='Differ- Material'!C82 -> 0 | F81: ='Differ- Material'!D82 -> 1436.8 | G81: =ROUND(E81*F81,0) -> 0
E82: =SUM(E78:E81) -> 18.53 | G82: =SUM(G78:G81) -> 25494
C84: As per Paid bill | D84: cum | E84: ='Differ- Material'!C85 -> 18.53 | F84: ='Differ- Material'!D85 -> 1375.8 | G84: =ROUND(E84*F84,0) -> 25494
C85: As per Paid bill | D85: cum | E85: ='Differ- Material'!C86 -> 0 | F85: ='Differ- Material'!D86 -> 1730.8 | G85: =ROUND(E85*F85,0) -> 0
E86: =SUM(E84:E85) -> 18.53 | G86: =SUM(G84:G85) -> 25494 | H86: =SUM(G86) -> 25494
A87: 7 | B87: 35253 | C87: CW-G20.cost and supply of Steel | G87: 1
C88: As per SSR 2019-20-GF | D88: MT | E88: ='Differ- Material'!C94 -> 4.25 | F88: ='Differ- Material'!D94 -> 48970 | G88: =ROUND(E88*F88,0) -> 208123
C89: As per SSR 2019-20-FF | D89: MT | E89: ='Differ- Material'!C95 -> 0 | F89: ='Differ- Material'!D95 -> 48970 | G89: =ROUND(E89*F89,0) -> 0
C90: As per SSR 2019-20-SF | D90: MT | E90: ='Differ- Material'!C96 -> 0 | F90: ='Differ- Material'!D96 -> 48970 | G90: =ROUND(E90*F90,0) -> 0
C91: As per SSR 2020-21-GF | D91: MT | E91: ='Differ- Material'!C98 -> 0 | F91: ='Differ- Material'!D98 -> 48380 | G91: =ROUND(E91*F91,0) -> 0
C92: As per SSR 2020-21-FF | D92: MT | E92: ='Differ- Material'!C99 -> 0 | F92: ='Differ- Material'!D99 -> 48380 | G92: =ROUND(E92*F92,0) -> 0
C93: As per SSR 2020-21-SF | D93: MT | E93: ='Differ- Material'!C100 -> 0 | F93: ='Differ- Material'!D100 -> 48380 | G93: =ROUND(E93*F93,0) -> 0
C94: As per SSR 2021-22-GF | D94: MT | E94: ='Differ- Material'!C102 -> 0 | F94: ='Differ- Material'!D102 -> 64310 | G94: =ROUND(E94*F94,0) -> 0
C95: As per SSR 2021-22-FF | D95: MT | E95: ='Differ- Material'!C103 -> 0 | F95: ='Differ- Material'!D103 -> 64310 | G95: =ROUND(E95*F95,0) -> 0
C96: As per SSR 2021-22-SF | D96: MT | E96: ='Differ- Material'!C104 -> 0 | F96: ='Differ- Material'!D104 -> 64310 | G96: =ROUND(E96*F96,0) -> 0
C97: As per SSR 2022-23-GF | D97: MT | E97: ='Differ- Material'!C106 -> 0 | F97: ='Differ- Material'!D106 -> 75520 | G97: =ROUND(E97*F97,0) -> 0
C98: As per SSR 2022-23-FF | D98: MT | E98: ='Differ- Material'!C107 -> 0 | F98: ='Differ- Material'!D107 -> 75520 | G98: =ROUND(E98*F98,0) -> 0
C99: As per SSR 2022-23-SF | D99: MT | E99: ='Differ- Material'!C108 -> 0 | F99: ='Differ- Material'!D108 -> 75520 | G99: =ROUND(E99*F99,0) -> 0
E100: =SUM(E88:E99) -> 4.25 | G100: =SUM(G88:G99) -> 208123
C102: As per Paid bill | D102: MT | E102: ='Differ- Material'!C112 -> 2.22 | F102: ='Differ- Material'!D112 -> 62540 | G102: =ROUND(E102*F102,0) -> 138839
D103: MT | E103: ='Differ- Material'!C113 -> 1.82 | F103: ='Differ- Material'!D113 -> 63720 | G103: =ROUND(E103*F103,0) -> 115970
D104: MT | E104: ='Differ- Material'!C114 -> 0.21 | F104: ='Differ- Material'!D114 -> 84960 | G104: =ROUND(E104*F104,0) -> 17842
D105: MT | E105: ='Differ- Material'!C115 -> 0 | F105: ='Differ- Material'!D115 -> 71980 | G105: =ROUND(E105*F105,0) -> 0
D106: MT | E106: ='Differ- Material'!C116 -> 0 | F106: ='Differ- Material'!D116 -> 75520 | G106: =ROUND(E106*F106,0) -> 0
D107: MT | E107: ='Differ- Material'!C117 -> 0 | F107: ='Differ- Material'!D117 -> 35000 | G107: =ROUND(E107*F107,0) -> 0
E108: =SUM(E102:E107) -> 4.25 | G108: =SUM(G102:G107) -> 272651 | H108: =SUM(G108) -> 272651
A109: 8 | C109: CW-G10.Cost towards engaging skilled labour,semi skilled labour,other materials and equipment charges including all other materials not covered above | G109: =J109-H108-H86-H76-H66-H55-H44-H29-H18-H34 -> 1098667 | H109: =SUM(G109) -> 1098667 | J109: ='PART-A'!M4506 -> 1718516
A110: 10 | C110: CW-21 | H110: =SUM(G110) -> 0
...

Sheet abstract
A1: GENERAL ABSTRACT
A2: Name of the work | C2: ='lead 19-20'!C2:L2 -> Providing Additional Space for Health Staff in Grama Sachivalayam of Baduguleru GP of Kanigiri Mandal
A3: Name of the Sub work
C4: Est Rs. | F4: ='lead 19-20'!K4 -> 20.80 Lakhs
A5: S.No | B5: Description of Item | C5: Quantity | E5: Rate | F5: Per | G5: Amount
A7: 1 | B7: 2 | C7: 7 | E7: 8 | F7: 9 | G7: 10
A8: 1 | B8: PART-A Total | G8: ='PART-A'!M4512 -> 1750000
A9: 2 | B9: PART-B Total | G9: ='PART-B'!M1576 -> 330000
B10: Grand Total | G10: =SUBTOTAL(9,G8:G9) -> 2080000 | H10: 4360000
C15: ='lead 19-20'!H31 -> Deputy Executive Engineer | F15: ='lead 19-20'!K31 -> Assistant Engineer
C16: ='lead 19-20'!H32 -> PRI Sub Division | F16: ='lead 19-20'!K32 -> Mandal Praja parishad
C17: ='lead 19-20'!H33 -> Kanigiri | F17: ='lead 19-20'!K33 -> Kanigiri

Sheet PART-A
A1: WORKING ESTIMATE
A2: Name of the work | C2: ='lead 19-20'!C2 -> Providing Additional Space for Health Staff in Grama Sachivalayam of Baduguleru GP of Kanigiri Mandal
I3: Est.Rs. | L3: ='lead 19-20'!K4 -> 20.80 Lakhs
A4: S.No | B4: Description of Item | C4: No | F4: Measurements | I4: Quantity | K4: Rate | L4: Per | M4: Amount
F5: L | G5: B | H5: D
A6: 1 | B6: 2 | C6: 3 | F6: 4 | G6: 5 | H6: 6 | I6: 7 | K6: 8 | L6: 9 | M6: 10
B7: PART-A | N7: SSR 19-20
B8: GROUND FLOOR | N8: SSR 19-20
A9: 1 | B9: Clearing light jungle including up-rooting and removing of Juliflora stumps. | N9: SSR 19-20
B10: Qty.p.1 of M.B.No.800/A/ZP/19 | D10: 09.07.2020 | N10: SSR 19-20
C11: 1 | D11: x | E11: 1 | F11: 12 | G11: 6 | H11: 0 | I11: =ROUND(IF(AND(F11:H11),C11*E11*F11*G11*H11,IF(AND(F11,G11),C11*E11*F11*G11,IF(AND(F11,H11),C11*E11*F11*H11,IF(AND(G11,H11),C11*E11*G11*H11,IF(F11,C11*E11*F11,IF(G11,C11*E11*G11,IF(H11,C11*E11*H11,C11*E11))))))),2) -> 72 | J11: Sqm | N11: SSR 19-20
I12: =SUM(I11:I11) -> 72 | J12: Sqm | N12: SSR 19-20
B13: Deduct Voids @ 40% | I13: =-ROUND(I12*40%,2) -> -28.8 | J13: Sqm | N13: SSR 19-20
J14: Sqm | K14: =data!G44 -> 5.22 | L14: SSR 19-20 | M14: =ROUND(I14*K14,0) -> 0 | N14: SSR 19-20
A15: 1 | B15: Clearing light jungle including up-rooting and removing of Juliflora stumps. | N15: SSR 20-21
B16: Qty.p.1 of M.B.No.790/A/ZP/19 | N16: SSR 20-21
C17: 1 | D17: x | E17: 1 | F17: 7.6 | G17: 5.24 | H17: 0 | I17: =ROUND(IF(AND(F17:H17),C17*E17*F17*G17*H17,IF(AND(F17,G17),C17*E17*F17*G17,IF(AND(F17,H17),C17*E17*F17*H17,IF(AND(G17,H17),C17*E17*G17*H17,IF(F17,C17*E17*F17,IF(G17,C17*E17*G17,IF(H17,C17*E17*H17,C17*E17))))))),2) -> 39.82 | J17: Sqm | N17: SSR 20-21
I18: =SUM(I17:I17) -> 39.82 | J18: Sqm | N18: SSR 20-21
B19: Deduct Voids @ 40% | I19: =-ROUND(I18*40%,2) -> -15.93 | J19: Sqm | N19: SSR 20-21
J20: Sqm | K20: =data!G960 -> 5.86 | L20: SSR 20-21 | M20: =ROUND(I20*K20,0) -> 0 | N20: SSR 20-21
A21: 1 | B21: Clearing light jungle including up-rooting and removing of Juliflora stumps. | N21: SSR 21-22
B22: Qty.p.1 of M.B.No.790/A/ZP/19 | N22: SSR 21-22
C23: 1 | D23: x | E23: 1 | F23: 7.6 | G23: 5.24 | H23: 0 | I23: =ROUND(IF(AND(F23:H23),C23*E23*F23*G23*H23,IF(AND(F23,G23),C23*E23*F23*G23,IF(AND(F23,H23),C23*E23*F23*H23,IF(AND(G23,H23),C23*E23*G23*H23,IF(F23,C23*E23*F23,IF(G23,C23*E23*G23,IF(H23,C23*E23*H23,C23*E23))))))),2) -> 39.82 | J23: Sqm | N23: SSR 21-22
I24: =SUM(I23:I23) -> 39.82 | J24: Sqm | N24: SSR 21-22
B25: Deduct Voids @ 40% | I25: =-ROUND(I24*40%,2) -> -15.93 | J25: Sqm | N25: SSR 21-22
J26: Sqm | K26: =data!G1877 -> 6.06 | L26: SSR 21-22 | M26: =ROUND(I26*K26,0) -> 0 | N26: SSR 21-22
A27: 1 | B27: Clearing light jungle including up-rooting and removing of Juliflora stumps. | N27: SSR 22-23
B28: Qty.p.1 of M.B.No.790/A/ZP/19 | N28: SSR 22-23
C29: 1 | D29: x | E29: 1 | F29: 7.6 | G29: 5.24 | H29: 0 | I29: =ROUND(IF(AND(F29:H29),C29*E29*F29*G29*H29,IF(AND(F29,G29),C29*E29*F29*G29,IF(AND(F29,H29),C29*E29*F29*H29,IF(AND(G29,H29),C29*E29*G29*H29,IF(F29,C29*E29*F29,IF(G29,C29*E29*G29,IF(H29,C29*E29*H29,C29*E29))))))),2) -> 39.82 | J29: Sqm | N29: SSR 22-23
I30: =SUM(I29:I29) -> 39.82 | J30: Sqm | N30: SSR 22-23
B31: Deduct Voids @ 40% | I31: =-ROUND(I30*40%,2) -> -15.93 | J31: Sqm | N31: SSR 22-23
J32: Sqm | K32: =data!G2794 -> 6.06 | L32: SSR 22-23 | M32: =ROUND(I32*K32,0) -> 0 | N32: SSR 22-23
A33: 1 | B33: Engaging Unskilled Labour for Earth work excavation & depositing on bank with an initial lead & initial lift in Loamy, Clayey soils like BC Soils, Red Earth & Chodu Soils for Column Foundations RSSR | N33: SSR 19-20
B34: Qty.p.1 of M.B.No.1198/B/ZP/18 | D34: 20.07.2020 | N34: SSR 19-20
B35: F1 Footings | C35: 1 | D35: x | E35: 3 | F35: 1.45 | G35: 1.45 | H35: 1.5 | I35: =ROUND(IF(AND(F35:H35),C35*E35*F35*G35*H35,IF(AND(F35,G35),C35*E35*F35*G35,IF(AND(F35,H35),C35*E35*F35*H35,IF(AND(G35,H35),C35*E35*G35*H35,IF(F35,C35*E35*F35,IF(G35,C35*E35*G35,IF(H35,C35*E35*H35,C35*E35))))))),2) -> 9.46 | J35: Cum | N35: SSR 19-20
B36: F2 Footings | C36: 1 | D36: x | E36: 9 | F36: 1.7 | G36: 1.7 | H36: 1.5 | I36: =ROUND(IF(AND(F36:H36),C36*E36*F36*G36*H36,IF(AND(F36,G36),C36*E36*F36*G36,IF(AND(F36,H36),C36*E36*F36*H36,IF(AND(G36,H36),C36*E36*G36*H36,IF(F36,C36*E36*F36,IF(G36,C36*E36*G36,IF(H36,C36*E36*H36,C36*E36))))))),2) -> 39.02 | J36: Cum | N36: SSR 19-20
B37: F3 Footings | C37: 1 | D37: x | E37: 3 | F37: 1.85 | G37: 1.85 | H37: 1.5 | I37: =ROUND(IF(AND(F37:H37),C37*E37*F37*G37*H37,IF(AND(F37,G37),C37*E37*F37*G37,IF(AND(F37,H37),C37*E37*F37*H37,IF(AND(G37,H37),C37*E37*G37*H37,IF(F37,C37*E37*F37,IF(G37,C37*E37*G37,IF(H37,C37*E37*H37,C37*E37))))))),2) -> 15.4 | J37: Cum | N37: SSR 19-20
B38: Qty.p.10 & 11 of M.B.No.1198/B/ZP/18 | D38: 22.02.2021 | N38: SSR 19-20
B39: long walls | C39: 1 | D39: x | E39: 2 | F39: 13.81 | G39: 0.5 | H39: 0.3 | I39: =ROUND(IF(AND(F39:H39),C39*E39*F39*G39*H39,IF(AND(F39,G39),C39*E39*F39*G39,IF(AND(F39,H39),C39*E39*F39*H39,IF(AND(G39,H39),C39*E39*G39*H39,IF(F39,C39*E39*F39,IF(G39,C39*E39*G39,IF(H39,C39*E39*H39,C39*E39))))))),2) -> 4.14 | J39: Cum | N39: SSR 19-20
B40: Cross wall | C40: 1 | D40: x | E40: 2 | F40: 5.66 | G40: 0.5 | H40: 0.3 | I40: =ROUND(IF(AND(F40:H40),C40*E40*F40*G40*H40,IF(AND(F40,G40),C40*E40*F40*G40,IF(AND(F40,H40),C40*E40*F40*H40,IF(AND(G40,H40),C40*E40*G40*H40,IF(F40,C40*E40*F40,IF(G40,C40*E40*G40,IF(H40,C40*E40*H40,C40*E40))))))),2) -> 1.7 | J40: Cum | N40: SSR 19-20
B41: Deduct columns | C41: 1 | D41: x | E41: 12 | F41: 0.23 | G41: 0.38 | H41: 0.3 | I41: =-ROUND(IF(AND(F41:H41),C41*E41*F41*G41*H41,IF(AND(F41,G41),C41*E41*F41*G41,IF(AND(F41,H41),C41*E41*F41*H41,IF(AND(G41,H41),C41*E41*G41*H41,IF(F41,C41*E41*F41,IF(G41,C41*E41*G41,IF(H41,C41*E41*H41,C41*E41))))))),2) -> -0.31 | J41: Cum | N41: SSR 19-20
B42: Qty.p.1 of M.B.No.111/A/ZP/22 | D42: 08.11.2023 | N42: SSR 19-20
B43: Verandah | C43: 1 | D43: x | E43: 1 | F43: 1.2 | G43: 0.35 | H43: 0.3 | I43: =ROUND(IF(AND(F43:H43),C43*E43*F43*G43*H43,IF(AND(F43,G43),C43*E43*F43*G43,IF(AND(F43,H43),C43*E43*F43*H43,IF(AND(G43,H43),C43*E43*G43*H43,IF(F43,C43*E43*F43,IF(G43,C43*E43*G43,IF(H43,C43*E43*H43,C43*E43))))))),2) -> 0.13 | J43: Cum | N43: SSR 19-20
C44: 1 | D44: x | E44: 1 | F44: 4.67 | G44: 0.35 | H44: 0.3 | I44: =ROUND(IF(AND(F44:H44),C44*E44*F44*G44*H44,IF(AND(F44,G44),C44*E44*F44*G44,IF(AND(F44,H44),C44*E44*F44*H44,IF(AND(G44,H44),C44*E44*G44*H44,IF(F44,C44*E44*F44,IF(G44,C44*E44*G44,IF(H44,C44*E44*H44,C44*E44))))))),2) -> 0.49 | J44: Cum | N44: SSR 19-20
C45: 1 | D45: x | E45: 1 | F45: 12.5 | G45: 0.35 | H45: 0.3 | I45: =ROUND(IF(AND(F45:H45),C45*E45*F45*G45*H45,IF(AND(F45,G45),C45*E45*F45*G45,IF(AND(F45,H45),C45*E45*F45*H45,IF(AND(G45,H45),C45*E45*G45*H45,IF(F45,C45*E45*F45,IF(G45,C45*E45*G45,IF(H45,C45*E45*H45,C45*E45))))))),2) -> 1.31 | J45: Cum | N45: SSR 19-20
C46: 1 | D46: x | E46: 1 | F46: 5 | G46: 0.35 | H46: 0.3 | I46: =ROUND(IF(AND(F46:H46),C46*E46*F46*G46*H46,IF(AND(F46,G46),C46*E46*F46*G46,IF(AND(F46,H46),C46*E46*F46*H46,IF(AND(G46,H46),C46*E46*G46*H46,IF(F46,C46*E46*F46,IF(G46,C46*E46*G46,IF(H46,C46*E46*H46,C46*E46))))))),2) -> 0.53 | J46: Cum | N46: SSR 19-20
C47: 1 | D47: x | E47: 1 | F47: 0.97 | G47: 0.35 | H47: 0.3 | I47: =ROUND(IF(AND(F47:H47),C47*E47*F47*G47*H47,IF(AND(F47,G47),C47*E47*F47*G47,IF(AND(F47,H47),C47*E47*F47*H47,IF(AND(G47,H47),C47*E47*G47*H47,IF(F47,C47*E47*F47,IF(G47,C47*E47*G47,IF(H47,C47*E47*H47,C47*E47))))))),2) -> 0.1 | J47: Cum | N47: SSR 19-20
N48: SSR 19-20
I49: =SUM(I35:I48) -> 71.97 | J49: Cum | K49: =data!G49 -> 124.24 | L49: SSR 19-20 | M49: =ROUND(I49*K49,0) -> 8942 | N49: SSR 19-20
A50: 2 | B50: Engaging Unskilled Labour for Earth work excavation & depositing on bank with an initial lead & initial lift in Loamy, Clayey soils like BC Soils, Red Earth & Chodu Soils for Column Foundations RSSR | N50: SSR 20-21
B51: Qty.p.26 of M.B.No.478/A/ZP/19 | D51: 12.07.2021 | N51: SSR 20-21
B52: Verandah front | C52: 1 | D52: x | E52: 1 | F52: 15.95 | G52: 0.35 | H52: 0.45 | I52: =ROUND(IF(AND(F52:H52),C52*E52*F52*G52*H52,IF(AND(F52,G52),C52*E52*F52*G52,IF(AND(F52,H52),C52*E52*F52*H52,IF(AND(G52,H52),C52*E52*G52*H52,IF(F52,C52*E52*F52,IF(G52,C52*E52*G52,IF(H52,C52*E52*H52,C52*E52))))))),2) -> 2.51 | J52: Cum | N52: SSR 20-21
B53: Verandah wall sides | C53: 1 | D53: x | E53: 1 | F53: 9.25 | G53: 0.35 | H53: 0.4 | I53: =ROUND(IF(AND(F53:H53),C53*E53*F53*G53*H53,IF(AND(F53,G53),C53*E53*F53*G53,IF(AND(F53,H53),C53*E53*F53*H53,IF(AND(G53,H53),C53*E53*G53*H53,IF(F53,C53*E53*F53,IF(G53,C53*E53*G53,IF(H53,C53*E53*H53,C53*E53))))))),2) -> 1.3 | J53: Cum | N53: SSR 20-21
B54: steps | C54: 1 | D54: x | E54: 3 | F54: 1.2 | G54: 0.6 | H54: 0.1 | I54: =ROUND(IF(AND(F54:H54),C54*E54*F54*G54*H54,IF(AND(F54,G54),C54*E54*F54*G54,IF(AND(F54,H54),C54*E54*F54*H54,IF(AND(G54,H54),C54*E54*G54*H54,IF(F54,C54*E54*F54,IF(G54,C54*E54*G54,IF(H54,C54*E54*H54,C54*E54))))))),2) -> 0.22 | J54: Cum | N54: SSR 20-21
N55: SSR 20-21
J56: Cum | K56: =data!G965 -> 139.55 | L56: SSR 20-21 | M56: =ROUND(I56*K56,0) -> 0 | N56: SSR 20-21
A57: 3 | B57: Engaging Unskilled Labour for Earth work excavation & depositing on bank with an initial lead & initial lift in Loamy, Clayey soils like BC Soils, Red Earth & Chodu Soils for Column Foundations RSSR | N57: SSR 21-22
B58: Qty.p.51 of M.B.No.478/A/ZP/19 | D58: 16.09.2021 | N58: SSR 21-22
B59: For steps | C59: 1 | D59: x | E59: 3 | F59: 1.2 | G59: 1 | H59: 0.1 | I59: =ROUND(IF(AND(F59:H59),C59*E59*F59*G59*H59,IF(AND(F59,G59),C59*E59*F59*G59,IF(AND(F59,H59),C59*E59*F59*H59,IF(AND(G59,H59),C59*E59*G59*H59,IF(F59,C59*E59*F59,IF(G59,C59*E59*G59,IF(H59,C59*E59*H59,C59*E59))))))),2) -> 0.36 | J59: Cum | N59: SSR 21-22
C60: 1 | D60: x | E60: 1 | F60: 1.1 | G60: 0.7 | H60: 0.1 | I60: =ROUND(IF(AND(F60:H60),C60*E60*F60*G60*H60,IF(AND(F60,G60),C60*E60*F60*G60,IF(AND(F60,H60),C60*E60*F60*H60,IF(AND(G60,H60),C60*E60*G60*H60,IF(F60,C60*E60*F60,IF(G60,C60*E60*G60,IF(H60,C60*E60*H60,C60*E60))))))),2) -> 0.08 | J60: Cum | N60: SSR 21-22
N61: SSR 21-22
J62: Cum | K62: =data!G1882 -> 144.26 | L62: SSR 21-22 | M62: =ROUND(I62*K62,0) -> 0 | N62: SSR 21-22
A63: 18 | B63: Engaging Unskilled Labour for Earth work excavation & depositing on bank with an initial lead & initial lift in Loamy, Clayey soils like BC Soils, Red Earth & Chodu Soils for Column Foundations RSSR | N63: SSR 22-23
B64: Qty.p.6 of M.B.No.790/A/ZP/19 | N64: SSR 22-23
C65: 1 | D65: x | E65: 1 | F65: 5.5 | G65: 0.5 | H65: 0.3 | I65: =ROUND(IF(AND(F65:H65),C65*E65*F65*G65*H65,IF(AND(F65,G65),C65*E65*F65*G65,IF(AND(F65,H65),C65*E65*F65*H65,IF(AND(G65,H65),C65*E65*G65*H65,IF(F65,C65*E65*F65,IF(G65,C65*E65*G65,IF(H65,C65*E65*H65,C65*E65))))))),2) -> 0.83 | J65: Cum | N65: SSR 22-23
C66: 1 | D66: x | E66: 2 | F66: 2.25 | G66: 0.5 | H66: 0.3 | I66: =ROUND(IF(AND(F66:H66),C66*E66*F66*G66*H66,IF(AND(F66,G66),C66*E66*F66*G66,IF(AND(F66,H66),C66*E66*F66*H66,IF(AND(G66,H66),C66*E66*G66*H66,IF(F66,C66*E66*F66,IF(G66,C66*E66*G66,IF(H66,C66*E66*H66,C66*E66))))))),2) -> 0.68 | J66: Cum | N66: SSR 22-23
C67: 1 | D67: x | E67: 1 | F67: 3.3 | G67: 0.5 | H67: 0.3 | I67: =ROUND(IF(AND(F67:H67),C67*E67*F67*G67*H67,IF(AND(F67,G67),C67*E67*F67*G67,IF(AND(F67,H67),C67*E67*F67*H67,IF(AND(G67,H67),C67*E67*G67*H67,IF(F67,C67*E67*F67,IF(G67,C67*E67*G67,IF(H67,C67*E67*H67,C67*E67))))))),2) -> 0.5 | J67: Cum | N67: SSR 22-23
C68: 1 | D68: x | E68: 1 | F68: 2.25 | G68: 0.5 | H68: 0.3 | I68: =ROUND(IF(AND(F68:H68),C68*E68*F68*G68*H68,IF(AND(F68,G68),C68*E68*F68*G68,IF(AND(F68,H68),C68*E68*F68*H68,IF(AND(G68,H68),C68*E68*G68*H68,IF(F68,C68*E68*F68,IF(G68,C68*E68*G68,IF(H68,C68*E68*H68,C68*E68))))))),2) -> 0.34 | J68: Cum | N68: SSR 22-23
C69: 1 | D69: x | E69: 1 | F69: 5.6 | G69: 1.2 | H69: 0.1 | I69: =ROUND(IF(AND(F69:H69),C69*E69*F69*G69*H69,IF(AND(F69,G69),C69*E69*F69*G69,IF(AND(F69,H69),C69*E69*F69*H69,IF(AND(G69,H69),C69*E69*G69*H69,IF(F69,C69*E69*F69,IF(G69,C69*E69*G69,IF(H69,C69*E69*H69,C69*E69))))))),2) -> 0.67 | J69: Cum | N69: SSR 22-23
C70: 1 | D70: x | E70: 1 | F70: 3.6 | G70: 1.8 | H70: 0.1 | I70: =ROUND(IF(AND(F70:H70),C70*E70*F70*G70*H70,IF(AND(F70,G70),C70*E70*F70*G70,IF(AND(F70,H70),C70*E70*F70*H70,IF(AND(G70,H70),C70*E70*G70*H70,IF(F70,C70*E70*F70,IF(G70,C70*E70*G70,IF(H70,C70*E70*H70,C70*E70))))))),2) -> 0.65 | J70: Cum | N70: SSR 22-23
N71: SSR 22-23
J72: Cum | K72: =data!G2799 -> 144.26 | L72: SSR 22-23 | M72: =ROUND(I72*K72,0) -> 0 | N72: SSR 22-23
A73: 2 | B73: Plain Cement Concrete (1:4:8) proportion Nominal mix for foundations using 40mm size SS-5 metal including c/c of all materials & labour charges, machine mixing & laying concrete in foundations ramming etc complete for Bed Concrete (APSS No 402) | N73: SSR 19-20
B74: Qty.p.2 & 3 of M.B.No.1198/B/ZP/18 | D74: 04.02.2021 | N74: SSR 19-20
B75: F1 Footings | C75: 1 | D75: x | E75: 3 | F75: 1.45 | G75: 1.45 | H75: 0.15 | I75: =ROUND(IF(AND(F75:H75),C75*E75*F75*G75*H75,IF(AND(F75,G75),C75*E75*F75*G75,IF(AND(F75,H75),C75*E75*F75*H75,IF(AND(G75,H75),C75*E75*G75*H75,IF(F75,C75*E75*F75,IF(G75,C75*E75*G75,IF(H75,C75*E75*H75,C75*E75))))))),2) -> 0.95 | J75: Cum | N75: SSR 19-20
B76: F2 Footings | C76: 1 | D76: x | E76: 9 | F76: 1.7 | G76: 1.7 | H76: 0.15 | I76: =ROUND(IF(AND(F76:H76),C76*E76*F76*G76*H76,IF(AND(F76,G76),C76*E76*F76*G76,IF(AND(F76,H76),C76*E76*F76*H76,IF(AND(G76,H76),C76*E76*G76*H76,IF(F76,C76*E76*F76,IF(G76,C76*E76*G76,IF(H76,C76*E76*H76,C76*E76))))))),2) -> 3.9 | J76: Cum | N76: SSR 19-20
B77: F3 Footings | C77: 1 | D77: x | E77: 3 | F77: 1.85 | G77: 1.85 | H77: 0.15 | I77: =ROUND(IF(AND(F77:H77),C77*E77*F77*G77*H77,IF(AND(F77,G77),C77*E77*F77*G77,IF(AND(F77,H77),C77*E77*F77*H77,IF(AND(G77,H77),C77*E77*G77*H77,IF(F77,C77*E77*F77,IF(G77,C77*E77*G77,IF(H77,C77*E77*H77,C77*E77))))))),2) -> 1.54 | J77: Cum | N77: SSR 19-20
B78: Qty.p.12 & 13 of M.B.No.1198/B/ZP/18 | D78: 05.03.2021 | N78: SSR 19-20
B79: long walls | C79: 1 | D79: x | E79: 2 | F79: 13.81 | G79: 0.5 | H79: 0.15 | I79: =ROUND(IF(AND(F79:H79),C79*E79*F79*G79*H79,IF(AND(F79,G79),C79*E79*F79*G79,IF(AND(F79,H79),C79*E79*F79*H79,IF(AND(G79,H79),C79*E79*G79*H79,IF(F79,C79*E79*F79,IF(G79,C79*E79*G79,IF(H79,C79*E79*H79,C79*E79))))))),2) -> 2.07 | J79: Cum | N79: SSR 19-20
B80: Cross wall | C80: 1 | D80: x | E80: 2 | F80: 5.66 | G80: 0.5 | H80: 0.15 | I80: =ROUND(IF(AND(F80:H80),C80*E80*F80*G80*H80,IF(AND(F80,G80),C80*E80*F80*G80,IF(AND(F80,H80),C80*E80*F80*H80,IF(AND(G80,H80),C80*E80*G80*H80,IF(F80,C80*E80*F80,IF(G80,C80*E80*G80,IF(H80,C80*E80*H80,C80*E80))))))),2) -> 0.85 | J80: Cum | N80: SSR 19-20
B81: Deduct columns | C81: 1 | D81: x | E81: 12 | F81: 0.23 | G81: 0.38 | H81: 0.15 | I81: =-ROUND(IF(AND(F81:H81),C81*E81*F81*G81*H81,IF(AND(F81,G81),C81*E81*F81*G81,IF(AND(F81,H81),C81*E81*F81*H81,IF(AND(G81,H81),C81*E81*G81*H81,IF(F81,C81*E81*F81,IF(G81,C81*E81*G81,IF(H81,C81*E81*H81,C81*E81))))))),2) -> -0.16 | J81: Cum | N81: SSR 19-20
B82: Qty.p.15 & 16 of M.B.No.1198/B/ZP/18 | D82: 15.03.2021 | N82: SSR 19-20
B83: PB 104 | C83: 1 | D83: x | E83: 1 | F83: 12.96 | G83: 0.38 | H83: 0.1 | I83: =ROUND(IF(AND(F83:H83),C83*E83*F83*G83*H83,IF(AND(F83,G83),C83*E83*F83*G83,IF(AND(F83,H83),C83*E83*F83*H83,IF(AND(G83,H83),C83*E83*G83*H83,IF(F83,C83*E83*F83,IF(G83,C83*E83*G83,IF(H83,C83*E83*H83,C83*E83))))))),2) -> 0.49 | J83: Cum | N83: SSR 19-20
B84: PB 109 | C84: 1 | D84: x | E84: 1 | F84: 5.81 | G84: 0.38 | H84: 0.1 | I84: =ROUND(IF(AND(F84:H84),C84*E84*F84*G84*H84,IF(AND(F84,G84),C84*E84*F84*G84,IF(AND(F84,H84),C84*E84*F84*H84,IF(AND(G84,H84),C84*E84*G84*H84,IF(F84,C84*E84*F84,IF(G84,C84*E84*G84,IF(H84,C84*E84*H84,C84*E84))))))),2) -> 0.22 | J84: Cum | N84: SSR 19-20
B85: Deduct cross columns | C85: 1 | D85: x | E85: 1 | F85: 0.23 | G85: 0.38 | H85: 0.1 | I85: =ROUND(IF(AND(F85:H85),C85*E85*F85*G85*H85,IF(AND(F85,G85),C85*E85*F85*G85,IF(AND(F85,H85),C85*E85*F85*H85,IF(AND(G85,H85),C85*E85*G85*H85,IF(F85,C85*E85*F85,IF(G85,C85*E85*G85,IF(H85,C85*E85*H85,C85*E85))))))),2) -> 0.01 | J85: Cum | N85: SSR 19-20
B86: Under PB 107 108 110 111 | C86: 1 | D86: x | E86: 4 | F86: 2.64 | G86: 0.38 | H86: 0.1 | I86: =ROUND(IF(AND(F86:H86),C86*E86*F86*G86*H86,IF(AND(F86,G86),C86*E86*F86*G86,IF(AND(F86,H86),C86*E86*F86*H86,IF(AND(G86,H86),C86*E86*G86*H86,IF(F86,C86*E86*F86,IF(G86,C86*E86*G86,IF(H86,C86*E86*H86,C86*E86))))))),2) -> 0.4 | J86: Cum | N86: SSR 19-20
B87: Pb 102 103 | C87: 1 | D87: x | E87: 2 | F87: 1.21 | G87: 0.38 | H87: 0.1 | I87: =ROUND(IF(AND(F87:H87),C87*E87*F87*G87*H87,IF(AND(F87,G87),C87*E87*F87*G87,IF(AND(F87,H87),C87*E87*F87*H87,IF(AND(G87,H87),C87*E87*G87*H87,IF(F87,C87*E87*F87,IF(G87,C87*E87*G87,IF(H87,C87*E87*H87,C87*E87))))))),2) -> 0.09 | J87: Cum | N87: SSR 19-20
B88: Qty.p.3 & 4 of M.B.No.604/B/ZP/20 | D88: 09.06.2021 | N88: SSR 19-20
B89: Examination room | C89: 1 | D89: x | E89: 1 | F89: 2.895 | G89: 2.82 | H89: 0.1 | I89: =ROUND(IF(AND(F89:H89),C89*E89*F89*G89*H89,IF(AND(F89,G89),C89*E89*F89*G89,IF(AND(F89,H89),C89*E89*F89*H89,IF(AND(G89,H89),C89*E89*G89*H89,IF(F89,C89*E89*F89,IF(G89,C89*E89*G89,IF(H89,C89*E89*H89,C89*E89))))))),2) -> 0.82 | J89: Cum | N89: SSR 19-20
B90: Tiolet room | C90: 1 | D90: x | E90: 1 | F90: 1.36 | G90: 2.82 | H90: 0.1 | I90: =ROUND(IF(AND(F90:H90),C90*E90*F90*G90*H90,IF(AND(F90,G90),C90*E90*F90*G90,IF(AND(F90,H90),C90*E90*F90*H90,IF(AND(G90,H90),C90*E90*G90*H90,IF(F90,C90*E90*F90,IF(G90,C90*E90*G90,IF(H90,C90*E90*H90,C90*E90))))))),2) -> 0.38 | J90: Cum | N90: SSR 19-20
B91: Lab and store room | C91: 1 | D91: x | E91: 1 | F91: 2.34 | G91: 2.82 | H91: 0.1 | I91: =ROUND(IF(AND(F91:H91),C91*E91*F91*G91*H91,IF(AND(F91,G91),C91*E91*F91*G91,IF(AND(F91,H91),C91*E91*F91*H91,IF(AND(G91,H91),C91*E91*G91*H91,IF(F91,C91*E91*F91,IF(G91,C91*E91*G91,IF(H91,C91*E91*H91,C91*E91))))))),2) -> 0.66 | J91: Cum | N91: SSR 19-20
B92: Bed room | C92: 1 | D92: x | E92: 1 | F92: 2.75 | G92: 2.82 | H92: 0.1 | I92: =ROUND(IF(AND(F92:H92),C92*E92*F92*G92*H92,IF(AND(F92,G92),C92*E92*F92*G92,IF(AND(F92,H92),C92*E92*F92*H92,IF(AND(G92,H92),C92*E92*G92*H92,IF(F92,C92*E92*F92,IF(G92,C92*E92*G92,IF(H92,C92*E92*H92,C92*E92))))))),2) -> 0.78 | J92: Cum | N92: SSR 19-20
B93: Tiolet room | C93: 1 | D93: x | E93: 1 | F93: 1.36 | G93: 2.82 | H93: 0.1 | I93: =ROUND(IF(AND(F93:H93),C93*E93*F93*G93*H93,IF(AND(F93,G93),C93*E93*F93*G93,IF(AND(F93,H93),C93*E93*F93*H93,IF(AND(G93,H93),C93*E93*G93*H93,IF(F93,C93*E93*F93,IF(G93,C93*E93*G93,IF(H93,C93*E93*H93,C93*E93))))))),2) -> 0.38 | J93: Cum | N93: SSR 19-20
B94: Kitchen | C94: 1 | D94: x | E94: 1 | F94: 1.83 | G94: 2.82 | H94: 0.1 | I94: =ROUND(IF(AND(F94:H94),C94*E94*F94*G94*H94,IF(AND(F94,G94),C94*E94*F94*G94,IF(AND(F94,H94),C94*E94*F94*H94,IF(AND(G94,H94),C94*E94*G94*H94,IF(F94,C94*E94*F94,IF(G94,C94*E94*G94,IF(H94,C94*E94*H94,C94*E94))))))),2) -> 0.52 | J94: Cum | N94: SSR 19-20
B95: Clinic and lab | C95: 1 | D95: x | E95: 1 | F95: 6.67 | G95: 3 | H95: 0.1 | I95: =ROUND(IF(AND(F95:H95),C95*E95*F95*G95*H95,IF(AND(F95,G95),C95*E95*F95*G95,IF(AND(F95,H95),C95*E95*F95*H95,IF(AND(G95,H95),C95*E95*G95*H95,IF(F95,C95*E95*F95,IF(G95,C95*E95*G95,IF(H95,C95*E95*H95,C95*E95))))))),2) -> 2 | J95: Cum | N95: SSR 19-20
B96: Living room | C96: 1 | D96: x | E96: 1 | F96: 6.17 | G96: 3 | H96: 0.1 | I96: =ROUND(IF(AND(F96:H96),C96*E96*F96*G96*H96,IF(AND(F96,G96),C96*E96*F96*G96,IF(AND(F96,H96),C96*E96*F96*H96,IF(AND(G96,H96),C96*E96*G96*H96,IF(F96,C96*E96*F96,IF(G96,C96*E96*G96,IF(H96,C96*E96*H96,C96*E96))))))),2) -> 1.85 | J96: Cum | N96: SSR 19-20
B97: Qty.p.2 & 3 of M.B.No.111/A/ZP/22 | D97: 15.11.2023 | N97: SSR 19-20
B98: Verandah | C98: 1 | D98: x | E98: 1 | F98: 1.2 | G98: 0.35 | H98: 0.1 | I98: =ROUND(IF(AND(F98:H98),C98*E98*F98*G98*H98,IF(AND(F98,G98),C98*E98*F98*G98,IF(AND(F98,H98),C98*E98*F98*H98,IF(AND(G98,H98),C98*E98*G98*H98,IF(F98,C98*E98*F98,IF(G98,C98*E98*G98,IF(H98,C98*E98*H98,C98*E98))))))),2) -> 0.04 | J98: Cum | N98: SSR 19-20
C99: 1 | D99: x | E99: 1 | F99: 4.67 | G99: 0.35 | H99: 0.1 | I99: =ROUND(IF(AND(F99:H99),C99*E99*F99*G99*H99,IF(AND(F99,G99),C99*E99*F99*G99,IF(AND(F99,H99),C99*E99*F99*H99,IF(AND(G99,H99),C99*E99*G99*H99,IF(F99,C99*E99*F99,IF(G99,C99*E99*G99,IF(H99,C99*E99*H99,C99*E99))))))),2) -> 0.16 | J99: Cum | N99: SSR 19-20
C100: 1 | D100: x | E100: 1 | F100: 12.5 | G100: 0.35 | H100: 0.1 | I100: =ROUND(IF(AND(F100:H100),C100*E100*F100*G100*H100,IF(AND(F100,G100),C100*E100*F100*G100,IF(AND(F100,H100),C100*E100*F100*H100,IF(AND(G100,H100),C100*E100*G100*H100,IF(F100,C100*E100*F100,IF(G100,C100*E100*G100,IF(H100,C100*E100*H100,C100*E100))))))),2) -> 0.44 | J100: Cum | N100: SSR 19-20
...

Sheet FF
A1: WORKING ESTIMATE
A2: Name of the work | C2: ='lead 19-20'!C2 -> Providing Additional Space for Health Staff in Grama Sachivalayam of Baduguleru GP of Kanigiri Mandal
A3: Name of the Sub work | C3: Construction of First Floor
A5: S.No | B5: Description of Item | C5: No | F5: Measurements | I5: Quantity | K5: Rate | L5: Per | M5: Amount
F6: L | G6: B | H6: D
A7: 1 | B7: 2 | C7: 3 | F7: 4 | G7: 5 | H7: 6 | I7: 7 | K7: 8 | L7: 9 | M7: 10
A8: 1 | B8: Reinforced Cement Concrete M25 Nominal mix (Cement: Sand: Metal) corresponding Table 9 of IS 456 using 20mm size graded machine crushed hard granite metal from approved quarry including c/c of all materials like Cement, Sand, coarse aggregate, water etc to site, all marerials including labour charges such as machine mixing, laying concrete, curing etc complete but excluding cost of steel and its fabrication charges for finished item of work for Columns etc., complete | N8: SSR 19-20
B9: Qty.p.20 of M.B.No.605/B/ZP/20 | D9: 21.06.2022 | N9: SSR 19-20
C10: 1 | D10: x | E10: 2 | F10: 0.23 | G10: 0.38 | H10: 1.2 | I10: =ROUND(IF(AND(F10:H10),C10*E10*F10*G10*H10,IF(AND(F10,G10),C10*E10*F10*G10,IF(AND(F10,H10),C10*E10*F10*H10,IF(AND(G10,H10),C10*E10*G10*H10,IF(F10,C10*E10*F10,IF(G10,C10*E10*G10,IF(H10,C10*E10*H10,C10*E10))))))),2) -> 0.21 | J10: Cum | N10: SSR 19-20
C11: 1 | D11: x | E11: 3 | F11: 0.23 | G11: 0.38 | H11: 2.87 | I11: =ROUND(IF(AND(F11:H11),C11*E11*F11*G11*H11,IF(AND(F11,G11),C11*E11*F11*G11,IF(AND(F11,H11),C11*E11*F11*H11,IF(AND(G11,H11),C11*E11*G11*H11,IF(F11,C11*E11*F11,IF(G11,C11*E11*G11,IF(H11,C11*E11*H11,C11*E11))))))),2) -> 0.75 | J11: Cum | N11: SSR 19-20
C12: 1 | D12: x | E12: 10 | F12: 0.23 | G12: 0.38 | H12: 2.8 | I12: =ROUND(IF(AND(F12:H12),C12*E12*F12*G12*H12,IF(AND(F12,G12),C12*E12*F12*G12,IF(AND(F12,H12),C12*E12*F12*H12,IF(AND(G12,H12),C12*E12*G12*H12,IF(F12,C12*E12*F12,IF(G12,C12*E12*G12,IF(H12,C12*E12*H12,C12*E12))))))),2) -> 2.45 | J12: Cum | N12: SSR 19-20
B13: Qty.p.23 of M.B.No.605/B/ZP/20 | D13: 01.07.22 | N13: SSR 19-20
C14: 1 | D14: x | E14: 2 | F14: 0.23 | G14: 0.38 | H14: 1.22 | I14: =ROUND(IF(AND(F14:H14),C14*E14*F14*G14*H14,IF(AND(F14,G14),C14*E14*F14*G14,IF(AND(F14,H14),C14*E14*F14*H14,IF(AND(G14,H14),C14*E14*G14*H14,IF(F14,C14*E14*F14,IF(G14,C14*E14*G14,IF(H14,C14*E14*H14,C14*E14))))))),2) -> 0.21 | J14: Cum | N14: SSR 19-20
N15: SSR 19-20
J16: Cum | K16: =data!F155 -> 9806.81 | L16: SSR 19-20 | M16: =ROUND(I16*K16,0) -> 0 | N16: SSR 19-20
A17: 1 | B17: Reinforced Cement Concrete M25 Nominal mix (Cement: Sand: Metal) corresponding Table 9 of IS 456 using 20mm size graded machine crushed hard granite metal from approved quarry including c/c of all materials like Cement, Sand, coarse aggregate, water etc to site, all marerials including labour charges such as machine mixing, laying concrete, curing etc complete but excluding cost of steel and its fabrication charges for finished item of work for Columns etc., complete | N17: SSR 20-21
B18: Qty.p.14 of M.B.No.441/A/ZP/19 | N18: SSR 20-21
B19: Dummy columns | C19: 1 | D19: x | E19: 11 | F19: 0.36 | G19: 0.48 | H19: 0.05 | I19: =ROUND(IF(AND(F19:H19),C19*E19*F19*G19*H19,IF(AND(F19,G19),C19*E19*F19*G19,IF(AND(F19,H19),C19*E19*F19*H19,IF(AND(G19,H19),C19*E19*G19*H19,IF(F19,C19*E19*F19,IF(G19,C19*E19*G19,IF(H19,C19*E19*H19,C19*E19))))))),2) -> 0.1 | J19: Cum | N19: SSR 20-21
N20: SSR 20-21
J21: Cum | K21: =data!F1071 -> 10177.17 | L21: SSR 20-21 | M21: =ROUND(I21*K21,0) -> 0 | N21: SSR 20-21
A22: 1 | B22: Reinforced Cement Concrete M25 Nominal mix (Cement: Sand: Metal) corresponding Table 9 of IS 456 using 20mm size graded machine crushed hard granite metal from approved quarry including c/c of all materials like Cement, Sand, coarse aggregate, water etc to site, all marerials including labour charges such as machine mixing, laying concrete, curing etc complete but excluding cost of steel and its fabrication charges for finished item of work for Columns etc., complete | N22: SSR 21-22
B23: Qty.p.20 of M.B.No.605/B/ZP/20 | N23: SSR 21-22
C24: 1 | D24: x | E24: 2 | F24: 0.23 | G24: 0.38 | H24: 1.2 | I24: =ROUND(IF(AND(F24:H24),C24*E24*F24*G24*H24,IF(AND(F24,G24),C24*E24*F24*G24,IF(AND(F24,H24),C24*E24*F24*H24,IF(AND(G24,H24),C24*E24*G24*H24,IF(F24,C24*E24*F24,IF(G24,C24*E24*G24,IF(H24,C24*E24*H24,C24*E24))))))),2) -> 0.21 | J24: Cum | N24: SSR 21-22
C25: 1 | D25: x | E25: 3 | F25: 0.23 | G25: 0.38 | H25: 2.87 | I25: =ROUND(IF(AND(F25:H25),C25*E25*F25*G25*H25,IF(AND(F25,G25),C25*E25*F25*G25,IF(AND(F25,H25),C25*E25*F25*H25,IF(AND(G25,H25),C25*E25*G25*H25,IF(F25,C25*E25*F25,IF(G25,C25*E25*G25,IF(H25,C25*E25*H25,C25*E25))))))),2) -> 0.75 | J25: Cum | N25: SSR 21-22
C26: 1 | D26: x | E26: 10 | F26: 0.23 | G26: 0.38 | H26: 2.8 | I26: =ROUND(IF(AND(F26:H26),C26*E26*F26*G26*H26,IF(AND(F26,G26),C26*E26*F26*G26,IF(AND(F26,H26),C26*E26*F26*H26,IF(AND(G26,H26),C26*E26*G26*H26,IF(F26,C26*E26*F26,IF(G26,C26*E26*G26,IF(H26,C26*E26*H26,C26*E26))))))),2) -> 2.45 | J26: Cum | N26: SSR 21-22
B27: Qty.p.23 of M.B.No.605/B/ZP/20 | N27: SSR 21-22
C28: 1 | D28: x | E28: 2 | F28: 0.23 | G28: 0.38 | H28: 1.22 | I28: =ROUND(IF(AND(F28:H28),C28*E28*F28*G28*H28,IF(AND(F28,G28),C28*E28*F28*G28,IF(AND(F28,H28),C28*E28*F28*H28,IF(AND(G28,H28),C28*E28*G28*H28,IF(F28,C28*E28*F28,IF(G28,C28*E28*G28,IF(H28,C28*E28*H28,C28*E28))))))),2) -> 0.21 | J28: Cum | N28: SSR 21-22
N29: SSR 21-22
J30: Cum | K30: =data!F1988 -> 10761.36 | L30: SSR 21-22 | M30: =ROUND(I30*K30,0) -> 0 | N30: SSR 21-22
A31: 1 | B31: Reinforced Cement Concrete M25 Nominal mix (Cement: Sand: Metal) corresponding Table 9 of IS 456 using 20mm size graded machine crushed hard granite metal from approved quarry including c/c of all materials like Cement, Sand, coarse aggregate, water etc to site, all marerials including labour charges such as machine mixing, laying concrete, curing etc complete but excluding cost of steel and its fabrication charges for finished item of work for Columns etc., complete | N31: SSR 22-23
B32: Qty.p.14 of M.B.No.441/A/ZP/19 | N32: SSR 22-23
B33: Dummy columns | C33: 1 | D33: x | E33: 11 | F33: 0.36 | G33: 0.48 | H33: 0.05 | I33: =ROUND(IF(AND(F33:H33),C33*E33*F33*G33*H33,IF(AND(F33,G33),C33*E33*F33*G33,IF(AND(F33,H33),C33*E33*F33*H33,IF(AND(G33,H33),C33*E33*G33*H33,IF(F33,C33*E33*F33,IF(G33,C33*E33*G33,IF(H33,C33*E33*H33,C33*E33))))))),2) -> 0.1 | J33: Cum | N33: SSR 22-23
N34: SSR 22-23
J35: Cum | K35: =data!F2905 -> 11192.01 | L35: SSR 22-23 | M35: =ROUND(I35*K35,0) -> 0 | N35: SSR 22-23
A36: 2 | B36: ~do~ for Beams etc., complete | N36: SSR 19-20
B37: Qty.p.23 of M.B.No.605/B/ZP/20 | D37: 01.07.22 | N37: SSR 19-20
C38: 1 | D38: x | E38: 1 | F38: 2.72 | G38: 0.23 | H38: 0.3 | I38: =ROUND(IF(AND(F38:H38),C38*E38*F38*G38*H38,IF(AND(F38,G38),C38*E38*F38*G38,IF(AND(F38,H38),C38*E38*F38*H38,IF(AND(G38,H38),C38*E38*G38*H38,IF(F38,C38*E38*F38,IF(G38,C38*E38*G38,IF(H38,C38*E38*H38,C38*E38))))))),2) -> 0.19 | J38: Cum | N38: SSR 19-20
B39: Extra beam | C39: 1 | D39: x | E39: 2 | F39: 1 | G39: 0.23 | H39: 0.3 | I39: =ROUND(IF(AND(F39:H39),C39*E39*F39*G39*H39,IF(AND(F39,G39),C39*E39*F39*G39,IF(AND(F39,H39),C39*E39*F39*H39,IF(AND(G39,H39),C39*E39*G39*H39,IF(F39,C39*E39*F39,IF(G39,C39*E39*G39,IF(H39,C39*E39*H39,C39*E39))))))),2) -> 0.14 | J39: Cum | N39: SSR 19-20
B40: Qty.p.33 of M.B.No.605/B/ZP/20 | D40: 06.07.22 | N40: SSR 19-20
B41: FB 201 | C41: 1 | D41: x | E41: 1 | F41: 3.27 | G41: 0.23 | H41: 0.3 | I41: =ROUND(IF(AND(F41:H41),C41*E41*F41*G41*H41,IF(AND(F41,G41),C41*E41*F41*G41,IF(AND(F41,H41),C41*E41*F41*H41,IF(AND(G41,H41),C41*E41*G41*H41,IF(F41,C41*E41*F41,IF(G41,C41*E41*G41,IF(H41,C41*E41*H41,C41*E41))))))),2) -> 0.23 | J41: Cum | N41: SSR 19-20
C42: 1 | D42: x | E42: 1 | F42: 5.45 | G42: 0.23 | H42: 0.38 | I42: =ROUND(IF(AND(F42:H42),C42*E42*F42*G42*H42,IF(AND(F42,G42),C42*E42*F42*G42,IF(AND(F42,H42),C42*E42*F42*H42,IF(AND(G42,H42),C42*E42*G42*H42,IF(F42,C42*E42*F42,IF(G42,C42*E42*G42,IF(H42,C42*E42*H42,C42*E42))))))),2) -> 0.48 | J42: Cum | N42: SSR 19-20
B43: FB 202 | C43: 1 | D43: x | E43: 1 | F43: 3.27 | G43: 0.23 | H43: 0.3 | I43: =ROUND(IF(AND(F43:H43),C43*E43*F43*G43*H43,IF(AND(F43,G43),C43*E43*F43*G43,IF(AND(F43,H43),C43*E43*F43*H43,IF(AND(G43,H43),C43*E43*G43*H43,IF(F43,C43*E43*F43,IF(G43,C43*E43*G43,IF(H43,C43*E43*H43,C43*E43))))))),2) -> 0.23 | J43: Cum | N43: SSR 19-20
C44: 1 | D44: x | E44: 1 | F44: 5.45 | G44: 0.23 | H44: 0.38 | I44: =ROUND(IF(AND(F44:H44),C44*E44*F44*G44*H44,IF(AND(F44,G44),C44*E44*F44*G44,IF(AND(F44,H44),C44*E44*F44*H44,IF(AND(G44,H44),C44*E44*G44*H44,IF(F44,C44*E44*F44,IF(G44,C44*E44*G44,IF(H44,C44*E44*H44,C44*E44))))))),2) -> 0.48 | J44: Cum | N44: SSR 19-20
B45: FB 203 | C45: 1 | D45: x | E45: 1 | F45: 3.27 | G45: 0.23 | H45: 0.3 | I45: =ROUND(IF(AND(F45:H45),C45*E45*F45*G45*H45,IF(AND(F45,G45),C45*E45*F45*G45,IF(AND(F45,H45),C45*E45*F45*H45,IF(AND(G45,H45),C45*E45*G45*H45,IF(F45,C45*E45*F45,IF(G45,C45*E45*G45,IF(H45,C45*E45*H45,C45*E45))))))),2) -> 0.23 | J45: Cum | N45: SSR 19-20
C46: 1 | D46: x | E46: 1 | F46: 5.45 | G46: 0.23 | H46: 0.38 | I46: =ROUND(IF(AND(F46:H46),C46*E46*F46*G46*H46,IF(AND(F46,G46),C46*E46*F46*G46,IF(AND(F46,H46),C46*E46*F46*H46,IF(AND(G46,H46),C46*E46*G46*H46,IF(F46,C46*E46*F46,IF(G46,C46*E46*G46,IF(H46,C46*E46*H46,C46*E46))))))),2) -> 0.48 | J46: Cum | N46: SSR 19-20
B47: FB 204 | C47: 1 | D47: x | E47: 1 | F47: 4.27 | G47: 0.23 | H47: 0.3 | I47: =ROUND(IF(AND(F47:H47),C47*E47*F47*G47*H47,IF(AND(F47,G47),C47*E47*F47*G47,IF(AND(F47,H47),C47*E47*F47*H47,IF(AND(G47,H47),C47*E47*G47*H47,IF(F47,C47*E47*F47,IF(G47,C47*E47*G47,IF(H47,C47*E47*H47,C47*E47))))))),2) -> 0.29 | J47: Cum | N47: SSR 19-20
C48: 1 | D48: x | E48: 1 | F48: 5.45 | G48: 0.23 | H48: 0.38 | I48: =ROUND(IF(AND(F48:H48),C48*E48*F48*G48*H48,IF(AND(F48,G48),C48*E48*F48*G48,IF(AND(F48,H48),C48*E48*F48*H48,IF(AND(G48,H48),C48*E48*G48*H48,IF(F48,C48*E48*F48,IF(G48,C48*E48*G48,IF(H48,C48*E48*H48,C48*E48))))))),2) -> 0.48 | J48: Cum | N48: SSR 19-20
B49: FB 205 | C49: 1 | D49: x | E49: 1 | F49: 4.27 | G49: 0.23 | H49: 0.3 | I49: =ROUND(IF(AND(F49:H49),C49*E49*F49*G49*H49,IF(AND(F49,G49),C49*E49*F49*G49,IF(AND(F49,H49),C49*E49*F49*H49,IF(AND(G49,H49),C49*E49*G49*H49,IF(F49,C49*E49*F49,IF(G49,C49*E49*G49,IF(H49,C49*E49*H49,C49*E49))))))),2) -> 0.29 | J49: Cum | N49: SSR 19-20
C50: 1 | D50: x | E50: 1 | F50: 5.45 | G50: 0.23 | H50: 0.38 | I50: =ROUND(IF(AND(F50:H50),C50*E50*F50*G50*H50,IF(AND(F50,G50),C50*E50*F50*G50,IF(AND(F50,H50),C50*E50*F50*H50,IF(AND(G50,H50),C50*E50*G50*H50,IF(F50,C50*E50*F50,IF(G50,C50*E50*G50,IF(H50,C50*E50*H50,C50*E50))))))),2) -> 0.48 | J50: Cum | N50: SSR 19-20
B51: FB 206 | C51: 1 | D51: x | E51: 1 | F51: 2.72 | G51: 0.23 | H51: 0.38 | I51: =ROUND(IF(AND(F51:H51),C51*E51*F51*G51*H51,IF(AND(F51,G51),C51*E51*F51*G51,IF(AND(F51,H51),C51*E51*F51*H51,IF(AND(G51,H51),C51*E51*G51*H51,IF(F51,C51*E51*F51,IF(G51,C51*E51*G51,IF(H51,C51*E51*H51,C51*E51))))))),2) -> 0.24 | J51: Cum | N51: SSR 19-20
B52: FB 207 | C52: 1 | D52: x | E52: 1 | F52: 10.42 | G52: 0.23 | H52: 0.3 | I52: =ROUND(IF(AND(F52:H52),C52*E52*F52*G52*H52,IF(AND(F52,G52),C52*E52*F52*G52,IF(AND(F52,H52),C52*E52*F52*H52,IF(AND(G52,H52),C52*E52*G52*H52,IF(F52,C52*E52*F52,IF(G52,C52*E52*G52,IF(H52,C52*E52*H52,C52*E52))))))),2) -> 0.72 | J52: Cum | N52: SSR 19-20
B53: Deduct column | C53: 1 | D53: x | E53: 5 | F53: 0.23 | G53: 0.23 | H53: 0.3 | I53: =-ROUND(IF(AND(F53:H53),C53*E53*F53*G53*H53,IF(AND(F53,G53),C53*E53*F53*G53,IF(AND(F53,H53),C53*E53*F53*H53,IF(AND(G53,H53),C53*E53*G53*H53,IF(F53,C53*E53*F53,IF(G53,C53*E53*G53,IF(H53,C53*E53*H53,C53*E53))))))),2) -> -0.08 | J53: Cum | N53: SSR 19-20
B54: FB 208 | C54: 1 | D54: x | E54: 1 | F54: 13.37 | G54: 0.23 | H54: 0.3 | I54: =ROUND(IF(AND(F54:H54),C54*E54*F54*G54*H54,IF(AND(F54,G54),C54*E54*F54*G54,IF(AND(F54,H54),C54*E54*F54*H54,IF(AND(G54,H54),C54*E54*G54*H54,IF(F54,C54*E54*F54,IF(G54,C54*E54*G54,IF(H54,C54*E54*H54,C54*E54))))))),2) -> 0.92 | J54: Cum | N54: SSR 19-20
B55: Deduct column | C55: 1 | D55: x | E55: 5 | F55: 0.23 | G55: 0.23 | H55: 0.3 | I55: =-ROUND(IF(AND(F55:H55),C55*E55*F55*G55*H55,IF(AND(F55,G55),C55*E55*F55*G55,IF(AND(F55,H55),C55*E55*F55*H55,IF(AND(G55,H55),C55*E55*G55*H55,IF(F55,C55*E55*F55,IF(G55,C55*E55*G55,IF(H55,C55*E55*H55,C55*E55))))))),2) -> -0.08 | J55: Cum | N55: SSR 19-20
B56: FB 209 | C56: 1 | D56: x | E56: 1 | F56: 13.37 | G56: 0.23 | H56: 0.3 | I56: =ROUND(IF(AND(F56:H56),C56*E56*F56*G56*H56,IF(AND(F56,G56),C56*E56*F56*G56,IF(AND(F56,H56),C56*E56*F56*H56,IF(AND(G56,H56),C56*E56*G56*H56,IF(F56,C56*E56*F56,IF(G56,C56*E56*G56,IF(H56,C56*E56*H56,C56*E56))))))),2) -> 0.92 | J56: Cum | N56: SSR 19-20
B57: Deduct column | C57: 1 | D57: x | E57: 5 | F57: 0.23 | G57: 0.23 | H57: 0.3 | I57: =-ROUND(IF(AND(F57:H57),C57*E57*F57*G57*H57,IF(AND(F57,G57),C57*E57*F57*G57,IF(AND(F57,H57),C57*E57*F57*H57,IF(AND(G57,H57),C57*E57*G57*H57,IF(F57,C57*E57*F57,IF(G57,C57*E57*G57,IF(H57,C57*E57*H57,C57*E57))))))),2) -> -0.08 | J57: Cum | N57: SSR 19-20
N58: SSR 19-20
J59: Cum | K59: =data!F182 -> 9468.13 | L59: SSR 19-20 | M59: =ROUND(I59*K59,0) -> 0 | N59: SSR 19-20
A60: 2 | B60: ~do~ for Beams etc., complete | N60: SSR 20-21
B61: Qty.p.44 of M.B.No.441/A/ZP/19 | N61: SSR 20-21
B62: Mid landing beam-1 | C62: 1 | D62: x | E62: 1 | F62: 2.72 | G62: 0.23 | H62: 0.3 | I62: =ROUND(IF(AND(F62:H62),C62*E62*F62*G62*H62,IF(AND(F62,G62),C62*E62*F62*G62,IF(AND(F62,H62),C62*E62*F62*H62,IF(AND(G62,H62),C62*E62*G62*H62,IF(F62,C62*E62*F62,IF(G62,C62*E62*G62,IF(H62,C62*E62*H62,C62*E62))))))),2) -> 0.19 | J62: Cum | N62: SSR 20-21
B63: Mid landing beam-2 | C63: 1 | D63: x | E63: 2 | F63: 1 | G63: 0.23 | H63: 0.3 | I63: =ROUND(IF(AND(F63:H63),C63*E63*F63*G63*H63,IF(AND(F63,G63),C63*E63*F63*G63,IF(AND(F63,H63),C63*E63*F63*H63,IF(AND(G63,H63),C63*E63*G63*H63,IF(F63,C63*E63*F63,IF(G63,C63*E63*G63,IF(H63,C63*E63*H63,C63*E63))))))),2) -> 0.14 | J63: Cum | N63: SSR 20-21
B64: Steps for 1st flight | C64: 11 | D64: x | E64: 0.5 | F64: 1.3 | G64: 0.3 | H64: 0.15 | I64: =ROUND(IF(AND(F64:H64),C64*E64*F64*G64*H64,IF(AND(F64,G64),C64*E64*F64*G64,IF(AND(F64,H64),C64*E64*F64*H64,IF(AND(G64,H64),C64*E64*G64*H64,IF(F64,C64*E64*F64,IF(G64,C64*E64*G64,IF(H64,C64*E64*H64,C64*E64))))))),2) -> 0.32 | J64: Cum | N64: SSR 20-21
B65: Qty.p.52 of M.B.No.441/A/ZP/19 | N65: SSR 20-21
B66: FB 201, 202 | C66: 1 | D66: x | E66: 5 | F66: 3.16 | G66: 0.23 | H66: 0.3 | I66: =ROUND(IF(AND(F66:H66),C66*E66*F66*G66*H66,IF(AND(F66,G66),C66*E66*F66*G66,IF(AND(F66,H66),C66*E66*F66*H66,IF(AND(G66,H66),C66*E66*G66*H66,IF(F66,C66*E66*F66,IF(G66,C66*E66*G66,IF(H66,C66*E66*H66,C66*E66))))))),2) -> 1.09 | J66: Cum | N66: SSR 20-21
B67: FB 203, 204, 205 | C67: 1 | D67: x | E67: 5 | F67: 4.99 | G67: 0.23 | H67: 0.38 | I67: =ROUND(IF(AND(F67:H67),C67*E67*F67*G67*H67,IF(AND(F67,G67),C67*E67*F67*G67,IF(AND(F67,H67),C67*E67*F67*H67,IF(AND(G67,H67),C67*E67*G67*H67,IF(F67,C67*E67*F67,IF(G67,C67*E67*G67,IF(H67,C67*E67*H67,C67*E67))))))),2) -> 2.18 | J67: Cum | N67: SSR 20-21
B68: FB 208, 209 | C68: 1 | D68: x | E68: 2 | F68: 12.475 | G68: 0.23 | H68: 0.3 | I68: =ROUND(IF(AND(F68:H68),C68*E68*F68*G68*H68,IF(AND(F68,G68),C68*E68*F68*G68,IF(AND(F68,H68),C68*E68*F68*H68,IF(AND(G68,H68),C68*E68*G68*H68,IF(F68,C68*E68*F68,IF(G68,C68*E68*G68,IF(H68,C68*E68*H68,C68*E68))))))),2) -> 1.72 | J68: Cum | N68: SSR 20-21
B69: FB 207 | C69: 1 | D69: x | E69: 1 | F69: 9.52 | G69: 0.23 | H69: 0.3 | I69: =ROUND(IF(AND(F69:H69),C69*E69*F69*G69*H69,IF(AND(F69,G69),C69*E69*F69*G69,IF(AND(F69,H69),C69*E69*F69*H69,IF(AND(G69,H69),C69*E69*G69*H69,IF(F69,C69*E69*F69,IF(G69,C69*E69*G69,IF(H69,C69*E69*H69,C69*E69))))))),2) -> 0.66 | J69: Cum | N69: SSR 20-21
B70: FB 206 | C70: 1 | D70: x | E70: 1 | F70: 4.95 | G70: 0.23 | H70: 0.3 | I70: =ROUND(IF(AND(F70:H70),C70*E70*F70*G70*H70,IF(AND(F70,G70),C70*E70*F70*G70,IF(AND(F70,H70),C70*E70*F70*H70,IF(AND(G70,H70),C70*E70*G70*H70,IF(F70,C70*E70*F70,IF(G70,C70*E70*G70,IF(H70,C70*E70*H70,C70*E70))))))),2) -> 0.34 | J70: Cum | N70: SSR 20-21
B71: Qty.p.55 of M.B.No.441/A/ZP/19 | N71: SSR 20-21
B72: Steps for 1st flight | C72: 11 | D72: x | E72: 0.5 | F72: 1.3 | G72: 0.3 | H72: 0.15 | I72: =ROUND(IF(AND(F72:H72),C72*E72*F72*G72*H72,IF(AND(F72,G72),C72*E72*F72*G72,IF(AND(F72,H72),C72*E72*F72*H72,IF(AND(G72,H72),C72*E72*G72*H72,IF(F72,C72*E72*F72,IF(G72,C72*E72*G72,IF(H72,C72*E72*H72,C72*E72))))))),2) -> 0.32 | J72: Cum | N72: SSR 20-21
N73: SSR 20-21
J74: Cum | K74: =data!F1098 -> 9694.16 | L74: SSR 20-21 | M74: =ROUND(I74*K74,0) -> 0 | N74: SSR 20-21
A75: 2 | B75: ~do~ for Beams etc., complete | N75: SSR 21-22
B76: Qty.p.23 of M.B.No.605/B/ZP/20 | N76: SSR 21-22
C77: 1 | D77: x | E77: 1 | F77: 2.72 | G77: 0.23 | H77: 0.3 | I77: =ROUND(IF(AND(F77:H77),C77*E77*F77*G77*H77,IF(AND(F77,G77),C77*E77*F77*G77,IF(AND(F77,H77),C77*E77*F77*H77,IF(AND(G77,H77),C77*E77*G77*H77,IF(F77,C77*E77*F77,IF(G77,C77*E77*G77,IF(H77,C77*E77*H77,C77*E77))))))),2) -> 0.19 | J77: Cum | N77: SSR 21-22
C78: 1 | D78: x | E78: 2 | F78: 1 | G78: 0.23 | H78: 0.3 | I78: =ROUND(IF(AND(F78:H78),C78*E78*F78*G78*H78,IF(AND(F78,G78),C78*E78*F78*G78,IF(AND(F78,H78),C78*E78*F78*H78,IF(AND(G78,H78),C78*E78*G78*H78,IF(F78,C78*E78*F78,IF(G78,C78*E78*G78,IF(H78,C78*E78*H78,C78*E78))))))),2) -> 0.14 | J78: Cum | N78: SSR 21-22
B79: Qty.p.33 of M.B.No.605/B/ZP/20 | N79: SSR 21-22
C80: 1 | D80: x | E80: 1 | F80: 3.27 | G80: 0.23 | H80: 0.3 | I80: =ROUND(IF(AND(F80:H80),C80*E80*F80*G80*H80,IF(AND(F80,G80),C80*E80*F80*G80,IF(AND(F80,H80),C80*E80*F80*H80,IF(AND(G80,H80),C80*E80*G80*H80,IF(F80,C80*E80*F80,IF(G80,C80*E80*G80,IF(H80,C80*E80*H80,C80*E80))))))),2) -> 0.23 | J80: Cum | N80: SSR 21-22
C81: 1 | D81: x | E81: 1 | F81: 5.45 | G81: 0.23 | H81: 0.38 | I81: =ROUND(IF(AND(F81:H81),C81*E81*F81*G81*H81,IF(AND(F81,G81),C81*E81*F81*G81,IF(AND(F81,H81),C81*E81*F81*H81,IF(AND(G81,H81),C81*E81*G81*H81,IF(F81,C81*E81*F81,IF(G81,C81*E81*G81,IF(H81,C81*E81*H81,C81*E81))))))),2) -> 0.48 | J81: Cum | N81: SSR 21-22
C82: 1 | D82: x | E82: 1 | F82: 3.27 | G82: 0.23 | H82: 0.3 | I82: =ROUND(IF(AND(F82:H82),C82*E82*F82*G82*H82,IF(AND(F82,G82),C82*E82*F82*G82,IF(AND(F82,H82),C82*E82*F82*H82,IF(AND(G82,H82),C82*E82*G82*H82,IF(F82,C82*E82*F82,IF(G82,C82*E82*G82,IF(H82,C82*E82*H82,C82*E82))))))),2) -> 0.23 | J82: Cum | N82: SSR 21-22
C83: 1 | D83: x | E83: 1 | F83: 5.45 | G83: 0.23 | H83: 0.38 | I83: =ROUND(IF(AND(F83:H83),C83*E83*F83*G83*H83,IF(AND(F83,G83),C83*E83*F83*G83,IF(AND(F83,H83),C83*E83*F83*H83,IF(AND(G83,H83),C83*E83*G83*H83,IF(F83,C83*E83*F83,IF(G83,C83*E83*G83,IF(H83,C83*E83*H83,C83*E83))))))),2) -> 0.48 | J83: Cum | N83: SSR 21-22
C84: 1 | D84: x | E84: 1 | F84: 3.27 | G84: 0.23 | H84: 0.3 | I84: =ROUND(IF(AND(F84:H84),C84*E84*F84*G84*H84,IF(AND(F84,G84),C84*E84*F84*G84,IF(AND(F84,H84),C84*E84*F84*H84,IF(AND(G84,H84),C84*E84*G84*H84,IF(F84,C84*E84*F84,IF(G84,C84*E84*G84,IF(H84,C84*E84*H84,C84*E84))))))),2) -> 0.23 | J84: Cum | N84: SSR 21-22
C85: 1 | D85: x | E85: 1 | F85: 5.45 | G85: 0.23 | H85: 0.38 | I85: =ROUND(IF(AND(F85:H85),C85*E85*F85*G85*H85,IF(AND(F85,G85),C85*E85*F85*G85,IF(AND(F85,H85),C85*E85*F85*H85,IF(AND(G85,H85),C85*E85*G85*H85,IF(F85,C85*E85*F85,IF(G85,C85*E85*G85,IF(H85,C85*E85*H85,C85*E85))))))),2) -> 0.48 | J85: Cum | N85: SSR 21-22
C86: 1 | D86: x | E86: 1 | F86: 4.27 | G86: 0.23 | H86: 0.3 | I86: =ROUND(IF(AND(F86:H86),C86*E86*F86*G86*H86,IF(AND(F86,G86),C86*E86*F86*G86,IF(AND(F86,H86),C86*E86*F86*H86,IF(AND(G86,H86),C86*E86*G86*H86,IF(F86,C86*E86*F86,IF(G86,C86*E86*G86,IF(H86,C86*E86*H86,C86*E86))))))),2) -> 0.29 | J86: Cum | N86: SSR 21-22
C87: 1 | D87: x | E87: 1 | F87: 5.45 | G87: 0.23 | H87: 0.38 | I87: =ROUND(IF(AND(F87:H87),C87*E87*F87*G87*H87,IF(AND(F87,G87),C87*E87*F87*G87,IF(AND(F87,H87),C87*E87*F87*H87,IF(AND(G87,H87),C87*E87*G87*H87,IF(F87,C87*E87*F87,IF(G87,C87*E87*G87,IF(H87,C87*E87*H87,C87*E87))))))),2) -> 0.48 | J87: Cum | N87: SSR 21-22
C88: 1 | D88: x | E88: 1 | F88: 4.27 | G88: 0.23 | H88: 0.3 | I88: =ROUND(IF(AND(F88:H88),C88*E88*F88*G88*H88,IF(AND(F88,G88),C88*E88*F88*G88,IF(AND(F88,H88),C88*E88*F88*H88,IF(AND(G88,H88),C88*E88*G88*H88,IF(F88,C88*E88*F88,IF(G88,C88*E88*G88,IF(H88,C88*E88*H88,C88*E88))))))),2) -> 0.29 | J88: Cum | N88: SSR 21-22
C89: 1 | D89: x | E89: 1 | F89: 5.45 | G89: 0.23 | H89: 0.38 | I89: =ROUND(IF(AND(F89:H89),C89*E89*F89*G89*H89,IF(AND(F89,G89),C89*E89*F89*G89,IF(AND(F89,H89),C89*E89*F89*H89,IF(AND(G89,H89),C89*E89*G89*H89,IF(F89,C89*E89*F89,IF(G89,C89*E89*G89,IF(H89,C89*E89*H89,C89*E89))))))),2) -> 0.48 | J89: Cum | N89: SSR 21-22
C90: 1 | D90: x | E90: 1 | F90: 2.72 | G90: 0.23 | H90: 0.38 | I90: =ROUND(IF(AND(F90:H90),C90*E90*F90*G90*H90,IF(AND(F90,G90),C90*E90*F90*G90,IF(AND(F90,H90),C90*E90*F90*H90,IF(AND(G90,H90),C90*E90*G90*H90,IF(F90,C90*E90*F90,IF(G90,C90*E90*G90,IF(H90,C90*E90*H90,C90*E90))))))),2) -> 0.24 | J90: Cum | N90: SSR 21-22
C91: 1 | D91: x | E91: 1 | F91: 10.42 | G91: 0.23 | H91: 0.3 | I91: =ROUND(IF(AND(F91:H91),C91*E91*F91*G91*H91,IF(AND(F91,G91),C91*E91*F91*G91,IF(AND(F91,H91),C91*E91*F91*H91,IF(AND(G91,H91),C91*E91*G91*H91,IF(F91,C91*E91*F91,IF(G91,C91*E91*G91,IF(H91,C91*E91*H91,C91*E91))))))),2) -> 0.72 | J91: Cum | N91: SSR 21-22
C92: 1 | D92: x | E92: 5 | F92: 0.23 | G92: 0.23 | H92: 0.3 | I92: =-ROUND(IF(AND(F92:H92),C92*E92*F92*G92*H92,IF(AND(F92,G92),C92*E92*F92*G92,IF(AND(F92,H92),C92*E92*F92*H92,IF(AND(G92,H92),C92*E92*G92*H92,IF(F92,C92*E92*F92,IF(G92,C92*E92*G92,IF(H92,C92*E92*H92,C92*E92))))))),2) -> -0.08 | J92: Cum | N92: SSR 21-22
C93: 1 | D93: x | E93: 1 | F93: 13.37 | G93: 0.23 | H93: 0.3 | I93: =ROUND(IF(AND(F93:H93),C93*E93*F93*G93*H93,IF(AND(F93,G93),C93*E93*F93*G93,IF(AND(F93,H93),C93*E93*F93*H93,IF(AND(G93,H93),C93*E93*G93*H93,IF(F93,C93*E93*F93,IF(G93,C93*E93*G93,IF(H93,C93*E93*H93,C93*E93))))))),2) -> 0.92 | J93: Cum | N93: SSR 21-22
C94: 1 | D94: x | E94: 5 | F94: 0.23 | G94: 0.23 | H94: 0.3 | I94: =-ROUND(IF(AND(F94:H94),C94*E94*F94*G94*H94,IF(AND(F94,G94),C94*E94*F94*G94,IF(AND(F94,H94),C94*E94*F94*H94,IF(AND(G94,H94),C94*E94*G94*H94,IF(F94,C94*E94*F94,IF(G94,C94*E94*G94,IF(H94,C94*E94*H94,C94*E94))))))),2) -> -0.08 | J94: Cum | N94: SSR 21-22
C95: 1 | D95: x | E95: 1 | F95: 13.37 | G95: 0.23 | H95: 0.3 | I95: =ROUND(IF(AND(F95:H95),C95*E95*F95*G95*H95,IF(AND(F95,G95),C95*E95*F95*G95,IF(AND(F95,H95),C95*E95*F95*H95,IF(AND(G95,H95),C95*E95*G95*H95,IF(F95,C95*E95*F95,IF(G95,C95*E95*G95,IF(H95,C95*E95*H95,C95*E95))))))),2) -> 0.92 | J95: Cum | N95: SSR 21-22
C96: 1 | D96: x | E96: 5 | F96: 0.23 | G96: 0.23 | H96: 0.3 | I96: =-ROUND(IF(AND(F96:H96),C96*E96*F96*G96*H96,IF(AND(F96,G96),C96*E96*F96*G96,IF(AND(F96,H96),C96*E96*F96*H96,IF(AND(G96,H96),C96*E96*G96*H96,IF(F96,C96*E96*F96,IF(G96,C96*E96*G96,IF(H96,C96*E96*H96,C96*E96))))))),2) -> -0.08 | J96: Cum | N96: SSR 21-22
N97: SSR 21-22
J98: Cum | K98: =data!F2015 -> 10194.73 | L98: SSR 21-22 | M98: =ROUND(I98*K98,0) -> 0 | N98: SSR 21-22
A99: 2 | B99: ~do~ for Beams etc., complete | N99: SSR 22-23
B100: Qty.p.17 of M.B.No.441/A/ZP/19 | N100: SSR 22-23
B101: Mid landing beam-1 | C101: 1 | D101: x | E101: 1 | F101: 2.65 | G101: 0.23 | H101: 0.3 | I101: =ROUND(IF(AND(F101:H101),C101*E101*F101*G101*H101,IF(AND(F101,G101),C101*E101*F101*G101,IF(AND(F101,H101),C101*E101*F101*H101,IF(AND(G101,H101),C101*E101*G101*H101,IF(F101,C101*E101*F101,IF(G101,C101*E101*G101,IF(H101,C101*E101*H101,C101*E101))))))),2) -> 0.18 | J101: Cum | N101: SSR 22-23
...

Sheet SF
A1: WORKING ESTIMATE
A2: Name of the work | C2: ='lead 19-20'!C2 -> Providing Additional Space for Health Staff in Grama Sachivalayam of Baduguleru GP of Kanigiri Mandal
A3: Name of the Sub work | C3: Construction of Second Floor
A5: S.No | B5: Description of Item | C5: No | F5: Measurements | I5: Quantity | K5: Rate | L5: Per | M5: Amount
F6: L | G6: B | H6: D
A7: 1 | B7: 2 | C7: 3 | F7: 4 | G7: 5 | H7: 6 | I7: 7 | K7: 8 | L7: 9 | M7: 10
A8: 1 | B8: Reinforced Cement Concrete M25 Nominal mix (Cement: Sand: Metal) corresponding Table 9 of IS 456 using 20mm size graded machine crushed hard granite metal from approved quarry including c/c of all materials like Cement, Sand, coarse aggregate, water etc to site, all marerials including labour charges such as machine mixing, laying concrete, curing etc complete but excluding cost of steel and its fabrication charges for finished item of work for Columns etc., complete | N8: SSR 19-20
B9: Qty.p.37 of M.B.No.605/B/ZP/20 | D9: 22.07.2022 | N9: SSR 19-20
B10: C1 | C10: 1 | D10: x | E10: 1 | F10: 0.23 | G10: 0.38 | H10: 2.45 | I10: =ROUND(IF(AND(F10:H10),C10*E10*F10*G10*H10,IF(AND(F10,G10),C10*E10*F10*G10,IF(AND(F10,H10),C10*E10*F10*H10,IF(AND(G10,H10),C10*E10*G10*H10,IF(F10,C10*E10*F10,IF(G10,C10*E10*G10,IF(H10,C10*E10*H10,C10*E10))))))),2) -> 0.21 | J10: Cum | N10: SSR 19-20
B11: C2 | C11: 1 | D11: x | E11: 2 | F11: 0.23 | G11: 0.38 | H11: 2.45 | I11: =ROUND(IF(AND(F11:H11),C11*E11*F11*G11*H11,IF(AND(F11,G11),C11*E11*F11*G11,IF(AND(F11,H11),C11*E11*F11*H11,IF(AND(G11,H11),C11*E11*G11*H11,IF(F11,C11*E11*F11,IF(G11,C11*E11*G11,IF(H11,C11*E11*H11,C11*E11))))))),2) -> 0.43 | J11: Cum | N11: SSR 19-20
B12: C3 | C12: 1 | D12: x | E12: 1 | F12: 0.23 | G12: 0.38 | H12: 2.45 | I12: =ROUND(IF(AND(F12:H12),C12*E12*F12*G12*H12,IF(AND(F12,G12),C12*E12*F12*G12,IF(AND(F12,H12),C12*E12*F12*H12,IF(AND(G12,H12),C12*E12*G12*H12,IF(F12,C12*E12*F12,IF(G12,C12*E12*G12,IF(H12,C12*E12*H12,C12*E12))))))),2) -> 0.21 | J12: Cum | N12: SSR 19-20
N13: SSR 19-20
J14: Cum | K14: =data!G155 -> 10542.14 | L14: SSR 19-20 | M14: =ROUND(I14*K14,0) -> 0 | N14: SSR 19-20
A15: 1 | B15: Reinforced Cement Concrete M25 Nominal mix (Cement: Sand: Metal) corresponding Table 9 of IS 456 using 20mm size graded machine crushed hard granite metal from approved quarry including c/c of all materials like Cement, Sand, coarse aggregate, water etc to site, all marerials including labour charges such as machine mixing, laying concrete, curing etc complete but excluding cost of steel and its fabrication charges for finished item of work for Columns etc., complete | N15: SSR 20-21
B16: Qty.p.60 of M.B.No.441/A/ZP/19 | N16: SSR 20-21
C17: 1 | D17: x | E17: 4 | F17: 0.23 | G17: 0.38 | H17: 2.1 | I17: =ROUND(IF(AND(F17:H17),C17*E17*F17*G17*H17,IF(AND(F17,G17),C17*E17*F17*G17,IF(AND(F17,H17),C17*E17*F17*H17,IF(AND(G17,H17),C17*E17*G17*H17,IF(F17,C17*E17*F17,IF(G17,C17*E17*G17,IF(H17,C17*E17*H17,C17*E17))))))),2) -> 0.73 | J17: Cum | N17: SSR 20-21
B18: Qty.p.90 of M.B.No.441/A/ZP/19 | N18: SSR 20-21
B19: Dummy pillars | C19: 1 | D19: x | E19: 11 | F19: 0.23 | G19: 0.38 | H19: 0.9 | I19: =ROUND(IF(AND(F19:H19),C19*E19*F19*G19*H19,IF(AND(F19,G19),C19*E19*F19*G19,IF(AND(F19,H19),C19*E19*F19*H19,IF(AND(G19,H19),C19*E19*G19*H19,IF(F19,C19*E19*F19,IF(G19,C19*E19*G19,IF(H19,C19*E19*H19,C19*E19))))))),2) -> 0.87 | J19: Cum | N19: SSR 20-21
N20: SSR 20-21
J21: Cum | K21: =data!G1071 -> 10932.8 | L21: SSR 20-21 | M21: =ROUND(I21*K21,0) -> 0 | N21: SSR 20-21
A22: 2 | B22: Reinforced Cement Concrete M25 Nominal mix (Cement: Sand: Metal) corresponding Table 9 of IS 456 using 20mm size graded machine crushed hard granite metal from approved quarry including c/c of all materials like Cement, Sand, coarse aggregate, water etc to site, all marerials including labour charges such as machine mixing, laying concrete, curing etc complete but excluding cost of steel and its fabrication charges for finished item of work for Columns etc., complete | N22: SSR 21-22
B23: Qty.p.37 of M.B.No.605/B/ZP/20 | N23: SSR 21-22
C24: 1 | D24: x | E24: 1 | F24: 0.23 | G24: 0.38 | H24: 2.45 | I24: =ROUND(IF(AND(F24:H24),C24*E24*F24*G24*H24,IF(AND(F24,G24),C24*E24*F24*G24,IF(AND(F24,H24),C24*E24*F24*H24,IF(AND(G24,H24),C24*E24*G24*H24,IF(F24,C24*E24*F24,IF(G24,C24*E24*G24,IF(H24,C24*E24*H24,C24*E24))))))),2) -> 0.21 | J24: Cum | N24: SSR 21-22
C25: 1 | D25: x | E25: 2 | F25: 0.23 | G25: 0.38 | H25: 2.45 | I25: =ROUND(IF(AND(F25:H25),C25*E25*F25*G25*H25,IF(AND(F25,G25),C25*E25*F25*G25,IF(AND(F25,H25),C25*E25*F25*H25,IF(AND(G25,H25),C25*E25*G25*H25,IF(F25,C25*E25*F25,IF(G25,C25*E25*G25,IF(H25,C25*E25*H25,C25*E25))))))),2) -> 0.43 | J25: Cum | N25: SSR 21-22
C26: 1 | D26: x | E26: 1 | F26: 0.23 | G26: 0.38 | H26: 2.45 | I26: =ROUND(IF(AND(F26:H26),C26*E26*F26*G26*H26,IF(AND(F26,G26),C26*E26*F26*G26,IF(AND(F26,H26),C26*E26*F26*H26,IF(AND(G26,H26),C26*E26*G26*H26,IF(F26,C26*E26*F26,IF(G26,C26*E26*G26,IF(H26,C26*E26*H26,C26*E26))))))),2) -> 0.21 | J26: Cum | N26: SSR 21-22
N27: SSR 21-22
J28: Cum | K28: =data!G1988 -> 11565.1 | L28: SSR 21-22 | M28: =ROUND(I28*K28,0) -> 0 | N28: SSR 21-22
A29: 2 | B29: Reinforced Cement Concrete M25 Nominal mix (Cement: Sand: Metal) corresponding Table 9 of IS 456 using 20mm size graded machine crushed hard granite metal from approved quarry including c/c of all materials like Cement, Sand, coarse aggregate, water etc to site, all marerials including labour charges such as machine mixing, laying concrete, curing etc complete but excluding cost of steel and its fabrication charges for finished item of work for Columns etc., complete | N29: SSR 22-23
B30: Qty.p.79 of M.B.No.441/A/ZP/19 | N30: SSR 22-23
C31: 1 | D31: x | E31: 4 | F31: 0.23 | G31: 0.38 | H31: 2.4 | I31: =ROUND(IF(AND(F31:H31),C31*E31*F31*G31*H31,IF(AND(F31,G31),C31*E31*F31*G31,IF(AND(F31,H31),C31*E31*F31*H31,IF(AND(G31,H31),C31*E31*G31*H31,IF(F31,C31*E31*F31,IF(G31,C31*E31*G31,IF(H31,C31*E31*H31,C31*E31))))))),2) -> 0.84 | J31: Cum | N31: SSR 22-23
N32: SSR 22-23
J33: Cum | K33: =data!G2905 -> 12013.61 | L33: SSR 22-23 | M33: =ROUND(I33*K33,0) -> 0 | N33: SSR 22-23
A34: 2 | B34: ~do~ for Beams etc., complete | N34: SSR 19-20
B35: Qty.p.40 of M.B.No.605/B/ZP/20 | D35: 29.07.2022 | N35: SSR 19-20
C36: 1 | D36: x | E36: 2 | F36: 3.18 | G36: 0.23 | H36: 0.3 | I36: =ROUND(IF(AND(F36:H36),C36*E36*F36*G36*H36,IF(AND(F36,G36),C36*E36*F36*G36,IF(AND(F36,H36),C36*E36*F36*H36,IF(AND(G36,H36),C36*E36*G36*H36,IF(F36,C36*E36*F36,IF(G36,C36*E36*G36,IF(H36,C36*E36*H36,C36*E36))))))),2) -> 0.44 | J36: Cum | N36: SSR 19-20
C37: 1 | D37: x | E37: 2 | F37: 3.16 | G37: 0.23 | H37: 0.3 | I37: =ROUND(IF(AND(F37:H37),C37*E37*F37*G37*H37,IF(AND(F37,G37),C37*E37*F37*G37,IF(AND(F37,H37),C37*E37*F37*H37,IF(AND(G37,H37),C37*E37*G37*H37,IF(F37,C37*E37*F37,IF(G37,C37*E37*G37,IF(H37,C37*E37*H37,C37*E37))))))),2) -> 0.44 | J37: Cum | N37: SSR 19-20
N38: SSR 19-20
J39: Cum | K39: =data!G182 -> 10021.1 | L39: SSR 19-20 | M39: =ROUND(I39*K39,0) -> 0 | N39: SSR 19-20
A40: 2 | B40: ~do~ for Beams etc., complete | N40: SSR 20-21
B41: Qty.p.64 of M.B.No.441/A/ZP/19 | N41: SSR 20-21
B42: FB 204, 205 | C42: 1 | D42: x | E42: 2 | F42: 5.22 | G42: 0.23 | H42: 0.3 | I42: =ROUND(IF(AND(F42:H42),C42*E42*F42*G42*H42,IF(AND(F42,G42),C42*E42*F42*G42,IF(AND(F42,H42),C42*E42*F42*H42,IF(AND(G42,H42),C42*E42*G42*H42,IF(F42,C42*E42*F42,IF(G42,C42*E42*G42,IF(H42,C42*E42*H42,C42*E42))))))),2) -> 0.72 | J42: Cum | N42: SSR 20-21
B43: FB 206, 207, 208 | C43: 1 | D43: x | E43: 3 | F43: 2.72 | G43: 0.23 | H43: 0.3 | I43: =ROUND(IF(AND(F43:H43),C43*E43*F43*G43*H43,IF(AND(F43,G43),C43*E43*F43*G43,IF(AND(F43,H43),C43*E43*F43*H43,IF(AND(G43,H43),C43*E43*G43*H43,IF(F43,C43*E43*F43,IF(G43,C43*E43*G43,IF(H43,C43*E43*H43,C43*E43))))))),2) -> 0.56 | J43: Cum | N43: SSR 20-21
N44: SSR 20-21
J45: Cum | K45: =data!G1098 -> 10257.99 | L45: SSR 20-21 | M45: =ROUND(I45*K45,0) -> 0 | N45: SSR 20-21
A46: 3 | B46: ~do~ for Beams etc., complete | N46: SSR 21-22
B47: Qty.p.40 of M.B.No.605/B/ZP/20 | N47: SSR 21-22
C48: 1 | D48: x | E48: 2 | F48: 3.18 | G48: 0.23 | H48: 0.3 | I48: =ROUND(IF(AND(F48:H48),C48*E48*F48*G48*H48,IF(AND(F48,G48),C48*E48*F48*G48,IF(AND(F48,H48),C48*E48*F48*H48,IF(AND(G48,H48),C48*E48*G48*H48,IF(F48,C48*E48*F48,IF(G48,C48*E48*G48,IF(H48,C48*E48*H48,C48*E48))))))),2) -> 0.44 | J48: Cum | N48: SSR 21-22
C49: 1 | D49: x | E49: 2 | F49: 3.16 | G49: 0.23 | H49: 0.3 | I49: =ROUND(IF(AND(F49:H49),C49*E49*F49*G49*H49,IF(AND(F49,G49),C49*E49*F49*G49,IF(AND(F49,H49),C49*E49*F49*H49,IF(AND(G49,H49),C49*E49*G49*H49,IF(F49,C49*E49*F49,IF(G49,C49*E49*G49,IF(H49,C49*E49*H49,C49*E49))))))),2) -> 0.44 | J49: Cum | N49: SSR 21-22
N50: SSR 21-22
J51: Cum | K51: =data!G2015 -> 10793.54 | L51: SSR 21-22 | M51: =ROUND(I51*K51,0) -> 0 | N51: SSR 21-22
A52: 3 | B52: ~do~ for Beams etc., complete | N52: SSR 22-23
B53: Qty.p.56 of M.B.No.441/A/ZP/19 | N53: SSR 22-23
B54: Mid landing beam | C54: 1 | D54: x | E54: 2 | F54: 2.72 | G54: 0.23 | H54: 0.3 | I54: =ROUND(IF(AND(F54:H54),C54*E54*F54*G54*H54,IF(AND(F54,G54),C54*E54*F54*G54,IF(AND(F54,H54),C54*E54*F54*H54,IF(AND(G54,H54),C54*E54*G54*H54,IF(F54,C54*E54*F54,IF(G54,C54*E54*G54,IF(H54,C54*E54*H54,C54*E54))))))),2) -> 0.38 | J54: Cum | N54: SSR 22-23
B55: Mid landing beam | C55: 1 | D55: x | E55: 2 | F55: 5.5 | G55: 0.23 | H55: 0.3 | I55: =ROUND(IF(AND(F55:H55),C55*E55*F55*G55*H55,IF(AND(F55,G55),C55*E55*F55*G55,IF(AND(F55,H55),C55*E55*F55*H55,IF(AND(G55,H55),C55*E55*G55*H55,IF(F55,C55*E55*F55,IF(G55,C55*E55*G55,IF(H55,C55*E55*H55,C55*E55))))))),2) -> 0.76 | J55: Cum | N55: SSR 22-23
N56: SSR 22-23
J57: Cum | K57: =data!G2932 -> 11098.56 | L57: SSR 22-23 | M57: =ROUND(I57*K57,0) -> 0 | N57: SSR 22-23
A58: 11 | B58: ~do~ for Waist slab 150mm thick etc., complete | N58: SSR 19-20
B59: Qty.p.26 of M.B.No.441/A/ZP/19 | N59: SSR 19-20
B60: Landing slab | C60: 1 | D60: x | E60: 1 | F60: 3.23 | G60: 1.28 | H60: 0 | I60: =ROUND(IF(AND(F60:H60),C60*E60*F60*G60*H60,IF(AND(F60,G60),C60*E60*F60*G60,IF(AND(F60,H60),C60*E60*F60*H60,IF(AND(G60,H60),C60*E60*G60*H60,IF(F60,C60*E60*F60,IF(G60,C60*E60*G60,IF(H60,C60*E60*H60,C60*E60))))))),2) -> 4.13 | J60: Sqm | N60: SSR 19-20
B61: 1st flight | C61: 1 | D61: x | E61: 1 | F61: 2.72 | G61: 1 | H61: 0 | I61: =ROUND(IF(AND(F61:H61),C61*E61*F61*G61*H61,IF(AND(F61,G61),C61*E61*F61*G61,IF(AND(F61,H61),C61*E61*F61*H61,IF(AND(G61,H61),C61*E61*G61*H61,IF(F61,C61*E61*F61,IF(G61,C61*E61*G61,IF(H61,C61*E61*H61,C61*E61))))))),2) -> 2.72 | J61: Sqm | N61: SSR 19-20
N62: SSR 19-20
J63: Sqm | K63: =data!G203 -> 1519.49 | L63: SSR 19-20 | M63: =ROUND(I63*K63,0) -> 0 | N63: SSR 19-20
A64: 11 | B64: ~do~ for Waist slab 150mm thick etc., complete | N64: SSR 20-21
B65: Qty.p.26 of M.B.No.441/A/ZP/19 | N65: SSR 20-21
B66: Landing slab | C66: 1 | D66: x | E66: 1 | F66: 3.23 | G66: 1.28 | H66: 0 | I66: =ROUND(IF(AND(F66:H66),C66*E66*F66*G66*H66,IF(AND(F66,G66),C66*E66*F66*G66,IF(AND(F66,H66),C66*E66*F66*H66,IF(AND(G66,H66),C66*E66*G66*H66,IF(F66,C66*E66*F66,IF(G66,C66*E66*G66,IF(H66,C66*E66*H66,C66*E66))))))),2) -> 4.13 | J66: Sqm | N66: SSR 20-21
B67: 1st flight | C67: 1 | D67: x | E67: 1 | F67: 2.72 | G67: 1 | H67: 0 | I67: =ROUND(IF(AND(F67:H67),C67*E67*F67*G67*H67,IF(AND(F67,G67),C67*E67*F67*G67,IF(AND(F67,H67),C67*E67*F67*H67,IF(AND(G67,H67),C67*E67*G67*H67,IF(F67,C67*E67*F67,IF(G67,C67*E67*G67,IF(H67,C67*E67*H67,C67*E67))))))),2) -> 2.72 | J67: Sqm | N67: SSR 20-21
N68: SSR 20-21
J69: Sqm | K69: =data!G1119 -> 1573.5 | L69: SSR 20-21 | M69: =ROUND(I69*K69,0) -> 0 | N69: SSR 20-21
A70: 11 | B70: ~do~ for Waist slab 150mm thick etc., complete | N70: SSR 21-22
B71: Qty.p.26 of M.B.No.441/A/ZP/19 | N71: SSR 21-22
B72: Landing slab | C72: 1 | D72: x | E72: 1 | F72: 3.23 | G72: 1.28 | H72: 0 | I72: =ROUND(IF(AND(F72:H72),C72*E72*F72*G72*H72,IF(AND(F72,G72),C72*E72*F72*G72,IF(AND(F72,H72),C72*E72*F72*H72,IF(AND(G72,H72),C72*E72*G72*H72,IF(F72,C72*E72*F72,IF(G72,C72*E72*G72,IF(H72,C72*E72*H72,C72*E72))))))),2) -> 4.13 | J72: Sqm | N72: SSR 21-22
B73: 1st flight | C73: 1 | D73: x | E73: 1 | F73: 2.72 | G73: 1 | H73: 0 | I73: =ROUND(IF(AND(F73:H73),C73*E73*F73*G73*H73,IF(AND(F73,G73),C73*E73*F73*G73,IF(AND(F73,H73),C73*E73*F73*H73,IF(AND(G73,H73),C73*E73*G73*H73,IF(F73,C73*E73*F73,IF(G73,C73*E73*G73,IF(H73,C73*E73*H73,C73*E73))))))),2) -> 2.72 | J73: Sqm | N73: SSR 21-22
N74: SSR 21-22
J75: Sqm | K75: =data!G2036 -> 1675.01 | L75: SSR 21-22 | M75: =ROUND(I75*K75,0) -> 0 | N75: SSR 21-22
A76: 11 | B76: ~do~ for Waist slab 150mm thick etc., complete | N76: SSR 22-23
B77: Qty.p.26 of M.B.No.441/A/ZP/19 | N77: SSR 22-23
B78: Landing slab | C78: 1 | D78: x | E78: 1 | F78: 3.23 | G78: 1.28 | H78: 0 | I78: =ROUND(IF(AND(F78:H78),C78*E78*F78*G78*H78,IF(AND(F78,G78),C78*E78*F78*G78,IF(AND(F78,H78),C78*E78*F78*H78,IF(AND(G78,H78),C78*E78*G78*H78,IF(F78,C78*E78*F78,IF(G78,C78*E78*G78,IF(H78,C78*E78*H78,C78*E78))))))),2) -> 4.13 | J78: Sqm | N78: SSR 22-23
B79: 1st flight | C79: 1 | D79: x | E79: 1 | F79: 2.72 | G79: 1 | H79: 0 | I79: =ROUND(IF(AND(F79:H79),C79*E79*F79*G79*H79,IF(AND(F79,G79),C79*E79*F79*G79,IF(AND(F79,H79),C79*E79*F79*H79,IF(AND(G79,H79),C79*E79*G79*H79,IF(F79,C79*E79*F79,IF(G79,C79*E79*G79,IF(H79,C79*E79*H79,C79*E79))))))),2) -> 2.72 | J79: Sqm | N79: SSR 22-23
N80: SSR 22-23
J81: Sqm | K81: =data!G2953 -> 1737.05 | L81: SSR 22-23 | M81: =ROUND(I81*K81,0) -> 0 | N81: SSR 22-23
A82: 3 | B82: ~do~ for Roof slab 125mm thick etc., complete | N82: SSR 19-20
B83: Qty.p.78 of M.B.No.441/A/ZP/19 | N83: SSR 19-20
C84: 1 | D84: x | E84: 1 | F84: 5.5 | G84: 3.9 | H84: 0 | I84: =ROUND(IF(AND(F84:H84),C84*E84*F84*G84*H84,IF(AND(F84,G84),C84*E84*F84*G84,IF(AND(F84,H84),C84*E84*F84*H84,IF(AND(G84,H84),C84*E84*G84*H84,IF(F84,C84*E84*F84,IF(G84,C84*E84*G84,IF(H84,C84*E84*H84,C84*E84))))))),2) -> 21.45 | J84: Sqm | N84: SSR 19-20
N85: SSR 19-20
J86: Sqm | K86: =data!G196 -> 1395.34 | L86: SSR 19-20 | M86: =ROUND(I86*K86,0) -> 0 | N86: SSR 19-20
A87: 3 | B87: ~do~ for Roof slab 125mm thick etc., complete | N87: SSR 20-21
B88: Qty.p.64 of M.B.No.441/A/ZP/19 | N88: SSR 20-21
B89: Head room slab | C89: 1 | D89: x | E89: 1 | F89: 5.22 | G89: 3.78 | H89: 0 | I89: =ROUND(IF(AND(F89:H89),C89*E89*F89*G89*H89,IF(AND(F89,G89),C89*E89*F89*G89,IF(AND(F89,H89),C89*E89*F89*H89,IF(AND(G89,H89),C89*E89*G89*H89,IF(F89,C89*E89*F89,IF(G89,C89*E89*G89,IF(H89,C89*E89*H89,C89*E89))))))),2) -> 19.73 | J89: Sqm | N89: SSR 20-21
N90: SSR 20-21
J91: Sqm | K91: =data!G1112 -> 1443.96 | L91: SSR 20-21 | M91: =ROUND(I91*K91,0) -> 0 | N91: SSR 20-21
A92: 4 | B92: ~do~ for Roof slab 125mm thick etc., complete | N92: SSR 21-22
B93: Qty.p.57 of M.B.No.441/A/ZP/19 | N93: SSR 21-22
B94: Head room slab | C94: 1 | D94: x | E94: 1 | F94: 5.5 | G94: 3.9 | H94: 0 | I94: =ROUND(IF(AND(F94:H94),C94*E94*F94*G94*H94,IF(AND(F94,G94),C94*E94*F94*G94,IF(AND(F94,H94),C94*E94*F94*H94,IF(AND(G94,H94),C94*E94*G94*H94,IF(F94,C94*E94*F94,IF(G94,C94*E94*G94,IF(H94,C94*E94*H94,C94*E94))))))),2) -> 21.45 | J94: Sqm | N94: SSR 21-22
N95: SSR 21-22
J96: Sqm | K96: =data!G2029 -> 1539.28 | L96: SSR 21-22 | M96: =ROUND(I96*K96,0) -> 0 | N96: SSR 21-22
A97: 4 | B97: ~do~ for Roof slab 125mm thick etc., complete | N97: SSR 22-23
B98: Qty.p.57 of M.B.No.441/A/ZP/19 | N98: SSR 22-23
B99: Head room slab | C99: 1 | D99: x | E99: 1 | F99: 5.5 | G99: 3.9 | H99: 0 | I99: =ROUND(IF(AND(F99:H99),C99*E99*F99*G99*H99,IF(AND(F99,G99),C99*E99*F99*G99,IF(AND(F99,H99),C99*E99*F99*H99,IF(AND(G99,H99),C99*E99*G99*H99,IF(F99,C99*E99*F99,IF(G99,C99*E99*G99,IF(H99,C99*E99*H99,C99*E99))))))),2) -> 21.45 | J99: Sqm | N99: SSR 22-23
N100: SSR 22-23
J101: Sqm | K101: =data!G2946 -> 1594.17 | L101: SSR 22-23 | M101: =ROUND(I101*K101,0) -> 0 | N101: SSR 22-23
...

Sheet Water & Electrical
A1: WORKING ESTIMATE
A2: Name of the work | C2: ='lead 19-20'!C2 -> Providing Additional Space for Health Staff in Grama Sachivalayam of Baduguleru GP of Kanigiri Mandal
A3: Name of the Sub work | C3: Other items like door, windows, Grills, Sanitation and Electrification
A5: S.No | B5: Description of Item | C5: No | F5: Measurements | I5: Quantity | K5: Rate | L5: Per | M5: Amount
F6: L | G6: B | H6: D
A7: 1 | B7: 2 | C7: 3 | F7: 4 | G7: 5 | H7: 6 | I7: 7 | K7: 8 | L7: 9 | M7: 10
B2041: TOTAL | M2041: =SUM('PART-A'!M2494:M4501) -> 31856 | N2041: 0
H2046: ='lead 19-20'!$H$31 -> Deputy Executive Engineer | L2046: ='lead 19-20'!$K$31 -> Assistant Engineer
H2047: ='lead 19-20'!$H$32 -> PRI Sub Division | L2047: ='lead 19-20'!$K$32 -> Mandal Praja parishad
H2048: ='lead 19-20'!$H$33 -> Kanigiri | L2048: ='lead 19-20'!$K$33 -> Kanigiri

Sheet PART-B
A1: WORKING ESTIMATE (PART-B)
A2: Name of the work | C2: ='lead 19-20'!C2 -> Providing Additional Space for Health Staff in Grama Sachivalayam of Baduguleru GP of Kanigiri Mandal
K3: Est.Rs. | L3: 3.30 lakhs
A4: S.No | B4: Description of Item | C4: No | F4: Measurements | I4: Quantity | K4: Rate | L4: Per | M4: Amount
F5: L | G5: B | H5: D
A6: 1 | B6: 2 | C6: 3 | F6: 4 | G6: 5 | H6: 6 | I6: 7 | K6: 8 | L6: 9 | M6: 10
B7: PART-B | N7: SSR 22-23
B8: GROUND FLOOR | N8: SSR 22-23
A9: 1 | B9: Clearing light jungle including up-rooting and removing of Juliflora stumps. | N9: SSR 22-23
B10: Qty.p.1 of M.B.No.1101/A/ZP/20 | N10: SSR 22-23
C11: 1 | D11: x | E11: 1 | F11: 7.6 | G11: 5.24 | H11: 0 | I11: =ROUND(IF(AND(F11:H11),C11*E11*F11*G11*H11,IF(AND(F11,G11),C11*E11*F11*G11,IF(AND(F11,H11),C11*E11*F11*H11,IF(AND(G11,H11),C11*E11*G11*H11,IF(F11,C11*E11*F11,IF(G11,C11*E11*G11,IF(H11,C11*E11*H11,C11*E11))))))),2) -> 39.82 | J11: Sqm | N11: SSR 22-23
I12: =SUM(I11:I11) -> 39.82 | J12: Sqm | N12: SSR 22-23
B13: Deduct Voids @ 40% | I13: =-ROUND(I12*40%,2) -> -15.93 | J13: Sqm | N13: SSR 22-23
J14: Sqm | K14: ='data 2022-23'!G41 -> 6.06 | L14: 1Sqm | M14: =ROUND(I14*K14,0) -> 0 | N14: SSR 22-23
A15: 1 | B15: Engaging Unskilled Labour for Earth work excavation & depositing on bank with an initial lead & initial lift in Loamy, Clayey soils like BC Soils, Red Earth & Chodu Soils for Column Foundations RSSR | N15: SSR 22-23
B16: Qty.p.58 of M.B.No.111/A/ZP/22 | D16: 10.11.2023 | N16: SSR 22-23
B17: septic tank | C17: 2 | D17: x | E17: 0.785 | F17: 1.5 | G17: 1.5 | H17: 2 | I17: =ROUND(IF(AND(F17:H17),C17*E17*F17*G17*H17,IF(AND(F17,G17),C17*E17*F17*G17,IF(AND(F17,H17),C17*E17*F17*H17,IF(AND(G17,H17),C17*E17*G17*H17,IF(F17,C17*E17*F17,IF(G17,C17*E17*G17,IF(H17,C17*E17*H17,C17*E17))))))),2) -> 7.07 | J17: Cum | N17: SSR 22-23
N18: SSR 22-23
J19: Cum | K19: ='data 2022-23'!G46 -> 144.26 | L19: 1Cum | M19: =ROUND(I19*K19,0) -> 0 | N19: SSR 22-23
A20: 2 | B20: Plain Cement Concrete (1:4:8) proportion Nominal mix for foundations using 40mm size SS-5 metal including c/c of all materials & labour charges, machine mixing & laying concrete in foundations ramming etc complete for Bed Concrete (APSS No 402) | N20: SSR 22-23
B21: Qty.p.58 & 59 of M.B.No.111/A/ZP/22 | D21: 10.11.2023 | N21: SSR 22-23
B22: Septic tank | C22: 2 | D22: x | E22: 0.785 | F22: 1.5 | G22: 1.5 | H22: 0.15 | I22: =ROUND(IF(AND(F22:H22),C22*E22*F22*G22*H22,IF(AND(F22,G22),C22*E22*F22*G22,IF(AND(F22,H22),C22*E22*F22*H22,IF(AND(G22,H22),C22*E22*G22*H22,IF(F22,C22*E22*F22,IF(G22,C22*E22*G22,IF(H22,C22*E22*H22,C22*E22))))))),2) -> 0.53 | J22: Cum | N22: SSR 22-23
N23: SSR 22-23
J24: Cum | K24: ='data 2022-23'!G89 -> 4583.31 | L24: 1Cum | M24: =ROUND(I24*K24,0) -> 0 | N24: SSR 22-23
A25: 3 | B25: Plain Cement Concrete (1:5:10) proportion Nominal mix for foundations using 40mm size SS-5 metal including cost and conveyance of all materials and curing charges, labour charges, machine mixing and laying concrete in foundations ramming etc complete for Bed Concrete (APSS No 402) | N25: SSR 22-23
B26: Qty.p.65 of M.B.No.1101/A/ZP/20 | N26: SSR 22-23
C27: 1 | D27: x | E27: 1 | F27: 4.72 | G27: 0.45 | H27: 0.1 | I27: =ROUND(IF(AND(F27:H27),C27*E27*F27*G27*H27,IF(AND(F27,G27),C27*E27*F27*G27,IF(AND(F27,H27),C27*E27*F27*H27,IF(AND(G27,H27),C27*E27*G27*H27,IF(F27,C27*E27*F27,IF(G27,C27*E27*G27,IF(H27,C27*E27*H27,C27*E27))))))),2) -> 0.21 | J27: Cum | N27: SSR 22-23
B28: Front beam | C28: 1 | D28: x | E28: 1 | F28: 5.4 | G28: 0.45 | H28: 0.1 | I28: =ROUND(IF(AND(F28:H28),C28*E28*F28*G28*H28,IF(AND(F28,G28),C28*E28*F28*G28,IF(AND(F28,H28),C28*E28*F28*H28,IF(AND(G28,H28),C28*E28*G28*H28,IF(F28,C28*E28*F28,IF(G28,C28*E28*G28,IF(H28,C28*E28*H28,C28*E28))))))),2) -> 0.24 | J28: Cum | N28: SSR 22-23
B29: Verandah alround | C29: 1 | D29: x | E29: 1 | F29: 10.05 | G29: 0.45 | H29: 0.1 | I29: =ROUND(IF(AND(F29:H29),C29*E29*F29*G29*H29,IF(AND(F29,G29),C29*E29*F29*G29,IF(AND(F29,H29),C29*E29*F29*H29,IF(AND(G29,H29),C29*E29*G29*H29,IF(F29,C29*E29*F29,IF(G29,C29*E29*G29,IF(H29,C29*E29*H29,C29*E29))))))),2) -> 0.45 | J29: Cum | N29: SSR 22-23
B30: Store platform | C30: 1 | D30: x | E30: 1 | F30: 5.46 | G30: 0.3 | H30: 0.1 | I30: =ROUND(IF(AND(F30:H30),C30*E30*F30*G30*H30,IF(AND(F30,G30),C30*E30*F30*G30,IF(AND(F30,H30),C30*E30*F30*H30,IF(AND(G30,H30),C30*E30*G30*H30,IF(F30,C30*E30*F30,IF(G30,C30*E30*G30,IF(H30,C30*E30*H30,C30*E30))))))),2) -> 0.16 | J30: Cum | N30: SSR 22-23
B31: For septic tank | C31: 1 | D31: x | E31: 1 | F31: 4.7 | G31: 2.3 | H31: 0.15 | I31: =ROUND(IF(AND(F31:H31),C31*E31*F31*G31*H31,IF(AND(F31,G31),C31*E31*F31*G31,IF(AND(F31,H31),C31*E31*F31*H31,IF(AND(G31,H31),C31*E31*G31*H31,IF(F31,C31*E31*F31,IF(G31,C31*E31*G31,IF(H31,C31*E31*H31,C31*E31))))))),2) -> 1.62 | J31: Cum | N31: SSR 22-23
N32: SSR 22-23
J33: Cum | K33: ='data 2022-23'!G101 -> 4431.03 | L33: 1Cum | M33: =ROUND(I33*K33,0) -> 0 | N33: SSR 22-23
A34: 3 | B34: Filling Basement with Selected earth by watering and ramming including all operational, incidental and including c/c of material and labour charges etc complete for finished item of the work (APSS No 309& 310) per 1 Cum | N34: SSR 22-23
B35: Qty.p.34 of M.B.No.1101/A/ZP/20 | N35: SSR 22-23
B36: C1/F1 | C36: 1 | D36: x | E36: 1 | F36: 1.65 | G36: 1.65 | H36: 2.25 | I36: =ROUND(IF(AND(F36:H36),C36*E36*F36*G36*H36,IF(AND(F36,G36),C36*E36*F36*G36,IF(AND(F36,H36),C36*E36*F36*H36,IF(AND(G36,H36),C36*E36*G36*H36,IF(F36,C36*E36*F36,IF(G36,C36*E36*G36,IF(H36,C36*E36*H36,C36*E36))))))),2) -> 6.13 | J36: Cum | N36: SSR 22-23
B37: Block-8 | C37: 1 | D37: x | E37: 1 | F37: 2.17 | G37: 5 | H37: 0.18 | I37: =ROUND(IF(AND(F37:H37),C37*E37*F37*G37*H37,IF(AND(F37,G37),C37*E37*F37*G37,IF(AND(F37,H37),C37*E37*F37*H37,IF(AND(G37,H37),C37*E37*G37*H37,IF(F37,C37*E37*F37,IF(G37,C37*E37*G37,IF(H37,C37*E37*H37,C37*E37))))))),2) -> 1.95 | J37: Cum | N37: SSR 22-23
N38: SSR 22-23
J39: Cum | K39: ='data 2022-23'!G63 -> 216.13 | L39: 1Cum | M39: =ROUND(I39*K39,0) -> 0 | N39: SSR 22-23
A40: 4 | B40: Filling Basement with Gravel by watering and ramming including all operational, incidental and including c/c of material and labour charges etc complete for finished item of the work (APSS No 309& 310) per 1 Cum | N40: SSR 22-23
B41: Qty.p.69 of M.B.No.1101/A/ZP/20 | N41: SSR 22-23
B42: Back side stair | C42: 1 | D42: x | E42: 1 | F42: 2.72 | G42: 0.77 | H42: 1.25 | I42: =ROUND(IF(AND(F42:H42),C42*E42*F42*G42*H42,IF(AND(F42,G42),C42*E42*F42*G42,IF(AND(F42,H42),C42*E42*F42*H42,IF(AND(G42,H42),C42*E42*G42*H42,IF(F42,C42*E42*F42,IF(G42,C42*E42*G42,IF(H42,C42*E42*H42,C42*E42))))))),2) -> 2.62 | J42: Cum | N42: SSR 22-23
B43: Front ramp | C43: 1 | D43: x | E43: 1 | F43: 3.16 | G43: 1.27 | H43: =(0.1+0.77)/2 -> 0.435 | I43: =ROUND(IF(AND(F43:H43),C43*E43*F43*G43*H43,IF(AND(F43,G43),C43*E43*F43*G43,IF(AND(F43,H43),C43*E43*F43*H43,IF(AND(G43,H43),C43*E43*G43*H43,IF(F43,C43*E43*F43,IF(G43,C43*E43*G43,IF(H43,C43*E43*H43,C43*E43))))))),2) -> 1.75 | J43: Cum | N43: SSR 22-23
N44: SSR 22-23
J45: Cum | K45: ='data 2022-23'!G71 -> 272.13 | L45: 1Cum | M45: =ROUND(I45*K45,0) -> 0 | N45: SSR 22-23
A46: 4 | B46: Filling with Sand in trenches, sides of foundations & basement by watering and ramming including all operational, incidental, labour charges, hire charges of T&P etc complete including cost and conveyance of material and labour charges etc complete for finished item of the work (APSS No 309& 310) per 1 Cum | N46: SSR 22-23
B47: Qty.p.4 of M.B.No.1101/A/ZP/20 | N47: SSR 22-23
B48: F1 footings | C48: 1 | D48: x | E48: 1 | F48: 1.65 | G48: 1.65 | H48: 0.15 | I48: =ROUND(IF(AND(F48:H48),C48*E48*F48*G48*H48,IF(AND(F48,G48),C48*E48*F48*G48,IF(AND(F48,H48),C48*E48*F48*H48,IF(AND(G48,H48),C48*E48*G48*H48,IF(F48,C48*E48*F48,IF(G48,C48*E48*G48,IF(H48,C48*E48*H48,C48*E48))))))),2) -> 0.41 | J48: Cum | N48: SSR 22-23
B49: F2 footings | C49: 1 | D49: x | E49: 4 | F49: 2 | G49: 2 | H49: 0.15 | I49: =ROUND(IF(AND(F49:H49),C49*E49*F49*G49*H49,IF(AND(F49,G49),C49*E49*F49*G49,IF(AND(F49,H49),C49*E49*F49*H49,IF(AND(G49,H49),C49*E49*G49*H49,IF(F49,C49*E49*F49,IF(G49,C49*E49*G49,IF(H49,C49*E49*H49,C49*E49))))))),2) -> 2.4 | J49: Cum | N49: SSR 22-23
N50: SSR 22-23
J51: Cum | K51: ='data 2022-23'!G55 -> 1603.13 | L51: 1Cum | M51: =ROUND(I51*K51,0) -> 0 | N51: SSR 22-23
A52: 4 | B52: Filling in foundation with excavated soil as per drawing and technical specification Clause 305.3.9 MORD & 304 MORTH. | N52: SSR 22-23
B53: Qty.p.7 of M.B.No.1101/A/ZP/20 | N53: SSR 22-23
B54: F1 footing | C54: 1 | D54: x | E54: 10 | F54: 1.5 | G54: 1.5 | H54: 1.8 | I54: =ROUND(IF(AND(F54:H54),C54*E54*F54*G54*H54,IF(AND(F54,G54),C54*E54*F54*G54,IF(AND(F54,H54),C54*E54*F54*H54,IF(AND(G54,H54),C54*E54*G54*H54,IF(F54,C54*E54*F54,IF(G54,C54*E54*G54,IF(H54,C54*E54*H54,C54*E54))))))),2) -> 40.5 | J54: Cum | N54: SSR 22-23
B55: F2 footing | C55: 1 | D55: x | E55: 4 | F55: 1.5 | G55: 1.5 | H55: 1.8 | I55: =ROUND(IF(AND(F55:H55),C55*E55*F55*G55*H55,IF(AND(F55,G55),C55*E55*F55*G55,IF(AND(F55,H55),C55*E55*F55*H55,IF(AND(G55,H55),C55*E55*G55*H55,IF(F55,C55*E55*F55,IF(G55,C55*E55*G55,IF(H55,C55*E55*H55,C55*E55))))))),2) -> 16.2 | J55: Cum | N55: SSR 22-23
B56: Deductions | I56: -16.2 | J56: Cum | N56: SSR 22-23
N57: SSR 22-23
J58: Cum | K58: ='data 2022-23'!G77 -> 284.4 | L58: 1Cum | M58: =ROUND(I58*K58,0) -> 0 | N58: SSR 22-23
A59: 5 | B59: Reinforced Cement Concrete M25 Nominal mix (Cement: Sand: Metal) corresponding Table 9 of IS 456 using 20mm size graded machine crushed hard granite metal from approved quarry including c/c of all materials like Cement, Sand, coarse aggregate, water etc to site, all marerials including labour charges such as machine mixing, laying concrete, curing etc complete but excluding cost of steel and its fabrication charges for finished item of work for column footings | N59: SSR 22-23
B60: Qty.p.21 of M.B.No.1101/A/ZP/20 | N60: SSR 22-23
B61: C1/F1 | C61: 1 | D61: x | E61: 1 | F61: 1.35 | G61: 1.35 | H61: 0.3 | I61: =ROUND(IF(AND(F61:H61),C61*E61*F61*G61*H61,IF(AND(F61,G61),C61*E61*F61*G61,IF(AND(F61,H61),C61*E61*F61*H61,IF(AND(G61,H61),C61*E61*G61*H61,IF(F61,C61*E61*F61,IF(G61,C61*E61*G61,IF(H61,C61*E61*H61,C61*E61))))))),2) -> 0.55 | J61: Cum | N61: SSR 22-23
N62: SSR 22-23
J63: Cum | K63: ='data 2022-23'!G121 -> 8062.18 | L63: 1Cum | M63: =ROUND(I63*K63,0) -> 0 | N63: SSR 22-23
A64: 6 | B64: ~do~ for Pedastal concrete etc., complete | N64: SSR 22-23
B65: Qty.p.22 of M.B.No.1101/A/ZP/20 | N65: SSR 22-23
C66: 1 | D66: x | E66: 18 | F66: 0.45 | G66: 0.45 | H66: 0.45 | I66: =ROUND(IF(AND(F66:H66),C66*E66*F66*G66*H66,IF(AND(F66,G66),C66*E66*F66*G66,IF(AND(F66,H66),C66*E66*F66*H66,IF(AND(G66,H66),C66*E66*G66*H66,IF(F66,C66*E66*F66,IF(G66,C66*E66*G66,IF(H66,C66*E66*H66,C66*E66))))))),2) -> 1.64 | J66: Cum | N66: SSR 22-23
N67: SSR 22-23
J68: Cum | K68: ='data 2022-23'!G126 -> 8501.18 | L68: 1Cum | M68: =ROUND(I68*K68,0) -> 0 | N68: SSR 22-23
A69: 7 | B69: ~do~ for Columns etc., complete | N69: SSR 22-23
B70: Qty.p.23 of M.B.No.1101/A/ZP/20 | N70: SSR 22-23
B71: C1/F1 | C71: 1 | D71: x | E71: 1 | F71: 0.23 | G71: 0.38 | H71: 1.72 | I71: =ROUND(IF(AND(F71:H71),C71*E71*F71*G71*H71,IF(AND(F71,G71),C71*E71*F71*G71,IF(AND(F71,H71),C71*E71*F71*H71,IF(AND(G71,H71),C71*E71*G71*H71,IF(F71,C71*E71*F71,IF(G71,C71*E71*G71,IF(H71,C71*E71*H71,C71*E71))))))),2) -> 0.15 | J71: Cum | N71: SSR 22-23
B72: C1/F2 | C72: 1 | D72: x | E72: 1 | F72: 0.23 | G72: 0.38 | H72: 1.79 | I72: =ROUND(IF(AND(F72:H72),C72*E72*F72*G72*H72,IF(AND(F72,G72),C72*E72*F72*G72,IF(AND(F72,H72),C72*E72*F72*H72,IF(AND(G72,H72),C72*E72*G72*H72,IF(F72,C72*E72*F72,IF(G72,C72*E72*G72,IF(H72,C72*E72*H72,C72*E72))))))),2) -> 0.16 | J72: Cum | N72: SSR 22-23
B73: C1/F2 | C73: 1 | D73: x | E73: 1 | F73: 0.23 | G73: 0.38 | H73: 1.75 | I73: =ROUND(IF(AND(F73:H73),C73*E73*F73*G73*H73,IF(AND(F73,G73),C73*E73*F73*G73,IF(AND(F73,H73),C73*E73*F73*H73,IF(AND(G73,H73),C73*E73*G73*H73,IF(F73,C73*E73*F73,IF(G73,C73*E73*G73,IF(H73,C73*E73*H73,C73*E73))))))),2) -> 0.15 | J73: Cum | N73: SSR 22-23
B74: C2/F2 | C74: 1 | D74: x | E74: 1 | F74: 0.23 | G74: 0.38 | H74: 1.68 | I74: =ROUND(IF(AND(F74:H74),C74*E74*F74*G74*H74,IF(AND(F74,G74),C74*E74*F74*G74,IF(AND(F74,H74),C74*E74*F74*H74,IF(AND(G74,H74),C74*E74*G74*H74,IF(F74,C74*E74*F74,IF(G74,C74*E74*G74,IF(H74,C74*E74*H74,C74*E74))))))),2) -> 0.15 | J74: Cum | N74: SSR 22-23
B75: C2/F2 | C75: 1 | D75: x | E75: 1 | F75: 0.23 | G75: 0.38 | H75: 1.74 | I75: =ROUND(IF(AND(F75:H75),C75*E75*F75*G75*H75,IF(AND(F75,G75),C75*E75*F75*G75,IF(AND(F75,H75),C75*E75*F75*H75,IF(AND(G75,H75),C75*E75*G75*H75,IF(F75,C75*E75*F75,IF(G75,C75*E75*G75,IF(H75,C75*E75*H75,C75*E75))))))),2) -> 0.15 | J75: Cum | N75: SSR 22-23
B76: C1/F1 | C76: 1 | D76: x | E76: 1 | F76: 0.23 | G76: 0.23 | H76: 2.795 | I76: =ROUND(IF(AND(F76:H76),C76*E76*F76*G76*H76,IF(AND(F76,G76),C76*E76*F76*G76,IF(AND(F76,H76),C76*E76*F76*H76,IF(AND(G76,H76),C76*E76*G76*H76,IF(F76,C76*E76*F76,IF(G76,C76*E76*G76,IF(H76,C76*E76*H76,C76*E76))))))),2) -> 0.15 | J76: Cum | N76: SSR 22-23
B77: C2/F2 To C2/F2 | C77: 1 | D77: x | E77: 5 | F77: 0.23 | G77: 0.38 | H77: 2.795 | I77: =ROUND(IF(AND(F77:H77),C77*E77*F77*G77*H77,IF(AND(F77,G77),C77*E77*F77*G77,IF(AND(F77,H77),C77*E77*F77*H77,IF(AND(G77,H77),C77*E77*G77*H77,IF(F77,C77*E77*F77,IF(G77,C77*E77*G77,IF(H77,C77*E77*H77,C77*E77))))))),2) -> 1.22 | J77: Cum | N77: SSR 22-23
B78: C1/F1 | C78: 1 | D78: x | E78: 1 | F78: 0.23 | G78: 0.23 | H78: 2.795 | I78: =ROUND(IF(AND(F78:H78),C78*E78*F78*G78*H78,IF(AND(F78,G78),C78*E78*F78*G78,IF(AND(F78,H78),C78*E78*F78*H78,IF(AND(G78,H78),C78*E78*G78*H78,IF(F78,C78*E78*F78,IF(G78,C78*E78*G78,IF(H78,C78*E78*H78,C78*E78))))))),2) -> 0.15 | J78: Cum | N78: SSR 22-23
N79: SSR 22-23
J80: Cum | K80: ='data 2022-23'!E152 -> 10417.6 | L80: 1Cum | M80: =ROUND(I80*K80,0) -> 0 | N80: SSR 22-23
B81: PB 106, 109, 112 | C81: 1 | D81: x | E81: 3 | F81: 5.93 | G81: 0.23 | H81: 0.38 | I81: =ROUND(IF(AND(F81:H81),C81*E81*F81*G81*H81,IF(AND(F81,G81),C81*E81*F81*G81,IF(AND(F81,H81),C81*E81*F81*H81,IF(AND(G81,H81),C81*E81*G81*H81,IF(F81,C81*E81*F81,IF(G81,C81*E81*G81,IF(H81,C81*E81*H81,C81*E81))))))),2) -> 1.55 | J81: Cum | N81: SSR 22-23
B82: PB 107, 108, 110, 111 | C82: 1 | D82: x | E82: 4 | F82: 2.7 | G82: 0.23 | H82: 0.38 | I82: =ROUND(IF(AND(F82:H82),C82*E82*F82*G82*H82,IF(AND(F82,G82),C82*E82*F82*G82,IF(AND(F82,H82),C82*E82*F82*H82,IF(AND(G82,H82),C82*E82*G82*H82,IF(F82,C82*E82*F82,IF(G82,C82*E82*G82,IF(H82,C82*E82*H82,C82*E82))))))),2) -> 0.94 | J82: Cum | N82: SSR 22-23
A83: 8 | B83: ~do~ for Plinth beam etc., complete | N83: SSR 22-23
B84: Qty.p.49 of M.B.No.1101/A/ZP/20 | N84: SSR 22-23
B85: Alround the building | C85: 1 | D85: x | E85: 1 | F85: 48.51 | G85: 0.23 | H85: =(0.36+0.38)/2 -> 0.37 | I85: =ROUND(IF(AND(F85:H85),C85*E85*F85*G85*H85,IF(AND(F85,G85),C85*E85*F85*G85,IF(AND(F85,H85),C85*E85*F85*H85,IF(AND(G85,H85),C85*E85*G85*H85,IF(F85,C85*E85*F85,IF(G85,C85*E85*G85,IF(H85,C85*E85*H85,C85*E85))))))),2) -> 4.13 | J85: Cum | N85: SSR 22-23
C86: 1 | D86: x | E86: 1 | F86: 6.3 | G86: 0.3 | H86: 0.2 | I86: =ROUND(IF(AND(F86:H86),C86*E86*F86*G86*H86,IF(AND(F86,G86),C86*E86*F86*G86,IF(AND(F86,H86),C86*E86*F86*H86,IF(AND(G86,H86),C86*E86*G86*H86,IF(F86,C86*E86*F86,IF(G86,C86*E86*G86,IF(H86,C86*E86*H86,C86*E86))))))),2) -> 0.38 | J86: Cum | N86: SSR 22-23
N87: SSR 22-23
J88: Cum | K88: ='data 2022-23'!G131 -> 10162.18 | L88: 1Cum | M88: =ROUND(I88*K88,0) -> 0 | N88: SSR 22-23
A89: 9 | B89: ~do~ for Beams etc., complete | N89: SSR 22-23
B90: Qty.p.68 of M.B.No.1101/A/ZP/20 | N90: SSR 22-23
B91: Mid landing beam | C91: 1 | D91: x | E91: 1 | F91: 2.65 | G91: 0.23 | H91: 0.3 | I91: =ROUND(IF(AND(F91:H91),C91*E91*F91*G91*H91,IF(AND(F91,G91),C91*E91*F91*G91,IF(AND(F91,H91),C91*E91*F91*H91,IF(AND(G91,H91),C91*E91*G91*H91,IF(F91,C91*E91*F91,IF(G91,C91*E91*G91,IF(H91,C91*E91*H91,C91*E91))))))),2) -> 0.18 | J91: Cum | N91: SSR 22-23
B92: B1 to B4 | C92: 1 | D92: x | E92: 2 | F92: 1 | G92: 0.23 | H92: 0.3 | I92: =ROUND(IF(AND(F92:H92),C92*E92*F92*G92*H92,IF(AND(F92,G92),C92*E92*F92*G92,IF(AND(F92,H92),C92*E92*F92*H92,IF(AND(G92,H92),C92*E92*G92*H92,IF(F92,C92*E92*F92,IF(G92,C92*E92*G92,IF(H92,C92*E92*H92,C92*E92))))))),2) -> 0.14 | J92: Cum | N92: SSR 22-23
B93: FB112 | C93: 1 | D93: x | E93: 1 | F93: 15.75 | G93: 0.23 | H93: 0.3 | I93: =ROUND(IF(AND(F93:H93),C93*E93*F93*G93*H93,IF(AND(F93,G93),C93*E93*F93*G93,IF(AND(F93,H93),C93*E93*F93*H93,IF(AND(G93,H93),C93*E93*G93*H93,IF(F93,C93*E93*F93,IF(G93,C93*E93*G93,IF(H93,C93*E93*H93,C93*E93))))))),2) -> 1.09 | J93: Cum | N93: SSR 22-23
B94: Deduction | C94: 1 | D94: x | E94: 6 | F94: 0.23 | G94: 0.23 | H94: 0.3 | I94: =-ROUND(IF(AND(F94:H94),C94*E94*F94*G94*H94,IF(AND(F94,G94),C94*E94*F94*G94,IF(AND(F94,H94),C94*E94*F94*H94,IF(AND(G94,H94),C94*E94*G94*H94,IF(F94,C94*E94*F94,IF(G94,C94*E94*G94,IF(H94,C94*E94*H94,C94*E94))))))),2) -> -0.1 | J94: Cum | N94: SSR 22-23
N95: SSR 22-23
J96: Cum | K96: ='data 2022-23'!E179 -> 9921.19 | L96: 1Cum | M96: =ROUND(I96*K96,0) -> 0 | N96: SSR 22-23
A97: 10 | B97: ~do~ for Waist slab 150mm thick etc., complete | N97: SSR 22-23
B98: Qty.p.68 of M.B.No.1101/A/ZP/20 | N98: SSR 22-23
B99: Dead slab (1st flight) | C99: 1 | D99: x | E99: 1 | F99: 3.2 | G99: 1.2 | H99: 0 | I99: =ROUND(IF(AND(F99:H99),C99*E99*F99*G99*H99,IF(AND(F99,G99),C99*E99*F99*G99,IF(AND(F99,H99),C99*E99*F99*H99,IF(AND(G99,H99),C99*E99*G99*H99,IF(F99,C99*E99*F99,IF(G99,C99*E99*G99,IF(H99,C99*E99*H99,C99*E99))))))),2) -> 3.84 | J99: Sqm | N99: SSR 22-23
B100: Dead slab (2nd flight) | C100: 1 | D100: x | E100: 1 | F100: 3.6 | G100: 1.21 | H100: 0 | I100: =ROUND(IF(AND(F100:H100),C100*E100*F100*G100*H100,IF(AND(F100,G100),C100*E100*F100*G100,IF(AND(F100,H100),C100*E100*F100*H100,IF(AND(G100,H100),C100*E100*G100*H100,IF(F100,C100*E100*F100,IF(G100,C100*E100*G100,IF(H100,C100*E100*H100,C100*E100))))))),2) -> 4.36 | J100: Sqm | N100: SSR 22-23
...

Sheet steel cal
A1: P.No. | B1: 8MM | C1: 10MM | D1: 12MM | E1: 16MM | F1: 20MM
A2: 5 | B2: 1266 | C2: 56.7 | D2: 1144.9 | E2: 146 | F2: 0
B3: =ROUND(B2*0.39,2) -> 493.74 | C3: =ROUND(C2*0.62,2) -> 35.15 | D3: =ROUND(D2*0.89,2) -> 1018.96 | E3: =ROUND(E2*1.58,2) -> 230.68 | F3: =ROUND(F2*2.47,2) -> 0 | G3: Footings | H3: =SUM(B3:F3) -> 1778.53
A5: 22 | B5: 1280.85 | C5: 0 | D5: 352.76 | E5: 84.4 | F5: 0
B6: =ROUND(B5*0.39,2) -> 499.53 | C6: =ROUND(C5*0.62,2) -> 0 | D6: =ROUND(D5*0.89,2) -> 313.96 | E6: =ROUND(E5*1.58,2) -> 133.35 | F6: =ROUND(F5*2.47,2) -> 0 | G6: P.Beam | H6: =SUM(B6:F6) -> 946.84
A8: 39 | B8: 3528.72 | C8: 284.5 | D8: 398.7 | E8: 209.15 | F8: 0
B9: =ROUND(B8*0.39,2) -> 1376.2 | C9: =ROUND(C8*0.62,2) -> 176.39 | D9: =ROUND(D8*0.89,2) -> 354.84 | E9: =ROUND(E8*1.58,2) -> 330.46 | F9: =ROUND(F8*2.47,2) -> 0 | G9: slab | H9: =SUM(B9:F9) -> 2237.89
A12: 51 | B12: 256.5 | C12: 0 | D12: 234.6 | E12: 0 | F12: 0
B13: =ROUND(B12*0.39,2) -> 100.04 | C13: =ROUND(C12*0.62,2) -> 0 | D13: =ROUND(D12*0.89,2) -> 208.79 | E13: =ROUND(E12*1.58,2) -> 0 | F13: =ROUND(F12*2.47,2) -> 0 | G13: Lintel | H13: =SUM(B13:F13) -> 308.83
A15: 52 | B15: 0 | C15: 39.84 | D15: 68.76 | E15: 0 | F15: 0
B16: =ROUND(B15*0.39,2) -> 0 | C16: =ROUND(C15*0.62,2) -> 24.7 | D16: =ROUND(D15*0.89,2) -> 61.2 | E16: =ROUND(E15*1.58,2) -> 0 | F16: =ROUND(F15*2.47,2) -> 0 | G16: sill | H16: =SUM(B16:F16) -> 85.9
B21: =B2+B5+B8+B15+#REF!+B12+#REF!+#REF!+#REF!+#REF!+#REF!+#REF!+#REF!+#REF!+#REF!+#REF!+#REF!+#REF!+#REF! -> #REF! | C21: =C2+C5+C8+C15+#REF!+C12+#REF!+#REF!+#REF!+#REF!+#REF!+#REF!+#REF!+#REF!+#REF!+#REF!+#REF!+#REF!+#REF! -> #REF! | D21: =D2+D5+D8+D15+#REF!+D12+#REF!+#REF!+#REF!+#REF!+#REF!+#REF!+#REF!+#REF!+#REF!+#REF!+#REF!+#REF!+#REF! -> #REF! | E21: =E2+E5+E8+E15+#REF!+E12+#REF!+#REF!+#REF!+#REF!+#REF!+#REF!+#REF!+#REF!+#REF!+#REF!+#REF!+#REF!+#REF! -> #REF! | F21: =F2+F5+F8+F15+#REF!+F12+#REF!+#REF!+#REF!+#REF!+#REF!+#REF!+#REF!+#REF!+#REF!+#REF!+#REF!+#REF!+#REF! -> #REF!

Sheet SEIG P-A 
A1: SEIGNEORAGE CHARGES AND MATERIAL ABSTRACT (PART-A)
A2: ='lead 19-20'!B2&'lead 19-20'!C2 -> Name of the Work: Providing Additional Space for Health Staff in Grama Sachivalayam of Baduguleru GP of Kanigiri Mandal
A3: S No | B3: Description of the work | C3: Ground Floor | D3: First Floor | E3: second floor | F3: Total Quantity | H3: 40mm Metal | I3: 20mm HBG Chips | J3: 20mm-12mm Chips | K3: Rough Stone | L3: Sand Concrete | M3: Sand Mortar | N3: Sand Plastering | O3: Sand Filling | P3: S.Earth | Q3: Bricks | R3: Gravel | S3: Cement Qty in Kg | T3: Cement required
B4: AS PER SSR 2019-20 | F4: 1
A5: 1 | B5: Earthwork Excavation | F5: =C5+D5 -> 0 | G5: M3 | H5: 0 | I5: 0 | J5: 0 | K5: 0 | L5: 0 | M5: 0 | N5: 0 | O5: 0 | P5: 0 | Q5: 0 | R5: =F5 -> 0 | S5: 0 | T5: 0
A6: 1 | B6: Sand Filling | C6: ='PART-A'!I248 -> 87.51 | F6: =SUM(C6:E6) -> 87.51 | G6: M3 | H6: 0 | I6: 0 | J6: 0 | K6: 0 | L6: 0 | M6: 0 | N6: 0 | O6: =F6 -> 87.51 | P6: 0 | Q6: 0 | R6: 0 | S6: 0 | T6: 0
A7: 2 | B7: Selected Filling | C7: ='PART-A'!I189 -> 17.93 | F7: =SUM(C7:E7) -> 17.93 | G7: M3 | H7: 0 | I7: 0 | J7: 0 | K7: 0 | L7: 0 | M7: 0 | N7: 0 | O7: 0 | P7: =F7 -> 17.93 | Q7: 0 | R7: 0 | S7: 0 | T7: 0
A8: 4 | B8: Gravel filling | C8: ='PART-A'!I213 -> 0 | F8: =SUM(C8:E8) -> 0 | G8: M3 | H8: 0 | I8: 0 | J8: 0 | K8: 0 | L8: 0 | M8: 0 | N8: 0 | O8: 0 | Q8: 0 | R8: =F8 -> 0 | S8: 0 | T8: 0
A9: 3 | B9: PCC (1:4:8) | C9: ='PART-A'!I108 -> 20.59 | F9: =SUM(C9:E9) -> 20.59 | G9: M3 | H9: =ROUND(F9*0.9,2) -> 18.53 | I9: 0 | J9: 0 | K9: 0 | L9: =ROUND(F9*0.45,2) -> 9.27 | M9: 0 | N9: 0 | O9: 0 | P9: 0 | Q9: 0 | R9: 0 | S9: =ROUND(F9*T9/50,2) -> 66.71 | T9: 162 | U9: Kg
A10: 6 | B10: PCC (1:5:10) | C10: ='PART-A'!I155 -> 0 | F10: =SUM(C10:E10) -> 0 | G10: M3 | H10: =ROUND(F10*0.9,2) -> 0 | I10: 0 | J10: 0 | K10: 0 | L10: =ROUND(F10*0.45,2) -> 0 | M10: 0 | N10: 0 | O10: 0 | P10: 0 | Q10: 0 | R10: 0 | S10: =ROUND(F10*T10/50,2) -> 0 | T10: 129.6 | U10: Kg
A11: 4 | B11: RCC Footings | C11: ='PART-A'!I325 -> 9.44 | F11: =SUM(C11:E11) -> 9.44 | G11: M3 | H11: 0 | I11: =ROUND(F11*0.8,2) -> 7.55 | J11: 0 | K11: 0 | L11: =ROUND(F11*0.4,2) -> 3.78 | M11: 0 | N11: 0 | O11: 0 | P11: 0 | Q11: 0 | R11: 0 | S11: =ROUND(F11*T11/50,2) -> 64.19 | T11: =data!E110 -> 340 | U11: Kg
A12: 5 | B12: RCC Pedastals | C12: ='PART-A'!I348 -> 1.37 | F12: =SUM(C12:E12) -> 1.37 | G12: M3 | H12: 0 | I12: =ROUND(F12*0.8,2) -> 1.1 | J12: 0 | K12: 0 | L12: =ROUND(F12*0.4,2) -> 0.55 | M12: 0 | N12: 0 | O12: 0 | P12: 0 | Q12: 0 | R12: 0 | S12: =ROUND(F12*T12/50,2) -> 9.32 | T12: =$T$11 -> 340 | U12: Kg
A13: 6 | B13: RCC Columns | C13: ='PART-A'!I376 -> 5.64 | D13: =FF!I16 -> 0 | E13: =SF!I14 -> 0 | F13: =SUM(C13:E13) -> 5.64 | G13: M3 | H13: 0 | I13: =ROUND(F13*0.8,2) -> 4.51 | J13: 0 | K13: 0 | L13: =ROUND(F13*0.4,2) -> 2.26 | M13: 0 | N13: 0 | O13: 0 | P13: 0 | Q13: 0 | R13: 0 | S13: =ROUND(F13*T13/50,2) -> 38.35 | T13: =$T$11 -> 340 | U13: Kg
A14: 7 | B14: RCC Plinth Beam | C14: ='PART-A'!I430 -> 6.15 | F14: =SUM(C14:E14) -> 6.15 | G14: M3 | H14: 0 | I14: =ROUND(F14*0.8,2) -> 4.92 | J14: 0 | K14: 0 | L14: =ROUND(F14*0.4,2) -> 2.46 | M14: 0 | N14: 0 | O14: 0 | P14: 0 | Q14: 0 | R14: 0 | S14: =ROUND(F14*T14/50,2) -> 41.82 | T14: =$T$11 -> 340 | U14: Kg
A15: 8 | B15: RCC Roof Beams | C15: ='PART-A'!I477 -> 6.94 | D15: =FF!I59 -> 0 | E15: =SF!I39 -> 0 | F15: =SUM(C15:E15) -> 6.94 | G15: M3 | H15: 0 | I15: =ROUND(F15*0.8,2) -> 5.55 | J15: 0 | K15: 0 | L15: =ROUND(F15*0.4,2) -> 2.78 | M15: 0 | N15: 0 | O15: 0 | P15: 0 | Q15: 0 | R15: 0 | S15: =ROUND(F15*T15/50,2) -> 47.19 | T15: =$T$11 -> 340 | U15: Kg
A16: 9 | B16: RCC Landing Slab 150mm th | C16: =ROUND('PART-A'!I544*0.15,2) -> 0 | D16: =ROUND(FF!I112*0.15,2) -> 0 | E16: =ROUND(SF!I63*0.15,2) -> 0 | F16: =SUM(C16:E16) -> 0 | G16: M2 | H16: 0 | I16: =ROUND(F16*0.8,2) -> 0 | J16: 0 | K16: 0 | L16: =ROUND(F16*0.4,2) -> 0 | M16: 0 | N16: 0 | O16: 0 | P16: 0 | Q16: 0 | R16: 0 | S16: =ROUND(F16*T16/50,2) -> 0 | T16: =ROUND(T15,2) -> 340 | U16: Kg
A17: 9 | B17: RCC Roof Slab 125mm th | C17: =ROUND('PART-A'!I567*0.125,2) -> 14.76 | D17: =ROUND(FF!I140*0.125,2) -> 0 | E17: =ROUND(SF!I86*0.125,2) -> 0 | F17: =SUM(C17:E17) -> 14.76 | G17: M2 | H17: 0 | I17: =ROUND(F17*0.8,2) -> 11.81 | J17: 0 | K17: 0 | L17: =ROUND(F17*0.4,2) -> 5.9 | M17: 0 | N17: 0 | O17: 0 | P17: 0 | Q17: 0 | R17: 0 | S17: =ROUND(F17*T17/50,2) -> 100.37 | T17: =ROUND(T15,2) -> 340 | U17: Kg
A18: 10 | B18: RCC Roof Slab 100mm th | C18: =ROUND('PART-A'!I592*0.1,2) -> 2.21 | D18: =ROUND(FF!I164*0.1,2) -> 0 | E18: =ROUND(SF!I106*0.1,2) -> 0 | F18: =SUM(C18:E18) -> 2.21 | G18: M2 | H18: 0 | I18: =ROUND(F18*0.8,2) -> 1.77 | J18: 0 | K18: 0 | L18: =ROUND(F18*0.4,2) -> 0.88 | M18: 0 | N18: 0 | O18: 0 | P18: 0 | Q18: 0 | R18: 0 | S18: =ROUND(F18*T18/50,2) -> 15.03 | T18: =T17 -> 340 | U18: Kg
A19: 9 | B19: Precasted slab 50mm | C19: =ROUND('PART-A'!I616*0.05,2) -> 0 | D19: =ROUND(FF!I185*0.05,2) -> 0 | E19: =ROUND(SF!I127*0.05,2) -> 0 | F19: =SUM(C19:E19) -> 0 | G19: M2 | H19: 0 | I19: =ROUND(F19*0.8,2) -> 0 | J19: 0 | K19: 0 | L19: =ROUND(F19*0.4,2) -> 0 | M19: 0 | N19: 0 | O19: 0 | P19: 0 | Q19: 0 | R19: 0 | S19: =ROUND(F19*T19/50,2) -> 0 | T19: =T18 -> 340 | U19: Kg
A20: 16 | B20: Precasted slab 25mm | C20: =ROUND('PART-A'!I641*0.025,2) -> 0 | D20: =ROUND(FF!I209*0.025,2) -> 0 | E20: =ROUND(SF!I151*0.025,2) -> 0 | F20: =SUM(C20:E20) -> 0 | G20: M2 | H20: 0 | I20: =ROUND(F20*0.8,2) -> 0 | J20: 0 | K20: 0 | L20: =ROUND(F20*0.4,2) -> 0 | M20: 0 | N20: 0 | O20: 0 | P20: 0 | Q20: 0 | R20: 0 | S20: =ROUND(F20*T20/50,2) -> 0 | T20: =T19 -> 340 | U20: Kg
A21: 11 | B21: RCC Lintels | C21: ='PART-A'!I672 -> 1.21 | D21: =FF!I238 -> 0 | E21: =SF!I176 -> 0 | F21: =SUM(C21:E21) -> 1.21 | G21: M3 | H21: 0 | I21: =ROUND(F21*0.8,2) -> 0.97 | J21: 0 | K21: 0 | L21: =ROUND(F21*0.4,2) -> 0.48 | M21: 0 | N21: 0 | O21: 0 | P21: 0 | Q21: 0 | R21: 0 | S21: =ROUND(F21*T21/50,2) -> 8.23 | T21: =$T$11 -> 340 | U21: Kg
A22: 12 | B22: RCC Sunshades | C22: ='PART-A'!I767 -> 7.5 | D22: =FF!I282 -> 0 | E22: =SF!I202 -> 0 | F22: =SUM(C22:E22) -> 7.5 | G22: RM | H22: 0 | I22: =ROUND(F22*0.0375*0.8,2) -> 0.23 | J22: 0 | K22: 0 | L22: =ROUND(F22*0.0375*0.4,2) -> 0.11 | M22: 0 | N22: 0 | O22: 0 | P22: 0 | Q22: 0 | R22: 0 | S22: =ROUND(F22*T22/50,2) -> 1.91 | T22: =ROUND(T21*0.0375,2) -> 12.75 | U22: Kg
A23: 13 | B23: Acco Plaster'g CM (1:3) 12mm | C23: ='PART-A'!I790 -> 0 | D23: =FF!I307 -> 0 | E23: =SF!I222 -> 0 | F23: =SUM(C23:E23) -> 0 | G23: M2 | H23: 0 | I23: 0 | J23: 0 | K23: 0 | L23: 0 | M23: 0 | N23: =ROUND(F23*0.015*1.05,2) -> 0 | O23: 0 | P23: 0 | Q23: 0 | R23: 0 | S23: =ROUND(F23*T23/50,2) -> 0 | T23: 7.2 | U23: Kg
A24: 12 | B24: Acco Plaster'g CM (1:3) 20mm | C24: ='PART-A'!I815 -> 0 | D24: =FF!I332 -> 0 | E24: =SF!I243 -> 0 | F24: =SUM(C24:E24) -> 0 | G24: M2 | H24: 0 | I24: 0 | J24: 0 | K24: 0 | L24: 0 | M24: 0 | N24: =ROUND(F24*0.021*1.05,2) -> 0 | O24: 0 | P24: 0 | Q24: 0 | R24: 0 | S24: =ROUND(F24*T24/50,2) -> 0 | T24: 10.08 | U24: Kg
A25: 13 | B25: Rough stone | C25: ='PART-A'!I841 -> 0 | F25: =SUM(C25:E25) -> 0 | G25: M3 | H25: 0 | I25: 0 | J25: 0 | K25: =ROUND(F25*1.1,2) -> 0 | L25: 0 | M25: =ROUND(F25*0.33,2) -> 0 | N25: 0 | O25: 0 | P25: 0 | R25: 0 | S25: =ROUND(F25*T25/50,2) -> 0 | T25: 59.4 | U25: Kg
A26: 13 | B26: BM CM (1:8) Super | C26: ='PART-A'!I876 -> 22.57 | D26: =FF!I356 -> 0 | E26: =SF!I269 -> 0 | F26: =SUM(C26:E26) -> 22.57 | G26: M3 | H26: 0 | I26: 0 | J26: 0 | K26: 0 | L26: 0 | M26: =ROUND(F26*0.2,2) -> 4.51 | N26: 0 | O26: 0 | P26: 0 | Q26: =ROUND(F26*512/1000,2) -> 11.56 | R26: 0 | S26: =ROUND(F26*T26/50,2) -> 16.25 | T26: 36 | U26: Kg
A27: 14 | B27: BM CM (1:6) | C27: ='PART-A'!I934 -> 17.52 | D27: =FF!I396 -> 0 | E27: =SF!I298 -> 0 | F27: =SUM(C27:E27) -> 17.52 | G27: M3 | H27: 0 | I27: 0 | J27: 0 | K27: 0 | L27: 0 | M27: =ROUND(F27*0.2,2) -> 3.5 | N27: 0 | O27: 0 | P27: 0 | Q27: =ROUND(F27*512/1000,2) -> 8.97 | R27: 0 | S27: =ROUND(F27*T27/50,2) -> 16.82 | T27: 48 | U27: Kg
A28: 15 | B28: BM CM (1:4) 115mm | C28: ='PART-A'!I1037 -> 78.33 | D28: =FF!I487 -> 0 | E28: =SF!I328 -> 0 | F28: =SUM(C28:E28) -> 78.33 | G28: M2 | H28: 0 | J28: 0 | K28: 0 | L28: 0 | M28: =ROUND(F28*0.022,2) -> 1.72 | N28: 0 | O28: 0 | P28: 0 | Q28: =ROUND(F28*512*0.1/1000,2) -> 4.01 | R28: 0 | S28: =ROUND(F28*T28/50,2) -> 11.28 | T28: 7.2 | U28: Kg
A29: 16 | B29: Fly cement bricks | C29: ='PART-A'!I1129 -> 0 | D29: =FF!I557 -> 0 | E29: =SF!I354 -> 0 | F29: =SUM(C29:E29) -> 0 | G29: M3 | H29: 0 | I29: 0 | J29: 0 | K29: 0 | L29: 0 | M29: =ROUND(F29*0.1*1.05,2) -> 0 | N29: 0 | O29: 0 | P29: 0 | Q29: =ROUND(F29*110/1000,2) -> 0 | R29: 0 | S29: =ROUND(F29*T29/50,2) -> 0 | T29: 24 | U29: Kg
A30: 15 | B30: RCM drop wall | C30: ='PART-A'!I1159 -> 0 | D30: =FF!I584 -> 0 | F30: =SUM(C30:E30) -> 0 | G30: M2 | H30: 0 | I30: 0 | J30: 0 | K30: 0 | L30: 0 | M30: 0 | N30: =ROUND(F30*((0.015*1.05)+(0.025*1.05)),2) -> 0 | O30: 0 | P30: 0 | Q30: 0 | R30: 0 | S30: =ROUND(F30*T30/50,2) -> 0 | T30: 20.89 | U30: Kg
A31: 16 | B31: Ceiling Plaster CM (1:3) 12mm | C31: ='PART-A'!I1200 -> 134.56 | D31: =FF!I621 -> 0 | E31: =SF!I382 -> 0 | F31: =SUM(C31:E31) -> 134.56 | G31: M2 | H31: 0 | I31: 0 | J31: 0 | K31: 0 | L31: 0 | M31: 0 | N31: =ROUND(F31*0.015*1.05,2) -> 2.12 | O31: 0 | P31: 0 | Q31: 0 | R31: 0 | S31: =ROUND(F31*T31/50,2) -> 19.38 | T31: 7.2 | U31: Kg
A32: 2 | B32: Plaster'ing CM (1:5) 12mm th | C32: ='PART-A'!I1272 -> 0 | D32: =FF!I686 -> 0 | E32: =SF!I412 -> 0 | F32: =SUM(C32:E32) -> 0 | G32: M2 | H32: 0 | I32: 0 | J32: 0 | K32: 0 | L32: 0 | M32: 0 | N32: =ROUND(F32*0.015*1.05,2) -> 0 | O32: 0 | P32: 0 | Q32: 0 | R32: 0 | S32: =ROUND(F32*T32/50,2) -> 0 | T32: 4.32 | U32: Kg
A33: 18 | B33: Plaster'ing 20mm thick single | C33: ='PART-A'!I1299 -> 0 | D33: =FF!I718 -> 0 | E33: =SF!I444 -> 0 | F33: =SUM(C33:E33) -> 0 | G33: M2 | H33: 0 | I33: 0 | J33: 0 | K33: 0 | L33: 0 | M33: 0 | N33: =ROUND(F33*0.021*1.05,2) -> 0 | O33: 0 | P33: 0 | Q33: 0 | R33: 0 | S33: =ROUND(F33*T33/50,2) -> 0 | T33: 6.05 | U33: Kg
A34: 17 | B34: Plaster'ing 12mm thick double | C34: ='PART-A'!I1350 -> 263.18 | D34: =FF!I770 -> 0 | E34: =SF!I480 -> 0 | F34: =SUM(C34:E34) -> 263.18 | G34: M2 | H34: 0 | I34: 0 | J34: 0 | K34: 0 | L34: 0 | M34: 0 | N34: =ROUND(F34*0.015*1,2) -> 3.95 | O34: 0 | P34: 0 | Q34: 0 | R34: 0 | S34: =ROUND(F34*T34/50,2) -> 26.79 | T34: 5.09 | U34: Kg
A35: 18 | B35: Plaster'ing 20mm thick double | C35: ='PART-A'!I1457 -> 125.81 | D35: =FF!I865 -> 0 | E35: =SF!I515 -> 0 | F35: =SUM(C35:E35) -> 125.81 | G35: M2 | H35: 0 | I35: 0 | J35: 0 | K35: 0 | L35: 0 | M35: 0 | N35: =ROUND(F35*0.022*1,2) -> 2.77 | O35: 0 | P35: 0 | Q35: 0 | R35: 0 | S35: =ROUND(F35*T35/50,2) -> 14.47 | T35: 5.75 | U35: Kg
A36: 21 | B36: CC Steps | C36: ='PART-A'!I1509 -> 0 | D36: =FF!I911 -> 0 | E36: =SF!I544 -> 0 | F36: =SUM(C36:E36) -> 0 | G36: M3 | H36: 0 | I36: =ROUND(F36*0.8,2) -> 0 | J36: 0 | K36: 0 | L36: =ROUND(F36*0.4,2) -> 0 | M36: 0 | N36: 0 | O36: 0 | P36: 0 | Q36: 0 | R36: 0 | S36: =ROUND(F36*T36/50,2) -> 0 | T36: =$T$11 -> 340 | U36: Kg
A37: 7 | B37: Flooring Vetrified Tiles | C37: ='PART-A'!I1544 -> 0 | D37: =FF!I939 -> 0 | E37: =SF!I565 -> 0 | F37: =SUM(C37:E37) -> 0 | G37: M2 | H37: 0 | I37: 0 | J37: 0 | K37: 0 | L37: 0 | M37: =ROUND(F37*0.014,2) -> 0 | N37: 0 | O37: 0 | P37: 0 | Q37: 0 | R37: 0 | S37: =ROUND(F37*T37/50,2) -> 0 | T37: 6.06 | U37: Kg
A38: 8 | B38: Skirting Vetrified Tiles | C38: ='PART-A'!I1600 -> 0 | D38: =FF!I970 -> 0 | E38: =SF!I590 -> 0 | F38: =SUM(C38:E38) -> 0 | G38: M2 | H38: 0 | I38: 0 | J38: 0 | K38: 0 | L38: 0 | M38: =ROUND(F38*0.012,2) -> 0 | N38: 0 | O38: 0 | P38: 0 | Q38: 0 | R38: 0 | S38: =ROUND(F38*T38/50,2) -> 0 | T38: 6.756 | U38: Kg
A39: 19 | B39: Flooring Granite stone | C39: ='PART-A'!I1671 -> 0 | D39: =FF!I1009 -> 0 | E39: =SF!I618 -> 0 | F39: =SUM(C39:E39) -> 0 | G39: M2 | H39: 0 | I39: 0 | J39: 0 | K39: 0 | L39: 0 | M39: =ROUND(F39*0.014,2) -> 0 | N39: 0 | O39: 0 | P39: 0 | Q39: 0 | R39: 0 | S39: =ROUND(F39*T39/50,2) -> 0 | T39: 7.5 | U39: Kg
A40: 20 | B40: Skirting Granite stone | C40: ='PART-A'!I1724 -> 0 | D40: =FF!I1048 -> 0 | E40: =SF!I646 -> 0 | F40: =SUM(C40:E40) -> 0 | G40: M2 | H40: 0 | I40: 0 | J40: 0 | K40: 0 | L40: 0 | M40: =ROUND(F40*0.012,2) -> 0 | N40: 0 | O40: 0 | P40: 0 | Q40: 0 | R40: 0 | S40: =ROUND(F40*T40/50,2) -> 0 | T40: 9.06 | U40: Kg
A41: 37 | B41: Flooring Terrazo tiles | C41: ='PART-A'!I1768 -> 0 | D41: =FF!I1089 -> 0 | E41: =SF!I674 -> 0 | F41: =SUM(C41:E41) -> 0 | G41: M2 | H41: 0 | I41: 0 | J41: 0 | K41: 0 | L41: 0 | M41: =ROUND(F41*0.014,2) -> 0 | N41: 0 | O41: 0 | P41: 0 | Q41: 0 | R41: 0 | S41: =ROUND(F41*T41/50,2) -> 0 | T41: 7.5 | U41: Kg
A42: 38 | B42: Skirting Terrazo tiles | C42: ='PART-A'!I1798 -> 0 | D42: =FF!I1123 -> 0 | E42: =SF!I702 -> 0 | F42: =SUM(C42:E42) -> 0 | G42: M2 | H42: 0 | I42: 0 | J42: 0 | K42: 0 | L42: 0 | M42: =ROUND(F42*0.012,2) -> 0 | N42: 0 | O42: 0 | P42: 0 | Q42: 0 | R42: 0 | S42: =ROUND(F42*T42/50,2) -> 0 | T42: 6.756 | U42: Kg
A43: 11 | B43: Ceramic Tiles Flooring | C43: ='PART-A'!I1825 -> 0 | D43: =FF!I1155 -> 0 | E43: =SF!I730 -> 0 | F43: =SUM(C43:E43) -> 0 | G43: M2 | H43: 0 | I43: 0 | J43: 0 | K43: 0 | L43: 0 | M43: =ROUND(F43*0.012,2) -> 0 | N43: 0 | O43: 0 | P43: 0 | Q43: 0 | R43: 0 | S43: =ROUND(F43*T43/50,2) -> 0 | T43: 5.46 | U43: Kg
A44: 12 | B44: Daddooing wall tiles | C44: ='PART-A'!I1849 -> 0 | D44: =FF!I1182 -> 0 | E44: =SF!I757 -> 0 | F44: =SUM(C44:E44) -> 0 | G44: M2 | H44: 0 | I44: 0 | J44: 0 | K44: 0 | L44: 0 | M44: =ROUND(F44*0.012,2) -> 0 | N44: 0 | O44: 0 | P44: 0 | Q44: 0 | R44: 0 | S44: =ROUND(F44*T44/50,2) -> 0 | T44: 9.06 | U44: Kg
A45: 21 | B45: Pressed tiles | C45: ='PART-A'!I1876 -> 0 | D45: =FF!I1217 -> 0 | E45: =SF!I781 -> 0 | F45: =SUM(C45:E45) -> 0 | G45: M2 | H45: 0 | I45: 0 | J45: 0 | K45: 0 | L45: 0 | M45: =ROUND(F45*0.008*1,2) -> 0 | N45: 0 | O45: 0 | P45: 0 | Q45: 0 | R45: 0 | S45: =ROUND(F45*T45/50,2) -> 0 | T45: 2.76 | U45: Kg
A46: 5 | B46: Gronolithie Concrete | C46: ='PART-A'!I1931 -> 0 | F46: =SUM(C46:E46) -> 0 | G46: M3 | H46: 0 | I46: =ROUND(F46*0.017,2) -> 0 | J46: 0 | K46: 0 | L46: =ROUND(F46*0.009,2) -> 0 | M46: 0 | N46: 0 | O46: 0 | P46: 0 | Q46: 0 | R46: 0 | S46: =ROUND(F46*T46/50,2) -> 0 | T46: 12 | U46: Kg
B48: Total Qty | F48: 1 | H48: =SUM(H5:H47) -> 18.53 | I48: =SUM(I5:I47) -> 38.41 | J48: =SUM(J5:J47) -> 0 | K48: =SUM(K5:K47) -> 0 | L48: =SUM(L5:L47) -> 28.47 | M48: =SUM(M5:M47) -> 9.73 | N48: =SUM(N5:N47) -> 8.84 | O48: =SUM(O5:O47) -> 87.51 | ... S48: =SUM(S5:S47) -> 498.11 | T48: Bags
B49: AS PER SSR 2020-21 | F49: 1
A50: 1 | B50: Earthwork Excavation | F50: =C50+D50 -> 0 | G50: M3 | H50: 0 | I50: 0 | J50: 0 | K50: 0 | L50: 0 | M50: 0 | N50: 0 | O50: 0 | P50: 0 | Q50: 0 | R50: =F50 -> 0 | S50: 0 | T50: 0
A51: 1 | B51: Sand Filling | C51: ='PART-A'!I264 -> 0 | F51: =SUM(C51:E51) -> 0 | G51: M3 | H51: 0 | I51: 0 | J51: 0 | K51: 0 | L51: 0 | M51: 0 | N51: 0 | O51: =F51 -> 0 | P51: 0 | Q51: 0 | R51: 0 | S51: 0 | T51: 0
A52: 8 | B52: Selected Filling | C52: ='PART-A'!I195 -> 0 | F52: =SUM(C52:E52) -> 0 | G52: M3 | H52: 0 | I52: 0 | J52: 0 | K52: 0 | L52: 0 | M52: 0 | N52: 0 | O52: 0 | P52: =F52 -> 0 | Q52: 0 | R52: 0 | S52: 0 | T52: 0
A53: 4 | B53: Gravel filling | C53: ='PART-A'!I219 -> 0 | F53: =SUM(C53:E53) -> 0 | G53: M3 | H53: 0 | I53: 0 | J53: 0 | K53: 0 | L53: 0 | M53: 0 | N53: 0 | O53: 0 | Q53: 0 | R53: =F53 -> 0 | S53: 0 | T53: 0
A54: 9 | B54: PCC (1:4:8) | C54: ='PART-A'!I127 -> 0 | F54: =SUM(C54:E54) -> 0 | G54: M3 | H54: =ROUND(F54*0.9,2) -> 0 | I54: 0 | J54: 0 | K54: 0 | L54: =ROUND(F54*0.45,2) -> 0 | M54: 0 | N54: 0 | O54: 0 | P54: 0 | Q54: 0 | R54: 0 | S54: =ROUND(F54*T54/50,2) -> 0 | T54: 162 | U54: Kg
A55: 6 | B55: PCC (1:5:10) | C55: ='PART-A'!I164 -> 0 | F55: =SUM(C55:E55) -> 0 | G55: M3 | H55: =ROUND(F55*0.9,2) -> 0 | I55: 0 | J55: 0 | K55: 0 | L55: =ROUND(F55*0.45,2) -> 0 | M55: 0 | N55: 0 | O55: 0 | P55: 0 | Q55: 0 | R55: 0 | S55: =ROUND(F55*T55/50,2) -> 0 | T55: 129.6 | U55: Kg
A56: 3 | B56: RCC Footings | C56: ='PART-A'!I332 -> 0 | F56: =SUM(C56:E56) -> 0 | G56: M3 | H56: 0 | I56: =ROUND(F56*0.8,2) -> 0 | J56: 0 | K56: 0 | L56: =ROUND(F56*0.4,2) -> 0 | M56: 0 | N56: 0 | O56: 0 | P56: 0 | Q56: 0 | R56: 0 | S56: =ROUND(F56*T56/50,2) -> 0 | T56: =data!E1026 -> 340 | U56: Kg
A57: 4 | B57: RCC Pedastals | C57: ='PART-A'!I353 -> 0 | F57: =SUM(C57:E57) -> 0 | G57: M3 | H57: 0 | I57: =ROUND(F57*0.8,2) -> 0 | J57: 0 | K57: 0 | L57: =ROUND(F57*0.4,2) -> 0 | M57: 0 | N57: 0 | O57: 0 | P57: 0 | Q57: 0 | R57: 0 | S57: =ROUND(F57*T57/50,2) -> 0 | T57: =$T$56 -> 340 | U57: Kg
A58: 5 | B58: RCC Columns | C58: ='PART-A'!I387 -> 0 | D58: =FF!I21 -> 0 | E58: =SF!I21 -> 0 | F58: =SUM(C58:E58) -> 0 | G58: M3 | H58: 0 | I58: =ROUND(F58*0.8,2) -> 0 | J58: 0 | K58: 0 | L58: =ROUND(F58*0.4,2) -> 0 | M58: 0 | N58: 0 | O58: 0 | P58: 0 | Q58: 0 | R58: 0 | S58: =ROUND(F58*T58/50,2) -> 0 | T58: =$T$56 -> 340 | U58: Kg
A59: 6 | B59: RCC Plinth Beam | C59: ='PART-A'!I441 -> 0 | F59: =SUM(C59:E59) -> 0 | G59: M3 | H59: 0 | I59: =ROUND(F59*0.8,2) -> 0 | J59: 0 | K59: 0 | L59: =ROUND(F59*0.4,2) -> 0 | M59: 0 | N59: 0 | O59: 0 | P59: 0 | Q59: 0 | R59: 0 | S59: =ROUND(F59*T59/50,2) -> 0 | T59: =$T$56 -> 340 | U59: Kg
A60: 10 | B60: RCC Roof Beams | C60: ='PART-A'!I501 -> 0 | D60: =FF!I74 -> 0 | E60: =SF!I45 -> 0 | F60: =SUM(C60:E60) -> 0 | G60: M3 | H60: 0 | I60: =ROUND(F60*0.8,2) -> 0 | J60: 0 | K60: 0 | L60: =ROUND(F60*0.4,2) -> 0 | M60: 0 | N60: 0 | O60: 0 | P60: 0 | Q60: 0 | R60: 0 | S60: =ROUND(F60*T60/50,2) -> 0 | T60: =$T$56 -> 340 | U60: Kg
A61: 14 | B61: RCC Landing Slab 150mm th | C61: =ROUND('PART-A'!I550*0.15,2) -> 0 | D61: =ROUND(FF!I120*0.15,2) -> 0 | E61: =ROUND(SF!I69*0.15,2) -> 0 | F61: =SUM(C61:E61) -> 0 | G61: M2 | H61: 0 | I61: =ROUND(F61*0.8,2) -> 0 | J61: 0 | K61: 0 | L61: =ROUND(F61*0.4,2) -> 0 | M61: 0 | N61: 0 | O61: 0 | P61: 0 | Q61: 0 | R61: 0 | S61: =ROUND(F61*T61/50,2) -> 0 | T61: =ROUND(T60,2) -> 340 | U61: Kg
A62: 11 | B62: RCC Roof Slab 125mm th | C62: =ROUND('PART-A'!I573*0.125,2) -> 0 | D62: =ROUND(FF!I146*0.125,2) -> 0 | E62: =ROUND(SF!I91*0.125,2) -> 0 | F62: =SUM(C62:E62) -> 0 | G62: M2 | H62: 0 | I62: =ROUND(F62*0.8,2) -> 0 | J62: 0 | K62: 0 | L62: =ROUND(F62*0.4,2) -> 0 | M62: 0 | N62: 0 | O62: 0 | P62: 0 | Q62: 0 | R62: 0 | S62: =ROUND(F62*T62/50,2) -> 0 | T62: =ROUND(T60,2) -> 340 | U62: Kg
A63: 12 | B63: RCC Roof Slab 100mm th | C63: =ROUND('PART-A'!I598*0.1,2) -> 0 | D63: =ROUND(FF!I169*0.1,2) -> 0 | E63: =ROUND(SF!I111*0.1,2) -> 0 | F63: =SUM(C63:E63) -> 0 | G63: M2 | H63: 0 | I63: =ROUND(F63*0.8,2) -> 0 | J63: 0 | K63: 0 | L63: =ROUND(F63*0.4,2) -> 0 | M63: 0 | N63: 0 | O63: 0 | P63: 0 | Q63: 0 | R63: 0 | S63: =ROUND(F63*T63/50,2) -> 0 | T63: =T62 -> 340 | U63: Kg
A64: 9 | B64: Precasted slab 50mm | C64: =ROUND('PART-A'!I622*0.05,2) -> 0 | D64: =ROUND(FF!I191*0.05,2) -> 0 | E64: =ROUND(SF!I133*0.05,2) -> 0 | F64: =SUM(C64:E64) -> 0 | G64: M2 | H64: 0 | I64: =ROUND(F64*0.8,2) -> 0 | J64: 0 | K64: 0 | L64: =ROUND(F64*0.4,2) -> 0 | M64: 0 | N64: 0 | O64: 0 | P64: 0 | Q64: 0 | R64: 0 | S64: =ROUND(F64*T64/50,2) -> 0 | T64: =T63 -> 340 | U64: Kg
A65: 16 | B65: Precasted slab 25mm | C65: =ROUND('PART-A'!I648*0.025,2) -> 0 | D65: =ROUND(FF!I215*0.025,2) -> 0 | E65: =ROUND(SF!I157*0.025,2) -> 0 | F65: =SUM(C65:E65) -> 0 | G65: M2 | H65: 0 | I65: =ROUND(F65*0.8,2) -> 0 | J65: 0 | K65: 0 | L65: =ROUND(F65*0.4,2) -> 0 | M65: 0 | N65: 0 | O65: 0 | P65: 0 | Q65: 0 | R65: 0 | S65: =ROUND(F65*T65/50,2) -> 0 | T65: =T64 -> 340 | U65: Kg
A66: 13 | B66: RCC Lintels | C66: ='PART-A'!I684 -> 0 | D66: =FF!I259 -> 0 | E66: =SF!I183 -> 0 | F66: =SUM(C66:E66) -> 0 | G66: M3 | H66: 0 | I66: =ROUND(F66*0.8,2) -> 0 | J66: 0 | K66: 0 | L66: =ROUND(F66*0.4,2) -> 0 | M66: 0 | N66: 0 | O66: 0 | P66: 0 | Q66: 0 | R66: 0 | S66: =ROUND(F66*T66/50,2) -> 0 | T66: =$T$56 -> 340 | U66: Kg
A67: 14 | B67: RCC Sunshades | C67: ='PART-A'!I772 -> 0 | D67: =FF!I288 -> 0 | E67: =SF!I207 -> 0 | F67: =SUM(C67:E67) -> 0 | G67: RM | H67: 0 | I67: =ROUND(F67*0.0375*0.8,2) -> 0 | J67: 0 | K67: 0 | L67: =ROUND(F67*0.0375*0.4,2) -> 0 | M67: 0 | N67: 0 | O67: 0 | P67: 0 | Q67: 0 | R67: 0 | S67: =ROUND(F67*T67/50,2) -> 0 | T67: =ROUND(T66*0.0375,2) -> 12.75 | U67: Kg
A68: 15 | B68: Acco Plaster'g CM (1:3) 12mm | C68: ='PART-A'!I797 -> 0 | D68: =FF!I314 -> 0 | E68: =SF!I227 -> 0 | F68: =SUM(C68:E68) -> 0 | G68: M2 | H68: 0 | I68: 0 | J68: 0 | K68: 0 | L68: 0 | M68: 0 | N68: =ROUND(F68*0.015*1.05,2) -> 0 | O68: 0 | P68: 0 | Q68: 0 | R68: 0 | S68: =ROUND(F68*T68/50,2) -> 0 | T68: 7.2 | U68: Kg
A69: 12 | B69: Acco Plaster'g CM (1:3) 20mm | C69: ='PART-A'!I822 -> 0 | D69: =FF!I338 -> 0 | E69: =SF!I249 -> 0 | F69: =SUM(C69:E69) -> 0 | G69: M2 | H69: 0 | I69: 0 | J69: 0 | K69: 0 | L69: 0 | M69: 0 | N69: =ROUND(F69*0.021*1.05,2) -> 0 | O69: 0 | P69: 0 | Q69: 0 | R69: 0 | S69: =ROUND(F69*T69/50,2) -> 0 | T69: 10.08 | U69: Kg
A70: 13 | B70: Rough stone | C70: ='PART-A'!I848 -> 0 | F70: =SUM(C70:E70) -> 0 | G70: M3 | H70: 0 | I70: 0 | J70: 0 | K70: =ROUND(F70*1.1,2) -> 0 | L70: 0 | M70: =ROUND(F70*0.33,2) -> 0 | N70: 0 | O70: 0 | P70: 0 | R70: 0 | S70: =ROUND(F70*T70/50,2) -> 0 | T70: 59.4 | U70: Kg
A71: 16 | B71: BM CM (1:8) Super | C71: ='PART-A'!I885 -> 0 | D71: =FF!I362 -> 0 | E71: =SF!I274 -> 0 | F71: =SUM(C71:E71) -> 0 | G71: M3 | H71: 0 | I71: 0 | J71: 0 | K71: 0 | L71: 0 | M71: =ROUND(F71*0.2,2) -> 0 | N71: 0 | O71: 0 | P71: 0 | Q71: =ROUND(F71*512/1000,2) -> 0 | R71: 0 | S71: =ROUND(F71*T71/50,2) -> 0 | T71: 36 | U71: Kg
A72: 17 | B72: BM CM (1:6) | C72: ='PART-A'!I950 -> 0 | D72: =FF!I435 -> 0 | E72: =SF!I307 -> 0 | F72: =SUM(C72:E72) -> 0 | G72: M3 | H72: 0 | I72: 0 | J72: 0 | K72: 0 | L72: 0 | M72: =ROUND(F72*0.2,2) -> 0 | N72: 0 | O72: 0 | P72: 0 | Q72: =ROUND(F72*512/1000,2) -> 0 | R72: 0 | S72: =ROUND(F72*T72/50,2) -> 0 | T72: 48 | U72: Kg
A73: 18 | B73: BM CM (1:4) 115mm | C73: ='PART-A'!I1060 -> 0 | D73: =FF!I520 -> 0 | E73: =SF!I333 -> 0 | F73: =SUM(C73:E73) -> 0 | G73: M2 | H73: 0 | J73: 0 | K73: 0 | L73: 0 | M73: =ROUND(F73*0.022,2) -> 0 | N73: 0 | O73: 0 | P73: 0 | Q73: =ROUND(F73*512*0.1/1000,2) -> 0 | R73: 0 | S73: =ROUND(F73*T73/50,2) -> 0 | T73: 7.2 | U73: Kg
A74: 16 | B74: Fly cement bricks | C74: ='PART-A'!I1137 -> 0 | D74: =FF!I564 -> 0 | E74: =SF!I361 -> 0 | F74: =SUM(C74:E74) -> 0 | G74: M3 | H74: 0 | I74: 0 | J74: 0 | K74: 0 | L74: 0 | M74: =ROUND(F74*0.1*1.05,2) -> 0 | N74: 0 | O74: 0 | P74: 0 | Q74: =ROUND(F74*110/1000,2) -> 0 | R74: 0 | S74: =ROUND(F74*T74/50,2) -> 0 | T74: 24 | U74: Kg
A75: 14 | B75: RCM drop wall | C75: ='PART-A'!I1166 -> 0 | D75: =FF!I590 -> 0 | F75: =SUM(C75:E75) -> 0 | G75: M2 | H75: 0 | I75: 0 | J75: 0 | K75: 0 | L75: 0 | M75: 0 | N75: =ROUND(F75*((0.015*1.05)+(0.025*1.05)),2) -> 0 | O75: 0 | P75: 0 | Q75: 0 | R75: 0 | S75: =ROUND(F75*T75/50,2) -> 0 | T75: 20.89 | U75: Kg
A76: 19 | B76: Ceiling Plaster CM (1:3) 12mm | C76: ='PART-A'!I1220 -> 0 | D76: =FF!I652 -> 0 | E76: =SF!I390 -> 0 | F76: =SUM(C76:E76) -> 0 | G76: M2 | H76: 0 | I76: 0 | J76: 0 | K76: 0 | L76: 0 | M76: 0 | N76: =ROUND(F76*0.015*1.05,2) -> 0 | O76: 0 | P76: 0 | Q76: 0 | R76: 0 | S76: =ROUND(F76*T76/50,2) -> 0 | T76: 7.2 | U76: Kg
A77: 2 | B77: Plaster'ing CM (1:5) 12mm th | C77: ='PART-A'!I1279 -> 0 | D77: =FF!I694 -> 0 | E77: =SF!I420 -> 0 | F77: =SUM(C77:E77) -> 0 | G77: M2 | H77: 0 | I77: 0 | J77: 0 | K77: 0 | L77: 0 | M77: 0 | N77: =ROUND(F77*0.015*1.05,2) -> 0 | O77: 0 | P77: 0 | Q77: 0 | R77: 0 | S77: =ROUND(F77*T77/50,2) -> 0 | T77: 4.32 | U77: Kg
A78: 3 | B78: Plaster'ing 20mm thick single | C78: ='PART-A'!I1306 -> 0 | D78: =FF!I726 -> 0 | E78: =SF!I452 -> 0 | F78: =SUM(C78:E78) -> 0 | G78: M2 | H78: 0 | I78: 0 | J78: 0 | K78: 0 | L78: 0 | M78: 0 | N78: =ROUND(F78*0.021*1.05,2) -> 0 | O78: 0 | P78: 0 | Q78: 0 | R78: 0 | S78: =ROUND(F78*T78/50,2) -> 0 | T78: 6.05 | U78: Kg
A79: 20 | B79: Plaster'ing 12mm thick double | C79: ='PART-A'!I1379 -> 0 | D79: =FF!I823 -> 0 | E79: =SF!I489 -> 0 | F79: =SUM(C79:E79) -> 0 | G79: M2 | H79: 0 | I79: 0 | J79: 0 | K79: 0 | L79: 0 | M79: 0 | N79: =ROUND(F79*0.015*1,2) -> 0 | O79: 0 | P79: 0 | Q79: 0 | R79: 0 | S79: =ROUND(F79*T79/50,2) -> 0 | T79: 5.09 | U79: Kg
A80: 21 | B80: Plaster'ing 20mm thick double | C80: ='PART-A'!I1463 -> 0 | D80: =FF!I890 -> 0 | E80: =SF!I525 -> 0 | F80: =SUM(C80:E80) -> 0 | G80: M2 | H80: 0 | I80: 0 | J80: 0 | K80: 0 | L80: 0 | M80: 0 | N80: =ROUND(F80*0.022*1,2) -> 0 | O80: 0 | P80: 0 | Q80: 0 | R80: 0 | S80: =ROUND(F80*T80/50,2) -> 0 | T80: 5.75 | U80: Kg
A81: 19 | B81: CC Steps | C81: ='PART-A'!I1516 -> 0 | D81: =FF!I918 -> 0 | E81: =SF!I549 -> 0 | F81: =SUM(C81:E81) -> 0 | G81: M3 | H81: 0 | I81: =ROUND(F81*0.8,2) -> 0 | J81: 0 | K81: 0 | L81: =ROUND(F81*0.4,2) -> 0 | M81: 0 | N81: 0 | O81: 0 | P81: 0 | Q81: 0 | R81: 0 | S81: =ROUND(F81*T81/50,2) -> 0 | T81: =$T$56 -> 340 | U81: Kg
A82: 19 | B82: Flooring Vetrified Tiles | C82: ='PART-A'!I1556 -> 0 | D82: =FF!I949 -> 0 | E82: =SF!I571 -> 0 | F82: =SUM(C82:E82) -> 0 | G82: M2 | H82: 0 | I82: 0 | J82: 0 | K82: 0 | L82: 0 | M82: =ROUND(F82*0.014,2) -> 0 | N82: 0 | O82: 0 | P82: 0 | Q82: 0 | R82: 0 | S82: =ROUND(F82*T82/50,2) -> 0 | T82: 6.06 | U82: Kg
A83: 20 | B83: Skirting Vetrified Tiles | C83: ='PART-A'!I1625 -> 0 | D83: =FF!I988 -> 0 | E83: =SF!I597 -> 0 | F83: =SUM(C83:E83) -> 0 | G83: M2 | H83: 0 | I83: 0 | J83: 0 | K83: 0 | L83: 0 | M83: =ROUND(F83*0.012,2) -> 0 | N83: 0 | O83: 0 | P83: 0 | Q83: 0 | R83: 0 | S83: =ROUND(F83*T83/50,2) -> 0 | T83: 6.756 | U83: Kg
A84: 27 | B84: Flooring Granite stone | C84: ='PART-A'!I1681 -> 0 | D84: =FF!I1017 -> 0 | E84: =SF!I625 -> 0 | F84: =SUM(C84:E84) -> 0 | G84: M2 | H84: 0 | I84: 0 | J84: 0 | K84: 0 | L84: 0 | M84: =ROUND(F84*0.014,2) -> 0 | N84: 0 | O84: 0 | P84: 0 | Q84: 0 | R84: 0 | S84: =ROUND(F84*T84/50,2) -> 0 | T84: 7.5 | U84: Kg
A85: 25 | B85: Skirting Granite stone | C85: ='PART-A'!I1735 -> 0 | D85: =FF!I1057 -> 0 | E85: =SF!I653 -> 0 | F85: =SUM(C85:E85) -> 0 | G85: M2 | H85: 0 | I85: 0 | J85: 0 | K85: 0 | L85: 0 | M85: =ROUND(F85*0.012,2) -> 0 | N85: 0 | O85: 0 | P85: 0 | Q85: 0 | R85: 0 | S85: =ROUND(F85*T85/50,2) -> 0 | T85: 9.06 | U85: Kg
A86: 21 | B86: Flooring Terrazo tiles | C86: ='PART-A'!I1777 -> 0 | D86: =FF!I1100 -> 0 | E86: =SF!I681 -> 0 | F86: =SUM(C86:E86) -> 0 | G86: M2 | H86: 0 | I86: 0 | J86: 0 | K86: 0 | L86: 0 | M86: =ROUND(F86*0.014,2) -> 0 | N86: 0 | O86: 0 | P86: 0 | Q86: 0 | R86: 0 | S86: =ROUND(F86*T86/50,2) -> 0 | T86: 7.5 | U86: Kg
A87: 22 | B87: Skirting Terrazo tiles | C87: ='PART-A'!I1805 -> 0 | D87: =FF!I1134 -> 0 | E87: =SF!I709 -> 0 | F87: =SUM(C87:E87) -> 0 | G87: M2 | H87: 0 | I87: 0 | J87: 0 | K87: 0 | L87: 0 | M87: =ROUND(F87*0.012,2) -> 0 | N87: 0 | O87: 0 | P87: 0 | Q87: 0 | R87: 0 | S87: =ROUND(F87*T87/50,2) -> 0 | T87: 6.756 | U87: Kg
A88: 28 | B88: Ceramic Tiles Flooring | C88: ='PART-A'!I1830 -> 0 | D88: =FF!I1163 -> 0 | E88: =SF!I737 -> 0 | F88: =SUM(C88:E88) -> 0 | G88: M2 | H88: 0 | I88: 0 | J88: 0 | K88: 0 | L88: 0 | M88: =ROUND(F88*0.012,2) -> 0 | N88: 0 | O88: 0 | P88: 0 | Q88: 0 | R88: 0 | S88: =ROUND(F88*T88/50,2) -> 0 | T88: 5.46 | U88: Kg
A89: 29 | B89: Daddooing wall tiles | C89: ='PART-A'!I1856 -> 0 | D89: =FF!I1190 -> 0 | E89: =SF!I763 -> 0 | F89: =SUM(C89:E89) -> 0 | G89: M2 | H89: 0 | I89: 0 | J89: 0 | K89: 0 | L89: 0 | M89: =ROUND(F89*0.012,2) -> 0 | N89: 0 | O89: 0 | P89: 0 | Q89: 0 | R89: 0 | S89: =ROUND(F89*T89/50,2) -> 0 | T89: 9.06 | U89: Kg
A90: 22 | B90: Pressed tiles | C90: ='PART-A'!I1883 -> 0 | D90: =FF!I1225 -> 0 | E90: =SF!I787 -> 0 | F90: =SUM(C90:E90) -> 0 | G90: M2 | H90: 0 | I90: 0 | J90: 0 | K90: 0 | L90: 0 | M90: =ROUND(F90*0.008*1,2) -> 0 | N90: 0 | O90: 0 | P90: 0 | Q90: 0 | R90: 0 | S90: =ROUND(F90*T90/50,2) -> 0 | T90: 2.76 | U90: Kg
A91: 5 | B91: Gronolithie Concrete | C91: ='PART-A'!I1938 -> 0 | F91: =SUM(C91:E91) -> 0 | G91: M3 | H91: 0 | I91: =ROUND(F91*0.017,2) -> 0 | J91: 0 | K91: 0 | L91: =ROUND(F91*0.009,2) -> 0 | M91: 0 | N91: 0 | O91: 0 | P91: 0 | Q91: 0 | R91: 0 | S91: =ROUND(F91*T91/50,2) -> 0 | T91: 12 | U91: Kg
B93: Total Qty | F93: 1 | H93: =SUM(H50:H92) -> 0 | I93: =SUM(I50:I92) -> 0 | J93: =SUM(J50:J92) -> 0 | K93: =SUM(K50:K92) -> 0 | L93: =SUM(L50:L92) -> 0 | M93: =SUM(M50:M92) -> 0 | N93: =SUM(N50:N92) -> 0 | O93: =SUM(O50:O92) -> 0 | ... S93: =SUM(S50:S92) -> 0 | T93: Bags
B94: AS PER SSR 2021-22 | F94: 1
A95: 1 | B95: Earthwork Excavation | F95: =C95+D95 -> 0 | G95: M3 | H95: 0 | I95: 0 | J95: 0 | K95: 0 | L95: 0 | M95: 0 | N95: 0 | O95: 0 | P95: 0 | Q95: 0 | R95: =F95 -> 0 | S95: 0 | T95: 0
A96: 1 | B96: Sand Filling | C96: ='PART-A'!I270 -> 0 | F96: =SUM(C96:E96) -> 0 | G96: M3 | H96: 0 | I96: 0 | J96: 0 | K96: 0 | L96: 0 | M96: 0 | N96: 0 | O96: =F96 -> 0 | P96: 0 | Q96: 0 | R96: 0 | S96: 0 | T96: 0
A97: 2 | B97: Selected Filling | C97: ='PART-A'!I201 -> 0 | F97: =SUM(C97:E97) -> 0 | G97: M3 | H97: 0 | I97: 0 | J97: 0 | K97: 0 | L97: 0 | M97: 0 | N97: 0 | O97: 0 | P97: =F97 -> 0 | Q97: 0 | R97: 0 | S97: 0 | T97: 0
A98: 4 | B98: Gravel filling | C98: ='PART-A'!I225 -> 0 | F98: =SUM(C98:E98) -> 0 | G98: M3 | H98: 0 | I98: 0 | J98: 0 | K98: 0 | L98: 0 | M98: 0 | N98: 0 | O98: 0 | Q98: 0 | R98: =F98 -> 0 | S98: 0 | T98: 0
A99: 22 | B99: PCC (1:4:8) | C99: ='PART-A'!I133 -> 0 | F99: =SUM(C99:E99) -> 0 | G99: M3 | H99: =ROUND(F99*0.9,2) -> 0 | I99: 0 | J99: 0 | K99: 0 | L99: =ROUND(F99*0.45,2) -> 0 | M99: 0 | N99: 0 | O99: 0 | P99: 0 | Q99: 0 | R99: 0 | S99: =ROUND(F99*T99/50,2) -> 0 | T99: 162 | U99: Kg
A100: 6 | B100: PCC (1:5:10) | C100: ='PART-A'!I173 -> 0 | F100: =SUM(C100:E100) -> 0 | G100: M3 | H100: =ROUND(F100*0.9,2) -> 0 | I100: 0 | J100: 0 | K100: 0 | L100: =ROUND(F100*0.45,2) -> 0 | M100: 0 | N100: 0 | O100: 0 | P100: 0 | Q100: 0 | R100: 0 | S100: =ROUND(F100*T100/50,2) -> 0 | T100: 129.6 | U100: Kg
A101: 23 | B101: RCC Footings | C101: ='PART-A'!I338 -> 0 | F101: =SUM(C101:E101) -> 0 | G101: M3 | H101: 0 | I101: =ROUND(F101*0.8,2) -> 0 | J101: 0 | K101: 0 | L101: =ROUND(F101*0.4,2) -> 0 | M101: 0 | N101: 0 | O101: 0 | P101: 0 | Q101: 0 | R101: 0 | S101: =ROUND(F101*T101/50,2) -> 0 | T101: =data!E1943 -> 340 | U101: Kg
A102: 5 | B102: RCC Pedastals | C102: ='PART-A'!I358 -> 0 | F102: =SUM(C102:E102) -> 0 | G102: M3 | H102: 0 | I102: =ROUND(F102*0.8,2) -> 0 | J102: 0 | K102: 0 | L102: =ROUND(F102*0.4,2) -> 0 | M102: 0 | N102: 0 | O102: 0 | P102: 0 | Q102: 0 | R102: 0 | S102: =ROUND(F102*T102/50,2) -> 0 | T102: =$T$101 -> 340 | U102: Kg
...

Sheet SEIG P-B
A1: SEIGNEORAGE CHARGES AND MATERIAL ABSTRACT (PART-B)
A2: ='SEIG P-A '!A2 -> Name of the Work: Providing Additional Space for Health Staff in Grama Sachivalayam of Baduguleru GP of Kanigiri Mandal
A3: S No | B3: Description of the work | C3: Ground Floor | D3: First Floor | E3: second floor | F3: Total Quantity | H3: 40mm Metal | I3: 20mm HBG Chips | J3: 20mm-12mm Chips | K3: Rough Stone | L3: Sand Concrete | M3: Sand Mortar | N3: Sand Plastering | O3: Sand Filling | P3: S.Earth | Q3: Bricks | R3: Gravel | S3: Cement Qty in Kg | T3: Cement required
A4: 1 | B4: Earthwork Excavation | F4: =C4+D4 -> 0 | G4: M3 | H4: 0 | I4: 0 | J4: 0 | K4: 0 | L4: 0 | M4: 0 | N4: 0 | O4: 0 | P4: 0 | Q4: 0 | R4: =F4 -> 0 | S4: 0 | T4: 0
A5: 1 | B5: Sand Filling | C5: ='PART-B'!I51 -> 0 | F5: =SUM(C5:E5) -> 0 | G5: M3 | H5: 0 | I5: 0 | J5: 0 | K5: 0 | L5: 0 | M5: 0 | N5: 0 | O5: =F5 -> 0 | P5: 0 | Q5: 0 | R5: 0 | S5: 0 | T5: 0
A6: 2 | B6: Selected Filling | C6: ='PART-B'!I39 -> 0 | F6: =SUM(C6:E6) -> 0 | G6: M3 | H6: 0 | I6: 0 | J6: 0 | K6: 0 | L6: 0 | M6: 0 | N6: 0 | O6: 0 | P6: =F6 -> 0 | Q6: 0 | R6: 0 | S6: 0 | T6: 0
A7: 4 | B7: Gravel filling | C7: ='PART-B'!I45 -> 0 | F7: =SUM(C7:E7) -> 0 | G7: M3 | H7: 0 | I7: 0 | J7: 0 | K7: 0 | L7: 0 | M7: 0 | N7: 0 | O7: 0 | Q7: 0 | R7: =F7 -> 0 | S7: 0 | T7: 0
A8: 1 | B8: PCC (1:4:8) | C8: ='PART-B'!I24 -> 0 | F8: =SUM(C8:E8) -> 0 | G8: M3 | H8: =ROUND(F8*0.9,2) -> 0 | I8: 0 | J8: 0 | K8: 0 | L8: =ROUND(F8*0.45,2) -> 0 | M8: 0 | N8: 0 | O8: 0 | P8: 0 | Q8: 0 | R8: 0 | S8: =ROUND(F8*T8/50,2) -> 0 | T8: 162 | U8: Kg
A9: 6 | B9: PCC (1:5:10) | C9: ='PART-B'!I33 -> 0 | F9: =SUM(C9:E9) -> 0 | G9: M3 | H9: =ROUND(F9*0.9,2) -> 0 | I9: 0 | J9: 0 | K9: 0 | L9: =ROUND(F9*0.45,2) -> 0 | M9: 0 | N9: 0 | O9: 0 | P9: 0 | Q9: 0 | R9: 0 | S9: =ROUND(F9*T9/50,2) -> 0 | T9: 129.6 | U9: Kg
A10: 4 | B10: RCC Footings | C10: ='PART-B'!I63 -> 0 | F10: =SUM(C10:E10) -> 0 | G10: M3 | H10: 0 | I10: =ROUND(F10*0.8,2) -> 0 | J10: 0 | K10: 0 | L10: =ROUND(F10*0.4,2) -> 0 | M10: 0 | N10: 0 | O10: 0 | P10: 0 | Q10: 0 | R10: 0 | S10: =ROUND(F10*T10/50,2) -> 0 | T10: ='data 2022-23'!E107 -> 340 | U10: Kg
A11: 5 | B11: RCC Pedastals | C11: ='PART-B'!I68 -> 0 | F11: =SUM(C11:E11) -> 0 | G11: M3 | H11: 0 | I11: =ROUND(F11*0.8,2) -> 0 | J11: 0 | K11: 0 | L11: =ROUND(F11*0.4,2) -> 0 | M11: 0 | N11: 0 | O11: 0 | P11: 0 | Q11: 0 | R11: 0 | S11: =ROUND(F11*T11/50,2) -> 0 | T11: =$T$10 -> 340 | U11: Kg
A12: 2 | B12: RCC Columns | C12: ='PART-B'!I80 -> 0 | D12: ='PART-B'!I584 -> 0 | E12: ='PART-B'!I831 -> 0 | F12: =SUM(C12:E12) -> 0 | G12: M3 | H12: 0 | I12: =ROUND(F12*0.8,2) -> 0 | J12: 0 | K12: 0 | L12: =ROUND(F12*0.4,2) -> 0 | M12: 0 | N12: 0 | O12: 0 | P12: 0 | Q12: 0 | R12: 0 | S12: =ROUND(F12*T12/50,2) -> 0 | T12: =$T$10 -> 340 | U12: Kg
A13: 7 | B13: RCC Plinth Beam | C13: ='PART-B'!I88 -> 0 | F13: =SUM(C13:E13) -> 0 | G13: M3 | H13: 0 | I13: =ROUND(F13*0.8,2) -> 0 | J13: 0 | K13: 0 | L13: =ROUND(F13*0.4,2) -> 0 | M13: 0 | N13: 0 | O13: 0 | P13: 0 | Q13: 0 | R13: 0 | S13: =ROUND(F13*T13/50,2) -> 0 | T13: =$T$10 -> 340 | U13: Kg
A14: 3 | B14: RCC Roof Beams | C14: ='PART-B'!I96 -> 0 | D14: ='PART-B'!I590 -> 0 | E14: ='PART-B'!I837 -> 0 | F14: =SUM(C14:E14) -> 0 | G14: M3 | H14: 0 | I14: =ROUND(F14*0.8,2) -> 0 | J14: 0 | K14: 0 | L14: =ROUND(F14*0.4,2) -> 0 | M14: 0 | N14: 0 | O14: 0 | P14: 0 | Q14: 0 | R14: 0 | S14: =ROUND(F14*T14/50,2) -> 0 | T14: =$T$10 -> 340 | U14: Kg
A15: 9 | B15: RCC Landing Slab 150mm th | C15: =ROUND('PART-B'!I102*0.15,2) -> 0 | D15: =ROUND('PART-B'!I595*0.15,2) -> 0 | E15: =ROUND('PART-B'!I843*0.15,2) -> 0 | F15: =SUM(C15:E15) -> 0 | G15: M2 | H15: 0 | I15: =ROUND(F15*0.8,2) -> 0 | J15: 0 | K15: 0 | L15: =ROUND(F15*0.4,2) -> 0 | M15: 0 | N15: 0 | O15: 0 | P15: 0 | Q15: 0 | R15: 0 | S15: =ROUND(F15*T15/50,2) -> 0 | T15: =ROUND(T14,2) -> 340 | U15: Kg
A16: 4 | B16: RCC Roof Slab 125mm th | C16: =ROUND('PART-B'!I108*0.125,2) -> 0 | D16: =ROUND('PART-B'!I601*0.125,2) -> 0 | E16: =ROUND('PART-B'!I848*0.125,2) -> 0 | F16: =SUM(C16:E16) -> 0 | G16: M2 | H16: 0 | I16: =ROUND(F16*0.8,2) -> 0 | J16: 0 | K16: 0 | L16: =ROUND(F16*0.4,2) -> 0 | M16: 0 | N16: 0 | O16: 0 | P16: 0 | Q16: 0 | R16: 0 | S16: =ROUND(F16*T16/50,2) -> 0 | T16: =ROUND(T14,2) -> 340 | U16: Kg
A17: 9 | B17: RCC Roof Slab 100mm th | C17: =ROUND('PART-B'!I114*0.1,2) -> 0 | D17: =ROUND('PART-B'!I606*0.1,2) -> 0 | E17: =ROUND('PART-B'!I853*0.1,2) -> 0 | F17: =SUM(C17:E17) -> 0 | G17: M2 | H17: 0 | I17: =ROUND(F17*0.8,2) -> 0 | J17: 0 | K17: 0 | L17: =ROUND(F17*0.4,2) -> 0 | M17: 0 | N17: 0 | O17: 0 | P17: 0 | Q17: 0 | R17: 0 | S17: =ROUND(F17*T17/50,2) -> 0 | T17: =T16 -> 340 | U17: Kg
A18: 9 | B18: Precasted slab 50mm | C18: =ROUND('PART-B'!I120*0.05,2) -> 0 | D18: =ROUND('PART-B'!I612*0.05,2) -> 0 | E18: =ROUND('PART-B'!I859*0.05,2) -> 0 | F18: =SUM(C18:E18) -> 0 | G18: M2 | H18: 0 | I18: =ROUND(F18*0.8,2) -> 0 | J18: 0 | K18: 0 | L18: =ROUND(F18*0.4,2) -> 0 | M18: 0 | N18: 0 | O18: 0 | P18: 0 | Q18: 0 | R18: 0 | S18: =ROUND(F18*T18/50,2) -> 0 | T18: =T17 -> 340 | U18: Kg
A19: 16 | B19: Precasted slab 25mm | C19: =ROUND('PART-B'!I127*0.025,2) -> 0 | D19: =ROUND('PART-B'!I618*0.025,2) -> 0 | E19: =ROUND('PART-B'!I865*0.025,2) -> 0 | F19: =SUM(C19:E19) -> 0 | G19: M2 | H19: 0 | I19: =ROUND(F19*0.8,2) -> 0 | J19: 0 | K19: 0 | L19: =ROUND(F19*0.4,2) -> 0 | M19: 0 | N19: 0 | O19: 0 | P19: 0 | Q19: 0 | R19: 0 | S19: =ROUND(F19*T19/50,2) -> 0 | T19: =T18 -> 340 | U19: Kg
A20: 5 | B20: RCC Lintels | C20: ='PART-B'!I136 -> 0 | D20: ='PART-B'!I624 -> 0 | E20: ='PART-B'!I872 -> 0 | F20: =SUM(C20:E20) -> 0 | G20: M3 | H20: 0 | I20: =ROUND(F20*0.8,2) -> 0 | J20: 0 | K20: 0 | L20: =ROUND(F20*0.4,2) -> 0 | M20: 0 | N20: 0 | O20: 0 | P20: 0 | Q20: 0 | R20: 0 | S20: =ROUND(F20*T20/50,2) -> 0 | T20: =$T$10 -> 340 | U20: Kg
A21: 6 | B21: RCC Sunshades | C21: ='PART-B'!I142 -> 0 | D21: ='PART-B'!I630 -> 0 | E21: ='PART-B'!I877 -> 0 | F21: =SUM(C21:E21) -> 0 | G21: RM | H21: 0 | I21: =ROUND(F21*0.0375*0.8,2) -> 0 | J21: 0 | K21: 0 | L21: =ROUND(F21*0.0375*0.4,2) -> 0 | M21: 0 | N21: 0 | O21: 0 | P21: 0 | Q21: 0 | R21: 0 | S21: =ROUND(F21*T21/50,2) -> 0 | T21: =ROUND(T20*0.0375,2) -> 12.75 | U21: Kg
A22: 4 | B22: Acco Plaster'g CM (1:3) 12mm | C22: ='PART-B'!I148 -> 0 | D22: ='PART-B'!I636 -> 0 | E22: ='PART-B'!I882 -> 0 | F22: =SUM(C22:E22) -> 0 | G22: M2 | H22: 0 | I22: 0 | J22: 0 | K22: 0 | L22: 0 | M22: 0 | N22: =ROUND(F22*0.015*1.05,2) -> 0 | O22: 0 | P22: 0 | Q22: 0 | R22: 0 | S22: =ROUND(F22*T22/50,2) -> 0 | T22: 7.2 | U22: Kg
A23: 12 | B23: Acco Plaster'g CM (1:3) 20mm | C23: ='PART-B'!I154 -> 0 | D23: ='PART-B'!I642 -> 0 | E23: ='PART-B'!I888 -> 0 | F23: =SUM(C23:E23) -> 0 | G23: M2 | H23: 0 | I23: 0 | J23: 0 | K23: 0 | L23: 0 | M23: 0 | N23: =ROUND(F23*0.021*1.05,2) -> 0 | O23: 0 | P23: 0 | Q23: 0 | R23: 0 | S23: =ROUND(F23*T23/50,2) -> 0 | T23: 10.08 | U23: Kg
A24: 13 | B24: Rough stone | C24: ='PART-B'!I161 -> 0 | F24: =SUM(C24:E24) -> 0 | G24: M3 | H24: 0 | I24: 0 | J24: 0 | K24: =ROUND(F24*1.1,2) -> 0 | L24: 0 | M24: =ROUND(F24*0.33,2) -> 0 | N24: 0 | O24: 0 | P24: 0 | R24: 0 | S24: =ROUND(F24*T24/50,2) -> 0 | T24: 59.4 | U24: Kg
A25: 2 | B25: BM CM (1:8) Super | C25: ='PART-B'!I169 -> 0 | D25: ='PART-B'!I648 -> 0 | E25: ='PART-B'!I896 -> 0 | F25: =SUM(C25:E25) -> 0 | G25: M3 | H25: 0 | I25: 0 | J25: 0 | K25: 0 | L25: 0 | M25: =ROUND(F25*0.2,2) -> 0 | N25: 0 | O25: 0 | P25: 0 | Q25: =ROUND(F25*512/1000,2) -> 0 | R25: 0 | S25: =ROUND(F25*T25/50,2) -> 0 | T25: 36 | U25: Kg
A26: 2 | B26: BM CM (1:6) | C26: ='PART-B'!I177 -> 0 | D26: ='PART-B'!I654 -> 0 | E26: ='PART-B'!I901 -> 0 | F26: =SUM(C26:E26) -> 0 | G26: M3 | H26: 0 | I26: 0 | J26: 0 | K26: 0 | L26: 0 | M26: =ROUND(F26*0.2,2) -> 0 | N26: 0 | O26: 0 | P26: 0 | Q26: =ROUND(F26*512/1000,2) -> 0 | R26: 0 | S26: =ROUND(F26*T26/50,2) -> 0 | T26: 48 | U26: Kg
A27: 9 | B27: BM CM (1:4) 115mm | C27: ='PART-B'!I184 -> 0 | D27: ='PART-B'!I661 -> 0 | E27: ='PART-B'!I907 -> 0 | F27: =SUM(C27:E27) -> 0 | G27: M2 | H27: 0 | J27: 0 | K27: 0 | L27: 0 | M27: =ROUND(F27*0.022,2) -> 0 | N27: 0 | O27: 0 | P27: 0 | Q27: =ROUND(F27*512*0.1/1000,2) -> 0 | R27: 0 | S27: =ROUND(F27*T27/50,2) -> 0 | T27: 7.2 | U27: Kg
A28: 16 | B28: Fly cement bricks | C28: ='PART-B'!I192 -> 0 | D28: ='PART-B'!I668 -> 0 | E28: ='PART-B'!I914 -> 0 | F28: =SUM(C28:E28) -> 0 | G28: M3 | H28: 0 | I28: 0 | J28: 0 | K28: 0 | L28: 0 | M28: =ROUND(F28*0.1*1.05,2) -> 0 | N28: 0 | O28: 0 | P28: 0 | Q28: =ROUND(F28*110/1000,2) -> 0 | R28: 0 | S28: =ROUND(F28*T28/50,2) -> 0 | T28: 24 | U28: Kg
A29: 14 | B29: RCM drop wall | C29: ='PART-B'!I199 -> 0 | D29: ='PART-B'!I674 -> 0 | F29: =SUM(C29:E29) -> 0 | G29: M2 | H29: 0 | I29: 0 | J29: 0 | K29: 0 | L29: 0 | M29: 0 | N29: =ROUND(F29*((0.015*1.05)+(0.025*1.05)),2) -> 0 | O29: 0 | P29: 0 | Q29: 0 | R29: 0 | S29: =ROUND(F29*T29/50,2) -> 0 | T29: 20.89 | U29: Kg
A30: 2 | B30: Ceiling Plaster CM (1:3) 12mm | C30: ='PART-B'!I223 -> 0 | D30: ='PART-B'!I681 -> 0 | E30: ='PART-B'!I921 -> 0 | F30: =SUM(C30:E30) -> 0 | G30: M2 | H30: 0 | I30: 0 | J30: 0 | K30: 0 | L30: 0 | M30: 0 | N30: =ROUND(F30*0.015*1.05,2) -> 0 | O30: 0 | P30: 0 | Q30: 0 | R30: 0 | S30: =ROUND(F30*T30/50,2) -> 0 | T30: 7.2 | U30: Kg
A31: 3 | B31: Plaster'ing CM (1:5) 12mm th | C31: ='PART-B'!I233 -> 0 | D31: ='PART-B'!I689 -> 0 | E31: ='PART-B'!I929 -> 0 | F31: =SUM(C31:E31) -> 0 | G31: M2 | H31: 0 | I31: 0 | J31: 0 | K31: 0 | L31: 0 | M31: 0 | N31: =ROUND(F31*0.015*1.05,2) -> 0 | O31: 0 | P31: 0 | Q31: 0 | R31: 0 | S31: =ROUND(F31*T31/50,2) -> 0 | T31: 4.32 | U31: Kg
A32: 1 | B32: Plaster'ing 20mm thick single | C32: ='PART-B'!I251 -> 0 | D32: ='PART-B'!I697 -> 0 | E32: ='PART-B'!I937 -> 0 | F32: =SUM(C32:E32) -> 0 | G32: M2 | H32: 0 | I32: 0 | J32: 0 | K32: 0 | L32: 0 | M32: 0 | N32: =ROUND(F32*0.021*1.05,2) -> 0 | O32: 0 | P32: 0 | Q32: 0 | R32: 0 | S32: =ROUND(F32*T32/50,2) -> 0 | T32: 6.05 | U32: Kg
A33: 3 | B33: Plaster'ing 12mm thick double | C33: ='PART-B'!I297 -> 0 | D33: ='PART-B'!I704 -> 0 | E33: ='PART-B'!I944 -> 0 | F33: =SUM(C33:E33) -> 0 | G33: M2 | H33: 0 | I33: 0 | J33: 0 | K33: 0 | L33: 0 | M33: 0 | N33: =ROUND(F33*0.015*1,2) -> 0 | O33: 0 | P33: 0 | Q33: 0 | R33: 0 | S33: =ROUND(F33*T33/50,2) -> 0 | T33: 5.09 | U33: Kg
A34: 6 | B34: Plaster'ing 20mm thick double | C34: ='PART-B'!I304 -> 0 | D34: ='PART-B'!I711 -> 0 | E34: ='PART-B'!I951 -> 0 | F34: =SUM(C34:E34) -> 0 | G34: M2 | H34: 0 | I34: 0 | J34: 0 | K34: 0 | L34: 0 | M34: 0 | N34: =ROUND(F34*0.022*1,2) -> 0 | O34: 0 | P34: 0 | Q34: 0 | R34: 0 | S34: =ROUND(F34*T34/50,2) -> 0 | T34: 5.75 | U34: Kg
A35: 2 | B35: CC Steps | C35: ='PART-B'!I322 -> 0 | D35: ='PART-B'!I718 -> 0 | E35: ='PART-B'!I956 -> 0 | F35: =SUM(C35:E35) -> 0 | G35: M3 | H35: 0 | I35: =ROUND(F35*0.8,2) -> 0 | J35: 0 | K35: 0 | L35: =ROUND(F35*0.4,2) -> 0 | M35: 0 | N35: 0 | O35: 0 | P35: 0 | Q35: 0 | R35: 0 | S35: =ROUND(F35*T35/50,2) -> 0 | T35: =$T$10 -> 340 | U35: Kg
A36: 1 | B36: Flooring Vetrified Tiles | C36: ='PART-B'!I338 -> 0 | D36: ='PART-B'!I725 -> 0 | E36: ='PART-B'!I962 -> 0 | F36: =SUM(C36:E36) -> 0 | G36: M2 | H36: 0 | I36: 0 | J36: 0 | K36: 0 | L36: 0 | M36: =ROUND(F36*0.014,2) -> 0 | N36: 0 | O36: 0 | P36: 0 | Q36: 0 | R36: 0 | S36: =ROUND(F36*T36/50,2) -> 0 | T36: 6.06 | U36: Kg
A37: 2 | B37: Skirting Vetrified Tiles | C37: ='PART-B'!I354 -> 0 | D37: ='PART-B'!I732 -> 0 | E37: ='PART-B'!I969 -> 0 | F37: =SUM(C37:E37) -> 0 | G37: M2 | H37: 0 | I37: 0 | J37: 0 | K37: 0 | L37: 0 | M37: =ROUND(F37*0.012,2) -> 0 | N37: 0 | O37: 0 | P37: 0 | Q37: 0 | R37: 0 | S37: =ROUND(F37*T37/50,2) -> 0 | T37: 6.756 | U37: Kg
A38: 9 | B38: Flooring Granite stone | C38: ='PART-B'!I361 -> 0 | D38: ='PART-B'!I739 -> 0 | E38: ='PART-B'!I976 -> 0 | F38: =SUM(C38:E38) -> 0 | G38: M2 | H38: 0 | I38: 0 | J38: 0 | K38: 0 | L38: 0 | M38: =ROUND(F38*0.014,2) -> 0 | N38: 0 | O38: 0 | P38: 0 | Q38: 0 | R38: 0 | S38: =ROUND(F38*T38/50,2) -> 0 | T38: 7.5 | U38: Kg
A39: 10 | B39: Skirting Granite stone | C39: ='PART-B'!I369 -> 0 | D39: ='PART-B'!I746 -> 0 | E39: ='PART-B'!I983 -> 0 | F39: =SUM(C39:E39) -> 0 | G39: M2 | H39: 0 | I39: 0 | J39: 0 | K39: 0 | L39: 0 | M39: =ROUND(F39*0.012,2) -> 0 | N39: 0 | O39: 0 | P39: 0 | Q39: 0 | R39: 0 | S39: =ROUND(F39*T39/50,2) -> 0 | T39: 9.06 | U39: Kg
A40: 37 | B40: Flooring Terrazo tiles | C40: ='PART-B'!I376 -> 0 | D40: ='PART-B'!I754 -> 0 | E40: ='PART-B'!I990 -> 0 | F40: =SUM(C40:E40) -> 0 | G40: M2 | H40: 0 | I40: 0 | J40: 0 | K40: 0 | L40: 0 | M40: =ROUND(F40*0.014,2) -> 0 | N40: 0 | O40: 0 | P40: 0 | Q40: 0 | R40: 0 | S40: =ROUND(F40*T40/50,2) -> 0 | T40: 7.5 | U40: Kg
A41: 38 | B41: Skirting Terrazo tiles | C41: ='PART-B'!I383 -> 0 | D41: ='PART-B'!I761 -> 0 | E41: ='PART-B'!I997 -> 0 | F41: =SUM(C41:E41) -> 0 | G41: M2 | H41: 0 | I41: 0 | J41: 0 | K41: 0 | L41: 0 | M41: =ROUND(F41*0.012,2) -> 0 | N41: 0 | O41: 0 | P41: 0 | Q41: 0 | R41: 0 | S41: =ROUND(F41*T41/50,2) -> 0 | T41: 6.756 | U41: Kg
A42: 3 | B42: Ceramic Tiles Flooring | C42: ='PART-B'!I395 -> 0 | D42: ='PART-B'!I768 -> 0 | E42: ='PART-B'!I1004 -> 0 | F42: =SUM(C42:E42) -> 0 | G42: M2 | H42: 0 | I42: 0 | J42: 0 | K42: 0 | L42: 0 | M42: =ROUND(F42*0.012,2) -> 0 | N42: 0 | O42: 0 | P42: 0 | Q42: 0 | R42: 0 | S42: =ROUND(F42*T42/50,2) -> 0 | T42: 5.46 | U42: Kg
A43: 4 | B43: Daddooing wall tiles | C43: ='PART-B'!I410 -> 0 | D43: ='PART-B'!I775 -> 0 | E43: ='PART-B'!I1010 -> 0 | F43: =SUM(C43:E43) -> 0 | G43: M2 | H43: 0 | I43: 0 | J43: 0 | K43: 0 | L43: 0 | M43: =ROUND(F43*0.012,2) -> 0 | N43: 0 | O43: 0 | P43: 0 | Q43: 0 | R43: 0 | S43: =ROUND(F43*T43/50,2) -> 0 | T43: 9.06 | U43: Kg
A44: 1 | B44: Pressed tiles | C44: ='PART-B'!I416 -> 22.14 | D44: ='PART-B'!I783 -> 0 | E44: ='PART-B'!I1016 -> 0 | F44: =SUM(C44:E44) -> 22.14 | G44: M2 | H44: 0 | I44: 0 | J44: 0 | K44: 0 | L44: 0 | M44: =ROUND(F44*0.008*1,2) -> 0.18 | N44: 0 | O44: 0 | P44: 0 | Q44: 0 | R44: 0 | S44: =ROUND(F44*T44/50,2) -> 1.22 | T44: 2.76 | U44: Kg
A45: 5 | B45: Gronolithie Concrete | C45: ='PART-B'!I430 -> 0 | F45: =SUM(C45:E45) -> 0 | G45: M3 | H45: 0 | I45: =ROUND(F45*0.017,2) -> 0 | J45: 0 | K45: 0 | L45: =ROUND(F45*0.009,2) -> 0 | M45: 0 | N45: 0 | O45: 0 | P45: 0 | Q45: 0 | R45: 0 | S45: =ROUND(F45*T45/50,2) -> 0 | T45: 12 | U45: Kg
B46: Total Qty | F46: 1 | H46: =SUM(H4:H45) -> 0 | I46: =SUM(I4:I45) -> 0 | J46: =SUM(J4:J45) -> 0 | K46: =SUM(K4:K45) -> 0 | L46: =SUM(L4:L45) -> 0 | M46: =SUM(M4:M45) -> 0.18 | N46: =SUM(N4:N45) -> 0 | O46: =SUM(O4:O45) -> 0 | ... S46: =SUM(S4:S45) -> 1.22 | T46: Bags
F47: Rate / M3 | H47: 90 | I47: 90 | J47: 90 | K47: 90 | L47: 100 | M47: 100 | N47: 100 | O47: 100 | P47: 45 | Q47: 80 | R47: 45 | S47: =ROUND(('SEIG P-B'!S46*50)/1000,2) -> 0.06 | T47: MT
G48: Rs | H48: =ROUND('SEIG P-B'!H46*H47,0) -> 0 | I48: =ROUND('SEIG P-B'!I46*I47,0) -> 0 | J48: =ROUND('SEIG P-B'!J46*J47,0) -> 0 | K48: =ROUND('SEIG P-B'!K46*K47,0) -> 0 | L48: =ROUND('SEIG P-B'!L46*L47,0) -> 0 | M48: =ROUND('SEIG P-B'!M46*M47,0) -> 18 | N48: =ROUND('SEIG P-B'!N46*N47,0) -> 0 | O48: =ROUND('SEIG P-B'!O46*O47,0) -> 0 | ... R48: =ROUND('SEIG P-B'!R46*R47,0) -> 0
F49: Total | G49: Rs | H49: =SUM(H48:R48) -> 18
M53: ='lead 22-23 P-B'!H31 -> Deputy Executive Engineer | R53: ='lead 22-23 P-B'!K31 -> Assistant Engineer
M54: ='lead 22-23 P-B'!H32 -> PRI Sub Division | R54: ='lead 22-23 P-B'!K32 -> Mandal Praja parishad
M55: ='lead 22-23 P-B'!H33 -> Kanigiri | R55: ='lead 22-23 P-B'!K33 -> Kanigiri

Sheet Differ- Material
A1: DIFFERENCE IN COST OF MATERIAL RATES
A2: ='lead 19-20'!B2&'lead 19-20'!C2 -> Name of the Work: Providing Additional Space for Health Staff in Grama Sachivalayam of Baduguleru GP of Kanigiri Mandal
D3: Est Rs. | E3: ='lead 19-20'!K4 -> 20.80 Lakhs
A4: S.No | B4: Type of Material | C4: Quantity | D4: Rate | E4: Unit | F4: Amount
A5: 1 | B5: 2 | C5: 3 | D5: 4 | E5: 5 | F5: 6
A6: CEMENT
A7: 1 | B7: (As per working)
B8: Cement (ssr 2019-20) | C8: ='SEIG P-A '!S48 -> 498.11 | D8: =ROUND('lead 19-20'!L8/1000*50,2) -> 235 | E8: 1Bag | F8: =ROUND(C8*D8,0) -> 117056
B9: Cement (ssr 2020-21) | C9: ='SEIG P-A '!S93 -> 0 | D9: =ROUND('lead 20-21'!L8/1000*50,2) -> 235 | E9: 1Bag | F9: =ROUND(C9*D9,0) -> 0
B10: Cement (ssr 2021-22) | C10: ='SEIG P-A '!S138 -> 0 | D10: =ROUND('lead 21-22'!L8/1000*50,2) -> 235 | E10: 1Bag | F10: =ROUND(C10*D10,0) -> 0
B11: Cement (ssr 2022-23) | C11: ='SEIG P-A '!S183 -> 18.03 | D11: =ROUND('lead 22-23'!L8/1000*50,2) -> 235 | E11: 1Bag | F11: =ROUND(C11*D11,0) -> 4237
C12: =SUM(C8:C11) -> 516.14 | F12: =SUM(F8:F11) -> 121293
B13: (As per Bill)
B14: Cement | C14: =C12-C15 -> 336.14 | D14: 235 | E14: 1Bag | F14: =ROUND(C14*D14,0)+1 -> 78994
B15: Cement | C15: 180 | D15: 260 | E15: 1Bag | F15: =ROUND(C15*D15,0) -> 46800
F16: =SUM(F14:F15) -> 125794
B17: Cement Difference | F17: =F16-F12 -> 4501
A19: SAND FOR FILLING
A20: 2 | B20: (As per working)
B21: Sand filling(ssr 2019-20) | C21: ='SEIG P-A '!O48 -> 87.51 | D21: ='lead 19-20'!L14 -> 1249.8 | E21: 1Cum | F21: =ROUND(C21*D21,0) -> 109370
B22: Sand filling(ssr 2020-21) | C22: ='SEIG P-A '!O93 -> 0 | D22: ='lead 20-21'!L14 -> 1316.6 | E22: 1Cum | F22: =ROUND(C22*D22,0) -> 0
B23: Sand filling(ssr 2021-22) | C23: ='SEIG P-A '!O138 -> 0 | D23: ='lead 21-22'!L14 -> 1503.4 | E23: 1Cum | F23: =ROUND(C23*D23,0) -> 0
B24: Sand filling(ssr 2022-23) | C24: ='SEIG P-A '!O183 -> 0 | D24: ='lead 22-23'!L14 -> 1576 | E24: 1Cum | F24: =ROUND(C24*D24,0) -> 0
C25: =SUM(C21:C24) -> 87.51 | F25: =SUM(F21:F24) -> 109370
B26: (As per Bill)
B27: Sand filling | C27: =C25 -> 87.51 | D27: 292.4 | E27: 1Cum | F27: =ROUND(C27*D27,0) -> 25588
B28: Sand filling | D28: 536.4 | E28: 1Cum | F28: =ROUND(C28*D28,0) -> 0
F29: =SUM(F27:F28) -> 25588
B30: Sand filling Difference | F30: =F29-F25 -> -83782
A31: SAND (DEPARTMENT SUPPLY)
A32: 2 | B32: (As per Bill)
B33: Sand cost | D33: 375 | E33: 1MT | F33: =ROUND(C33*D33,0) -> 0
B34: Conveyance of sand | D34: 739.6 | E34: 1Cum | F34: =ROUND(C34*D34,0) -> 0
F35: =SUM(F33:F34) -> 0
B36: Sand Difference amount | F36: =F35 -> 0
A37: SAND FOR MORTOR
A38: 1 | B38: (As per working)
B39: Sand for Mortor (ssr 2019-20) | C39: ='SEIG P-A '!M48+'SEIG P-A '!N48 -> 18.57 | D39: ='lead 19-20'!L12 -> 1464.8 | E39: 1Cum | F39: =ROUND(C39*D39,0) -> 27201
B40: Sand for Mortor (ssr 2020-21) | C40: ='SEIG P-A '!M93+'SEIG P-A '!N93 -> 0 | D40: ='lead 20-21'!L12 -> 1546.6 | E40: 1Cum | F40: =ROUND(C40*D40,0) -> 0
B41: Sand for Mortor (ssr 2021-22) | C41: ='SEIG P-A '!M138+'SEIG P-A '!N138 -> 0 | D41: ='lead 21-22'!L12 -> 1743.4 | E41: 1Cum | F41: =ROUND(C41*D41,0) -> 0
B42: Sand for Mortor (ssr 2022-23) | C42: ='SEIG P-A '!M183+'SEIG P-A '!N183 -> 1.57 | D42: ='lead 22-23'!L12 -> 1816 | E42: 1Cum | F42: =ROUND(C42*D42,0) -> 2851
C44: =SUM(C39:C43) -> 20.14 | F44: =SUM(F39:F43) -> 30052
B45: (As per Bill)
B46: Sand for Mortor | C46: 6.07 | D46: 984.9 | E46: 1Cum | F46: =ROUND(C46*D46,0) -> 5978
B47: Sand for Mortor | C47: =C44-C46 -> 14.07 | D47: 2098 | E47: 1Cum | F47: =ROUND(C47*D47,0) -> 29519 | H47: =F40+F41-F47 -> -29519 | I47: 134km | J47: 1436.5 | K47: 760
B48: Sand for Mortor | D48: 321 | E48: 1Cum | F48: =ROUND(C48*D48,0) -> 0 | H48: =F41+F42-F48 -> 2851 | I48: 134km | J48: 1436.5 | K48: 760
F49: =SUM(F46:F48) -> 35497
B50: Sand for Mortor Difference | F50: =F49-F44 -> 5445
A51: SAND FOR CONCRETE
A52: 2 | B52: (As per working)
B53: Sand for Concrete (ssr 2019-20) | C53: ='SEIG P-A '!L48 -> 28.47 | D53: ='lead 19-20'!L13 -> 1384.8 | E53: 1Cum | F53: =ROUND(C53*D53,0) -> 39425
B54: Sand for Concrete (ssr 2020-21) | C54: ='SEIG P-A '!L93 -> 0 | D54: ='lead 20-21'!L13 -> 1451.6 | E54: 1Cum | F54: =ROUND(C54*D54,0) -> 0
B55: Sand for Concrete (ssr 2021-22) | C55: ='SEIG P-A '!L138 -> 0 | D55: ='lead 21-22'!L13 -> 1648.4 | E55: 1Cum | F55: =ROUND(C55*D55,0) -> 0
B56: Sand for Concrete (ssr 2022-23) | C56: ='SEIG P-A '!L183 -> 0 | D56: ='lead 22-23'!L13 -> 1721 | E56: 1Cum | F56: =ROUND(C56*D56,0) -> 0
C58: =SUM(C53:C57) -> 28.47 | F58: =SUM(F53:F57) -> 39425
B59: (As per Bill)
B60: Sand for Concrete | C60: =C58 -> 28.47 | D60: 2098 | E60: 1Cum | F60: =ROUND(C60*D60,0) -> 59730
B61: Sand for Concrete | D61: 1742 | E61: 1Cum | F61: =ROUND(C61*D61,0) -> 0 | H61: =F54+F55-F61 -> 0
F62: =SUM(F60:F61) -> 59730
B63: Sand for Concrete Difference | F63: =F62-F58 -> 20305
A64: 20 to 12mm graded material
A65: 5 | B65: (As per working)
B66: 20-12 mm Material (ssr 2019-20) | C66: ='SEIG P-A '!I48 -> 38.41 | D66: =data!F38 -> 1722.3 | E66: 1Cum | F66: =ROUND(C66*D66,0) -> 66154
B67: 20-12 mm Material (ssr 2020-21) | C67: ='SEIG P-A '!I93 -> 0 | D67: =data!F954 -> 1799.05 | E67: 1Cum | F67: =ROUND(C67*D67,0) -> 0
B68: 20-12 mm Material (ssr 2021-22) | C68: ='SEIG P-A '!I138 -> 0 | D68: =data!F1871 -> 1876.23 | E68: 1Cum | F68: =ROUND(C68*D68,0) -> 0
B69: 20-12 mm Material (ssr 2022-23) | C69: ='SEIG P-A '!I183 -> 0 | D69: =data!F2788 -> 2046.91 | E69: 1Cum | F69: =ROUND(C69*D69,0) -> 0
C71: =SUM(C66:C70) -> 38.41 | F71: =SUM(F66:F70) -> 66154
B72: (As per Bill)
B73: 20-12 mm Graded Material | C73: =C71 -> 38.41 | D73: 1722.3 | E73: 1Cum | F73: =ROUND(C73*D73,0) -> 66154
B74: 20-12 mm Graded Material | C74: =C71-C73 -> 0 | D74: 2182.9 | E74: 1Cum | F74: =ROUND(C74*D74,0) -> 0
F75: =SUM(F73:F74) -> 66154
B76: 20-12 mm Graded Material Difference | F76: 0
A77: 40MM HBG Material
A78: 6 | B78: (As per working)
B79: 40mm HBG Material (ssr 2019-20) | C79: ='SEIG P-A '!H48 -> 18.53 | D79: ='lead 19-20'!L16 -> 1375.8 | E79: 1Cum | F79: =ROUND(C79*D79,0) -> 25494
B80: 40mm HBG Material (ssr 2020-21) | C80: ='SEIG P-A '!H93 -> 0 | D80: ='lead 20-21'!L16 -> 1436.8 | E80: 1Cum | F80: =ROUND(C80*D80,0) -> 0
B81: 40mm HBG Material (ssr 2021-22) | C81: ='SEIG P-A '!H138 -> 0 | D81: ='lead 20-21'!L16 -> 1436.8 | E81: 1Cum | F81: =ROUND(C81*D81,0) -> 0
B82: 40mm HBG Material (ssr 2022-23) | C82: ='SEIG P-A '!H183 -> 0 | D82: ='lead 20-21'!L16 -> 1436.8 | E82: 1Cum | F82: =ROUND(C82*D82,0) -> 0
C83: =SUM(C79:C82) -> 18.53 | F83: =SUM(F79:F82) -> 25494
B84: (As per Bill)
B85: 40mm HBG Material | C85: =C83 -> 18.53 | D85: 1375.8 | E85: 1Cum | F85: =ROUND(C85*D85,0) -> 25494
D86: 1730.8 | E86: 1Cum | F86: =ROUND(C86*D86,0) -> 0
F87: =SUM(F85:F86) -> 25494
B88: 40mm HBG Material Difference | F88: 0
B89: Total amount difference amount in cost of sand (1+2+3) | F89: =SUM(F17+F30+F36+F50+F63+F76+F88) -> -53531
A90: DIFFERENCE IN COST OF STEEL RATES
A91: HYSD -500 steel
A92: 1 | B92: (As per working)
B93: As per SSR 2019-20
B94: HYSD -fe 500 steel -GF | C94: ='PART-A'!I2476 -> 4.25 | D94: ='lead 19-20'!L9 -> 48970 | E94: 1MT | F94: =ROUND(C94*D94,0) -> 208123
B95: HYSD -500 steel -FF | C95: =FF!I1522 -> 0 | D95: =D94 -> 48970 | E95: 1MT | F95: =ROUND(C95*D95,0) -> 0
B96: HYSD -500 steel -SF | C96: =SF!I943 -> 0 | D96: =D95 -> 48970 | E96: 1MT | F96: =ROUND(C96*D96,0) -> 0
B97: As per SSR 2020-21
B98: HYSD -500 steel -GF | C98: ='PART-A'!I2482 -> 0 | D98: ='lead 20-21'!L9 -> 48380 | E98: 1MT | F98: =ROUND(C98*D98,0) -> 0
B99: HYSD -500 steel -FF | C99: =FF!I1527 -> 0 | D99: =D98 -> 48380 | E99: 1MT | F99: =ROUND(C99*D99,0) -> 0
B100: HYSD -500 steel -SF | C100: =SF!I948 -> 0 | D100: =D99 -> 48380 | E100: 1MT | F100: =ROUND(C100*D100,0) -> 0
B101: As per SSR 2021-22
B102: HYSD -500 steel -GF | C102: ='PART-A'!I2487 -> 0 | D102: ='lead 21-22'!L9 -> 64310 | E102: 1MT | F102: =ROUND(C102*D102,0) -> 0
B103: HYSD -500 steel -FF | C103: =FF!I1535 -> 0 | D103: =D102 -> 64310 | E103: 1MT | F103: =ROUND(C103*D103,0) -> 0
B104: HYSD -500 steel -SF | C104: =SF!I954 -> 0 | D104: =D103 -> 64310 | E104: 1MT | F104: =ROUND(C104*D104,0) -> 0
...

Sheet lead 19-20
A1: LEAD STATEMENT (2019-20)
B2: Name of the Work: | C2: Providing Additional Space for Health Staff in Grama Sachivalayam of Baduguleru GP of Kanigiri Mandal
C3: Lead Chart based on Common SOR-2019-20 | M3: Sand | N3: 85
B4: Work ID | C4: No: 087043102002090039 | J4: Est. Rs. | K4: 20.80 Lakhs | M4: Metal | N4: 50
A5: Sl. No. | B5: Description | C5: unit | D5: Quarry | E5: Lead in KM | F5: Convey-ance Charges | G5: Initial Cost | H5: Blasting charges | I5: Crushing charges | J5: Loading charges | K5: unloading charges | L5: Total | M5: Brick | N5: 48
M6: Tiles | N6: 72
A7: 1 | B7: 2 | C7: 3 | D7: 4 | E7: 5 | F7: 6 | G7: 7 | H7: 8 | I7: 9 | J7: 10 | K7: 11 | L7: 13
A8: 1 | B8: Cement | C8: MT | D8: Local | E8: - | F8: 0 | G8: ='MINI SSR 19-20'!C4 -> 4700 | L8: =SUM(F8:K8) -> 4700
A9: 2 | B9: Steel Fe 500 | C9: MT | D9: Local | E9: - | F9: 0 | G9: ='MINI SSR 19-20'!C5 -> 41500 | I9: =G9*18% -> 7470 | L9: =SUM(F9:K9) -> 48970
A10: 3 | B10: MS Flats | C10: MT | D10: Local | G10: ='MINI SSR 19-20'!C7 -> 43000 | I10: =G10*18% -> 7740 | L10: =SUM(F10:K10) -> 50740
A11: 4 | B11: 6mm Ms roads | C11: MT | D11: Local | G11: ='MINI SSR 19-20'!C8 -> 39000 | L11: =SUM(F11:K11) -> 39000
A12: 5 | B12: Sand for Mortar (screened) | C12: Cum | D12: K.Bitragunta | E12: =N3 -> 85 | F12: =VLOOKUP(E12,'con 2019-20'!$A$6:$F$287,2,FALSE) -> 874.8 | G12: ='MINI SSR 19-20'!C9 -> 590 | L12: =SUM(F12:K12) -> 1464.8
A13: 5 | B13: Sand for Mortar (concrete) | C13: Cum | D13: =D12 -> K.Bitragunta | E13: =E12 -> 85 | F13: =VLOOKUP(E13,'con 2019-20'!$A$6:$F$287,2,FALSE) -> 874.8 | G13: ='MINI SSR 19-20'!C10 -> 510 | L13: =SUM(F13:K13) -> 1384.8
A14: 6 | B14: Sand for Filling | C14: Cum | D14: =D13 -> K.Bitragunta | E14: =E13 -> 85 | F14: =VLOOKUP(E14,'con 2019-20'!A8:F287,2,FALSE) -> 874.8 | G14: ='MINI SSR 19-20'!C11 -> 375 | L14: =SUM(F14:K14) -> 1249.8
A15: 7 | B15: Common burnt clay bricks of class | C15: 1000 nos | D15: Motravulapadu | E15: =N5 -> 48 | F15: =VLOOKUP(E15,'con 2019-20'!$A$5:$F$287,4,FALSE) -> 853 | G15: ='MINI SSR 19-20'!C12 -> 6000 | J15: ='MINI SSR 19-20'!D12 -> 54.8 | K15: ='MINI SSR 19-20'!E12 -> 54.8 | L15: =SUM(F15:K15) -> 6962.6
A16: 8 | B16: 40mm HBG metal SS5, M/C | C16: Cum | D16: Ramatherdham | E16: =N4 -> 50 | F16: =VLOOKUP(E16,'con 2019-20'!$A$5:$F$287,3,FALSE) -> 545.8 | G16: ='MINI SSR 19-20'!C13 -> 608 | H16: 70 | I16: =ROUND(G16*0.25,2) -> 152 | L16: =SUM(F16:K16) -> 1375.8
A17: 9 | B17: 20mm HBG SS5 M/c chips | C17: Cum | D17: =D16 -> Ramatherdham | E17: =E16 -> 50 | F17: =VLOOKUP(E17,'con 2019-20'!$A$5:$F$287,3,FALSE) -> 545.8 | G17: ='MINI SSR 19-20'!C14 -> 1016 | H17: 70 | I17: =ROUND(G17*0.25,2) -> 254 | L17: =SUM(F17:K17) -> 1885.8
A18: 10 | B18: Aggregates 12 mm nominal size | C18: Cum | D18: =D17 -> Ramatherdham | E18: =E17 -> 50 | F18: =VLOOKUP(E18,'con 2019-20'!$A$5:$F$287,3,FALSE) -> 545.8 | G18: ='MINI SSR 19-20'!C15 -> 808 | H18: 70 | I18: =ROUND(G18*0.25,2) -> 202 | L18: =SUM(F18:K18) -> 1625.8
A19: 11 | B19: Aggregates 10mm nominal size | C19: Cum | D19: =D18 -> Ramatherdham | E19: =E18 -> 50 | F19: =VLOOKUP(E19,'con 2019-20'!$A$5:$F$287,3,FALSE) -> 545.8 | G19: ='MINI SSR 19-20'!C16 -> 680 | H19: 70 | I19: =ROUND(G19*0.25,2) -> 170 | L19: =SUM(F19:K19) -> 1465.8
A20: 12 | B20: Aggregates 6mm nominal size | C20: Cum | D20: =D19 -> Ramatherdham | E20: =E19 -> 50 | F20: =VLOOKUP(E20,'con 2019-20'!$A$5:$F$287,3,FALSE) -> 545.8 | G20: ='MINI SSR 19-20'!C17 -> 524 | H20: 70 | I20: =ROUND(G20*0.25,2) -> 131 | L20: =SUM(F20:K20) -> 1270.8
A21: 13 | B21: Rough stone | C21: Cum | D21: =D20 -> Ramatherdham | E21: =E20 -> 50 | F21: =VLOOKUP(E21,'con 2019-20'!$A$5:$F$287,3,FALSE) -> 545.8 | G21: ='MINI SSR 19-20'!C18 -> 250 | H21: 70 | L21: =SUM(F21:K21) -> 865.8
A22: 14 | B22: High Polished Granite 16 to 18 mm | C22: Sqm | D22: =D21 -> Ramatherdham | E22: =E20 -> 50 | F22: =VLOOKUP(E22,'con 2019-20'!$A$5:$F$287,5,FALSE)*0.16 -> 128.608 | G22: ='MINI SSR 19-20'!C19 -> 1991 | L22: =SUM(F22:K22) -> 2119.608
A23: 15 | B23: Roof tiles BMT-D.23 | D23: Ongole | E23: =N6 -> 72 | F23: =VLOOKUP(E23,'con 2019-20'!$A$5:$F$287,4,FALSE) -> 1217.8 | G23: ='MINI SSR 19-20'!C24 -> 18000 | L23: =SUM(F23:K23) -> 19217.8
A24: 16 | B24: Selected earth | C24: Cum | D24: Local | E24: 5 | F24: =VLOOKUP(E24,'con 2019-20'!$A$6:$F$287,2,FALSE) -> 75.3 | G24: ='MINI SSR 19-20'!C25 -> 86 | L24: =SUM(F24:K24) -> 161.3
A25: 17 | B25: Gravel | C25: Cum | D25: Local | E25: 5 | F25: =VLOOKUP(E25,'con 2019-20'!$A$6:$F$287,2,FALSE) -> 75.3 | G25: ='MINI SSR 19-20'!C26 -> 113 | L25: =SUM(F25:K25) -> 188.3
A28: 1) | B28: Certified that the above leads are correct to the best of my knowledge.
A29: 2) | B29: Certified that the rates are provided as per SSR 2019-20
H31: Deputy Executive Engineer | K31: Assistant Engineer
H32: PRI Sub Division | K32: Mandal Praja parishad
H33: Kanigiri | K33: Kanigiri

Sheet lead 20-21
A1: LEAD STATEMENT (2020-21)
B2: Name of the Work: | C2: ='lead 19-20'!C2:L2 -> Providing Additional Space for Health Staff in Grama Sachivalayam of Baduguleru GP of Kanigiri Mandal
C3: Lead Chart based on Common SOR-2020-21 | M3: Sand | N3: ='lead 19-20'!N3 -> 85
B4: Work ID | C4: ='lead 19-20'!C4 -> No: 087043102002090039 | J4: Est. Rs. | K4: ='lead 19-20'!K4 -> 20.80 Lakhs | M4: Metal | N4: ='lead 19-20'!N4 -> 50
A5: Sl. No. | B5: Description | C5: unit | D5: Quarry | E5: Lead in KM | F5: Convey-ance Charges | G5: Initial Cost | H5: Blasting charges | I5: Crushing charges | J5: Loading charges | K5: unloading charges | L5: Total | M5: Brick | N5: ='lead 19-20'!N5 -> 48
M6: Tiles | N6: ='lead 19-20'!N6 -> 72
A7: 1 | B7: 2 | C7: 3 | D7: 4 | E7: 5 | F7: 6 | G7: 7 | H7: 8 | I7: 9 | J7: 10 | K7: 11 | L7: 13
A8: 1 | B8: Cement | C8: MT | D8: Local | E8: - | F8: 0 | G8: ='MINI SSR 2020-21'!C4 -> 4700 | L8: =SUM(F8:K8) -> 4700
A9: 2 | B9: Steel Fe 500 | C9: MT | D9: Local | E9: - | F9: 0 | G9: ='MINI SSR 2020-21'!C5 -> 41000 | I9: =G9*18% -> 7380 | L9: =SUM(F9:K9) -> 48380
A10: 3 | B10: MS Flats | C10: MT | D10: Local | G10: ='MINI SSR 2020-21'!C7 -> 42000 | I10: =G10*18% -> 7560 | L10: =SUM(F10:K10) -> 49560
A11: 4 | B11: 6mm Ms roads | C11: MT | D11: Local | G11: ='MINI SSR 2020-21'!C8 -> 39500 | L11: =SUM(F11:K11) -> 39500
A12: 5 | B12: Sand for Mortar (screened) | C12: Cum | D12: K.Bitragunta | E12: =N3 -> 85 | F12: =VLOOKUP(E12,'con 2020-21'!$A$6:$F$305,2,FALSE) -> 941.6 | G12: ='MINI SSR 2020-21'!C9 -> 605 | L12: =SUM(F12:K12) -> 1546.6
A13: 5 | B13: Sand for Mortar (concrete) | C13: Cum | D13: =D12 -> K.Bitragunta | E13: =E12 -> 85 | F13: =VLOOKUP(E13,'con 2020-21'!$A$6:$F$305,2,FALSE) -> 941.6 | G13: ='MINI SSR 2020-21'!C10 -> 510 | L13: =SUM(F13:K13) -> 1451.6
A14: 6 | B14: Sand for Filling | C14: Cum | D14: =D13 -> K.Bitragunta | E14: =E13 -> 85 | F14: =VLOOKUP(E14,'con 2020-21'!A8:F307,2,FALSE) -> 941.6 | G14: ='MINI SSR 2020-21'!C11 -> 375 | L14: =SUM(F14:K14) -> 1316.6
A15: 7 | B15: Common burnt clay bricks of class | C15: 1000 nos | D15: Motravulapadu | E15: =N5 -> 48 | F15: =VLOOKUP(E15,'con 2020-21'!$A$5:$F$308,4,FALSE) -> 913.8 | G15: ='MINI SSR 2020-21'!C12 -> 6000 | J15: ='MINI SSR 2020-21'!D12 -> 60 | K15: ='MINI SSR 2020-21'!E12 -> 60 | L15: =SUM(F15:K15) -> 7033.8
A16: 8 | B16: 40mm HBG metal SS5, M/C | C16: Cum | D16: Ramatherdham | E16: =N4 -> 50 | F16: =VLOOKUP(E16,'con 2020-21'!$A$5:$F$309,3,FALSE) -> 566.8 | G16: ='MINI SSR 2020-21'!C13 -> 640 | H16: 70 | I16: =ROUND(G16*0.25,2) -> 160 | L16: =SUM(F16:K16) -> 1436.8
A17: 9 | B17: 20mm HBG SS5 M/c chips | C17: Cum | D17: =D16 -> Ramatherdham | E17: =E16 -> 50 | F17: =VLOOKUP(E17,'con 2020-21'!$A$5:$F$309,3,FALSE) -> 566.8 | G17: ='MINI SSR 2020-21'!C14 -> 1064 | H17: 70 | I17: =ROUND(G17*0.25,2) -> 266 | L17: =SUM(F17:K17) -> 1966.8
A18: 10 | B18: Aggregates 12 mm nominal size | C18: Cum | D18: =D17 -> Ramatherdham | E18: =E17 -> 50 | F18: =VLOOKUP(E18,'con 2020-21'!$A$5:$F$309,3,FALSE) -> 566.8 | G18: ='MINI SSR 2020-21'!C15 -> 848 | H18: 70 | I18: =ROUND(G18*0.25,2) -> 212 | L18: =SUM(F18:K18) -> 1696.8
A19: 11 | B19: Aggregates 10mm nominal size | C19: Cum | D19: =D18 -> Ramatherdham | E19: =E18 -> 50 | F19: =VLOOKUP(E19,'con 2020-21'!$A$5:$F$309,3,FALSE) -> 566.8 | G19: ='MINI SSR 2020-21'!C16 -> 716 | H19: 70 | I19: =ROUND(G19*0.25,2) -> 179 | L19: =SUM(F19:K19) -> 1531.8
A20: 12 | B20: Aggregates 6mm nominal size | C20: Cum | D20: =D19 -> Ramatherdham | E20: =E19 -> 50 | F20: =VLOOKUP(E20,'con 2020-21'!$A$5:$F$309,3,FALSE) -> 566.8 | G20: ='MINI SSR 2020-21'!C17 -> 568 | H20: 70 | I20: =ROUND(G20*0.25,2) -> 142 | L20: =SUM(F20:K20) -> 1346.8
A21: 13 | B21: Rough stone | C21: Cum | D21: =D20 -> Ramatherdham | E21: =E20 -> 50 | F21: =VLOOKUP(E21,'con 2020-21'!$A$5:$F$309,3,FALSE) -> 566.8 | G21: ='MINI SSR 2020-21'!C18 -> 255 | H21: 70 | L21: =SUM(F21:K21) -> 891.8
A22: 14 | B22: High Polished Granite 16 to 18 mm | C22: Sqm | D22: =D21 -> Ramatherdham | E22: =E20 -> 50 | F22: =VLOOKUP(E22,'con 2020-21'!$A$5:$F$309,5,FALSE)*0.16 -> 133.696 | G22: ='MINI SSR 2020-21'!C19 -> 1991 | L22: =SUM(F22:K22) -> 2124.696
A23: 15 | B23: Roof tiles BMT-D.23 | D23: Ongole | E23: =N6 -> 72 | F23: =VLOOKUP(E23,'con 2020-21'!$A$5:$F$308,4,FALSE) -> 1305 | G23: ='MINI SSR 2020-21'!C24 -> 18000 | L23: =SUM(F23:K23) -> 19305
A24: 16 | B24: Selected earth | C24: Cum | D24: Local | E24: 5 | F24: =VLOOKUP(E24,'con 2020-21'!$A$6:$F$305,2,FALSE) -> 81.1 | G24: ='MINI SSR 2020-21'!C25 -> 101 | L24: =SUM(F24:K24) -> 182.1
A25: 17 | B25: Gravel | C25: Cum | D25: Local | E25: 5 | F25: =VLOOKUP(E25,'con 2020-21'!$A$6:$F$305,2,FALSE) -> 81.1 | G25: ='MINI SSR 2020-21'!C26 -> 130 | L25: =SUM(F25:K25) -> 211.1
A28: 1) | B28: Certified that the above leads are correct to the best of my knowledge.
A29: 2) | B29: Certified that the rates are provided as per SSR 2020-21
H31: Deputy Executive Engineer | K31: ='lead 19-20'!K31 -> Assistant Engineer
H32: PRI Sub Division | K32: ='lead 19-20'!K32 -> Mandal Praja parishad
H33: Kanigiri | K33: ='lead 19-20'!K33 -> Kanigiri

Sheet lead 21-22
A1: LEAD STATEMENT (2021-22)
B2: Name of the Work: | C2: ='lead 19-20'!C2:L2 -> Providing Additional Space for Health Staff in Grama Sachivalayam of Baduguleru GP of Kanigiri Mandal
C3: Lead Chart based on Common SOR-2021-22 | M3: Sand | N3: ='lead 19-20'!N3 -> 85
B4: Work ID | C4: ='lead 19-20'!C4 -> No: 087043102002090039 | J4: Est. Rs. | K4: ='lead 19-20'!K4 -> 20.80 Lakhs | M4: Metal | N4: ='lead 19-20'!N4 -> 50
A5: Sl. No. | B5: Description | C5: unit | D5: Quarry | E5: Lead in KM | F5: Convey-ance Charges | G5: Initial Cost | H5: Blasting charges | I5: Crushing charges | J5: Loading charges | K5: unloading charges | L5: Total | M5: Brick | N5: ='lead 19-20'!N5 -> 48
M6: Tiles | N6: ='lead 19-20'!N6 -> 72
A7: 1 | B7: 2 | C7: 3 | D7: 4 | E7: 5 | F7: 6 | G7: 7 | H7: 8 | I7: 9 | J7: 10 | K7: 11 | L7: 13
A8: 1 | B8: Cement | C8: MT | D8: Local | E8: - | F8: 0 | G8: ='MINI SSR 21-22'!C4 -> 4700 | L8: =SUM(F8:K8) -> 4700
A9: 2 | B9: Steel Fe 500 | C9: MT | D9: Local | E9: - | F9: 0 | G9: ='MINI SSR 21-22'!C5 -> 54500 | I9: =G9*18% -> 9810 | L9: =SUM(F9:K9) -> 64310
A10: 3 | B10: MS Flats | C10: MT | D10: Local | G10: ='MINI SSR 21-22'!C7 -> 52000 | I10: =G10*18% -> 9360 | L10: =SUM(F10:K10) -> 61360
A11: 4 | B11: 6mm Ms roads | C11: MT | D11: Local | G11: ='MINI SSR 21-22'!C8 -> 54000 | L11: =SUM(F11:K11) -> 54000
A12: 5 | B12: Sand for Mortar (screened) | C12: Cum | D12: Local vagu | E12: =N3 -> 85 | F12: =VLOOKUP(E12,'con 2021-22'!$A$6:$F$287,2,FALSE) -> 1043.4 | G12: ='MINI SSR 21-22'!C9 -> 700 | L12: =SUM(F12:K12) -> 1743.4
A13: 5 | B13: Sand for Mortar (concrete) | C13: Cum | D13: =D12 -> Local vagu | E13: =E12 -> 85 | F13: =VLOOKUP(E13,'con 2021-22'!$A$6:$F$287,2,FALSE) -> 1043.4 | G13: ='MINI SSR 21-22'!C10 -> 605 | L13: =SUM(F13:K13) -> 1648.4
A14: 6 | B14: Sand for Filling | C14: Cum | D14: =D13 -> Local vagu | E14: =E13 -> 85 | F14: =VLOOKUP(E14,'con 2021-22'!A8:F287,2,FALSE) -> 1043.4 | G14: ='MINI SSR 21-22'!C11 -> 460 | L14: =SUM(F14:K14) -> 1503.4
A15: 7 | B15: Common burnt clay bricks of class | C15: 1000 nos | D15: Motravulapadu | E15: =N5 -> 48 | F15: =VLOOKUP(E15,'con 2021-22'!$A$5:$F$287,4,FALSE) -> 1012.7 | G15: ='MINI SSR 21-22'!C12 -> 6400 | J15: ='MINI SSR 21-22'!D12 -> 63.9 | K15: ='MINI SSR 21-22'!E12 -> 63.9 | L15: =SUM(F15:K15) -> 7540.5
A16: 8 | B16: 40mm HBG metal SS5, M/C | C16: Cum | D16: Ramatherdham | E16: =N4 -> 50 | F16: =VLOOKUP(E16,'con 2021-22'!$A$5:$F$287,3,FALSE) -> 627.6 | G16: ='MINI SSR 21-22'!C13 -> 649 | H16: 70 | I16: =ROUND(G16*0.25,2) -> 162.25 | L16: =SUM(F16:K16) -> 1508.85
A17: 9 | B17: 20mm HBG SS5 M/c chips | C17: Cum | D17: =D16 -> Ramatherdham | E17: =E16 -> 50 | F17: =VLOOKUP(E17,'con 2021-22'!$A$5:$F$287,3,FALSE) -> 627.6 | G17: ='MINI SSR 21-22'!C14 -> 1079 | H17: 70 | I17: =ROUND(G17*0.25,2) -> 269.75 | L17: =SUM(F17:K17) -> 2046.35
A18: 10 | B18: Aggregates 12 mm nominal size | C18: Cum | D18: =D17 -> Ramatherdham | E18: =E17 -> 50 | F18: =VLOOKUP(E18,'con 2021-22'!$A$5:$F$287,3,FALSE) -> 627.6 | G18: ='MINI SSR 21-22'!C15 -> 860 | H18: 70 | I18: =ROUND(G18*0.25,2) -> 215 | L18: =SUM(F18:K18) -> 1772.6
A19: 11 | B19: Aggregates 10mm nominal size | C19: Cum | D19: =D18 -> Ramatherdham | E19: =E18 -> 50 | F19: =VLOOKUP(E19,'con 2021-22'!$A$5:$F$287,3,FALSE) -> 627.6 | G19: ='MINI SSR 21-22'!C16 -> 726 | H19: 70 | I19: =ROUND(G19*0.25,2) -> 181.5 | L19: =SUM(F19:K19) -> 1605.1
A20: 12 | B20: Aggregates 6mm nominal size | C20: Cum | D20: =D19 -> Ramatherdham | E20: =E19 -> 50 | F20: =VLOOKUP(E20,'con 2021-22'!$A$5:$F$287,3,FALSE) -> 627.6 | G20: ='MINI SSR 21-22'!C17 -> 576 | H20: 70 | I20: =ROUND(G20*0.25,2) -> 144 | L20: =SUM(F20:K20) -> 1417.6
A21: 13 | B21: Rough stone | C21: Cum | D21: =D20 -> Ramatherdham | E21: =E20 -> 50 | F21: =VLOOKUP(E21,'con 2021-22'!$A$5:$F$287,3,FALSE) -> 627.6 | G21: ='MINI SSR 21-22'!C18 -> 283 | H21: 70 | L21: =SUM(F21:K21) -> 980.6
A22: 14 | B22: High Polished Granite 16 to 18 mm | C22: Sqm | D22: =D21 -> Ramatherdham | E22: =E20 -> 50 | F22: =VLOOKUP(E22,'con 2021-22'!$A$5:$F$287,5,FALSE)*0.16 -> 147.664 | G22: ='MINI SSR 21-22'!C19 -> 1991 | L22: =SUM(F22:K22) -> 2138.664
A23: 15 | B23: Roof tiles BMT-D.23 | D23: Ongole | E23: =N6 -> 72 | F23: =VLOOKUP(E23,'con 2021-22'!$A$5:$F$287,4,FALSE) -> 1447.1 | G23: ='MINI SSR 21-22'!C24 -> 18000 | L23: =SUM(F23:K23) -> 19447.1
A24: 16 | B24: Selected earth | C24: Cum | D24: Local | E24: 5 | F24: =VLOOKUP(E24,'con 2021-22'!$A$6:$F$287,2,FALSE) -> 89.9 | G24: ='MINI SSR 21-22'!C25 -> 84.75 | L24: =SUM(F24:K24) -> 174.65
A25: 17 | B25: Gravel | C25: Cum | D25: Local | E25: 5 | F25: =VLOOKUP(E25,'con 2021-22'!$A$6:$F$287,2,FALSE) -> 89.9 | G25: ='MINI SSR 21-22'!C26 -> 138 | L25: =SUM(F25:K25) -> 227.9
A28: 1) | B28: Certified that the above leads are correct to the best of my knowledge.
A29: 2) | B29: Certified that the rates are provided as per SSR 2021-22
H31: Deputy Executive Engineer | K31: ='lead 19-20'!K31 -> Assistant Engineer
H32: PRI Sub Division | K32: ='lead 19-20'!K32 -> Mandal Praja parishad
H33: Kanigiri | K33: ='lead 19-20'!K33 -> Kanigiri

Sheet lead 22-23
A1: LEAD STATEMENT (2022-23)
B2: Name of the Work: | C2: ='lead 19-20'!C2 -> Providing Additional Space for Health Staff in Grama Sachivalayam of Baduguleru GP of Kanigiri Mandal
C3: Lead Chart based on Common SOR-2022-23 | M3: Sand | N3: ='lead 19-20'!N3 -> 85
B4: Work ID | C4: ='lead 19-20'!C4 -> No: 087043102002090039 | J4: Est. Rs. | K4: ='lead 19-20'!K4 -> 20.80 Lakhs | M4: Metal | N4: ='lead 19-20'!N4 -> 50
A5: Sl. No. | B5: Description | C5: unit | D5: Quarry | E5: Lead in KM | F5: Convey-ance Charges | G5: Initial Cost | H5: Blasting charges | I5: Crushing charges | J5: Loading charges | K5: unloading charges | L5: Total | M5: Brick | N5: ='lead 19-20'!N5 -> 48
M6: Tiles | N6: ='lead 19-20'!N6 -> 72
A7: 1 | B7: 2 | C7: 3 | D7: 4 | E7: 5 | F7: 6 | G7: 7 | H7: 8 | I7: 9 | J7: 10 | K7: 11 | L7: 13
A8: 1 | B8: Cement | C8: MT | D8: Local | E8: - | F8: 0 | G8: ='MINI SSR 2022-23'!C4 -> 4700 | L8: =SUM(F8:K8) -> 4700
A9: 2 | B9: Steel Fe 500 | C9: MT | D9: Local | E9: - | F9: 0 | G9: ='MINI SSR 2022-23'!C5 -> 64000 | I9: =G9*18% -> 11520 | L9: =SUM(F9:K9) -> 75520
A10: 3 | B10: MS Flats | C10: MT | D10: Local | G10: ='MINI SSR 2022-23'!C7 -> 62000 | I10: =G10*18% -> 11160 | L10: =SUM(F10:K10) -> 73160
A11: 4 | B11: 6mm Ms roads | C11: MT | D11: Local | G11: ='MINI SSR 2022-23'!C8 -> 62000 | L11: =SUM(F11:K11) -> 62000
A12: 5 | B12: Sand for Mortar (screened) | C12: Cum | D12: K.Bitragunta | E12: =N3 -> 85 | F12: =VLOOKUP(E12,'con 2022-23'!$A$6:$F$305,2,FALSE) -> 1116 | G12: ='MINI SSR 2022-23'!C9 -> 700 | L12: =SUM(F12:K12) -> 1816
A13: 5 | B13: Sand for Mortar (concrete) | C13: Cum | D13: =D12 -> K.Bitragunta | E13: =E12 -> 85 | F13: =VLOOKUP(E13,'con 2022-23'!$A$6:$F$305,2,FALSE) -> 1116 | G13: ='MINI SSR 2022-23'!C10 -> 605 | L13: =SUM(F13:K13) -> 1721
A14: 6 | B14: Sand for Filling | C14: Cum | D14: =D13 -> K.Bitragunta | E14: =E13 -> 85 | F14: =VLOOKUP(E14,'con 2022-23'!A8:F307,2,FALSE) -> 1116 | G14: ='MINI SSR 2022-23'!C11 -> 460 | L14: =SUM(F14:K14) -> 1576
A15: 7 | B15: Common burnt clay bricks of class | C15: 1000 nos | D15: Motravulapadu | E15: =N5 -> 48 | F15: =VLOOKUP(E15,'con 2022-23'!$A$5:$F$308,4,FALSE) -> 1079 | G15: ='MINI SSR 2022-23'!C12 -> 7500 | J15: ='MINI SSR 2022-23'!D12 -> 68.5 | K15: ='MINI SSR 2022-23'!E12 -> 68.5 | L15: =SUM(F15:K15) -> 8716
A16: 8 | B16: 40mm HBG metal SS5, M/C | C16: Cum | D16: Ramatherdham | E16: =N4 -> 50 | F16: =VLOOKUP(E16,'con 2022-23'!$A$5:$F$309,3,FALSE) -> 671.9 | G16: ='MINI SSR 2022-23'!C13 -> 716 | H16: 70 | I16: =ROUND(G16*0.25,2) -> 179 | L16: =SUM(F16:K16) -> 1636.9
A17: 9 | B17: 20mm HBG SS5 M/c chips | C17: Cum | D17: =D16 -> Ramatherdham | E17: =E16 -> 50 | F17: =VLOOKUP(E17,'con 2022-23'!$A$5:$F$309,3,FALSE) -> 671.9 | G17: ='MINI SSR 2022-23'!C14 -> 1196 | H17: 70 | I17: =ROUND(G17*0.25,2) -> 299 | L17: =SUM(F17:K17) -> 2236.9
A18: 10 | B18: Aggregates 12 mm nominal size | C18: Cum | D18: =D17 -> Ramatherdham | E18: =E17 -> 50 | F18: =VLOOKUP(E18,'con 2022-23'!$A$5:$F$309,3,FALSE) -> 671.9 | G18: ='MINI SSR 2022-23'!C15 -> 952 | H18: 70 | I18: =ROUND(G18*0.25,2) -> 238 | L18: =SUM(F18:K18) -> 1931.9
A19: 11 | B19: Aggregates 10mm nominal size | C19: Cum | D19: =D18 -> Ramatherdham | E19: =E18 -> 50 | F19: =VLOOKUP(E19,'con 2022-23'!$A$5:$F$309,3,FALSE) -> 671.9 | G19: ='MINI SSR 2022-23'!C16 -> 800 | H19: 70 | I19: =ROUND(G19*0.25,2) -> 200 | L19: =SUM(F19:K19) -> 1741.9
A20: 12 | B20: Aggregates 6mm nominal size | C20: Cum | D20: =D19 -> Ramatherdham | E20: =E19 -> 50 | F20: =VLOOKUP(E20,'con 2022-23'!$A$5:$F$309,3,FALSE) -> 671.9 | G20: ='MINI SSR 2022-23'!C17 -> 636 | H20: 70 | I20: =ROUND(G20*0.25,2) -> 159 | L20: =SUM(F20:K20) -> 1536.9
A21: 13 | B21: Rough stone | C21: Cum | D21: =D20 -> Ramatherdham | E21: =E20 -> 50 | F21: =VLOOKUP(E21,'con 2022-23'!$A$5:$F$309,3,FALSE) -> 671.9 | G21: ='MINI SSR 2022-23'!C18 -> 298 | H21: 70 | L21: =SUM(F21:K21) -> 1039.9
A22: 14 | B22: High Polished Granite 16 to 18 mm | C22: Sqm | D22: =D21 -> Ramatherdham | E22: =E20 -> 50 | F22: =VLOOKUP(E22,'con 2022-23'!$A$5:$F$309,5,FALSE)*0.16 -> 157.744 | G22: ='MINI SSR 2022-23'!C19 -> 2100 | L22: =SUM(F22:K22) -> 2257.744
A23: 15 | B23: Roof tiles BMT-D.23 | D23: Ongole | E23: =N6 -> 72 | F23: =VLOOKUP(E23,'con 2022-23'!$A$5:$F$308,4,FALSE) -> 1542.2 | G23: ='MINI SSR 2022-23'!C24 -> 18000 | L23: =SUM(F23:K23) -> 19542.2
A24: 16 | B24: Selected earth | C24: Cum | D24: Local | E24: 5 | F24: =VLOOKUP(E24,'con 2022-23'!$A$6:$F$305,2,FALSE) -> 96 | G24: ='MINI SSR 2022-23'!C25 -> 93 | L24: =SUM(F24:K24) -> 189
A25: 17 | B25: Gravel | C25: Cum | D25: Local | E25: 5 | F25: =VLOOKUP(E25,'con 2022-23'!$A$6:$F$305,2,FALSE) -> 96 | G25: ='MINI SSR 2022-23'!C26 -> 149 | L25: =SUM(F25:K25) -> 245
A28: 1) | B28: Certified that the above leads are correct to the best of my knowledge.
A29: 2) | B29: Certified that the rates are provided as per SSR 2022-23
H31: Deputy Executive Engineer | K31: ='lead 19-20'!K31 -> Assistant Engineer
H32: PRI Sub Division | K32: ='lead 19-20'!K32 -> Mandal Praja parishad
H33: Kanigiri | K33: ='lead 19-20'!K33 -> Kanigiri

Sheet data
A1: SUPPLEMENTAL DATA SHEET
A2: ='lead 19-20'!B2&'lead 19-20'!C2 -> Name of the Work: Providing Additional Space for Health Staff in Grama Sachivalayam of Baduguleru GP of Kanigiri Mandal
E4: Est.Rs. | F4: ='lead 19-20'!K4 -> 20.80 Lakhs
A6: S No | B6: Index Code | C6: Description of the Work | D6: Unit | E6: Quantity | F6: Rate | G6: Amount
C7: AS PER SSR 2019-20
A8: 1 | B8: BLD-CSTN -1-4 | C8: Cement Mortar (1:3) | H8: 19-20
C9: Cost of Cement | D9: Kg | E9: =1440/3 -> 480 | F9: ='lead 19-20'!$L$8 -> 4700 | G9: =ROUND(E9*F9/1000,2) -> 2256 | H9: 19-20
C10: Cost of Cement | D10: cum | E10: 1.05 | F10: ='lead 19-20'!$L$12 -> 1464.8 | G10: =ROUND(E10*F10,2) -> 1538.04 | H10: 19-20
C11: Man Mazdoor for mixing mortar | D11: day | E11: 0.2 | F11: ='MINI SSR 19-20'!H$5 -> 420 | G11: =ROUND(E11*F11,2) -> 84 | H11: 19-20
G12: =SUM(G9:G11) -> 3878.04 | H12: 19-20
A13: 2 | B13: BLD-CSTN -1-5 | C13: Cement Mortar (1:4) | H13: 19-20
C14: Cost of Cement | D14: Kg | E14: =1440/4 -> 360 | F14: ='lead 19-20'!$L$8 -> 4700 | G14: =ROUND(E14*F14/1000,2) -> 1692 | H14: 19-20
C15: Sand for Plastering including 5% wastage | D15: cum | E15: 1.05 | F15: ='lead 19-20'!$L$12 -> 1464.8 | G15: =ROUND(E15*F15,2) -> 1538.04 | H15: 19-20
C16: Man Mazdoor for mixing mortar | D16: day | E16: 0.2 | F16: ='MINI SSR 19-20'!H$5 -> 420 | G16: =ROUND(E16*F16,2) -> 84 | H16: 19-20
G17: =SUM(G14:G16) -> 3314.04 | H17: 19-20
A18: 2 | B18: BLD-CSTN -1-6 | C18: Cement Mortar (1:5) | H18: 19-20
C19: Cost of Cement | D19: Kg | E19: =1440/5 -> 288 | F19: ='lead 19-20'!$L$8 -> 4700 | G19: =ROUND(E19*F19/1000,2) -> 1353.6 | H19: 19-20
C20: Sand for Plastering including 5% wastage | D20: cum | E20: 1.05 | F20: ='lead 19-20'!$L$12 -> 1464.8 | G20: =ROUND(E20*F20,2) -> 1538.04 | H20: 19-20
C21: Man Mazdoor for mixing mortar | D21: day | E21: 0.2 | F21: ='MINI SSR 19-20'!H$5 -> 420 | G21: =ROUND(E21*F21,2) -> 84 | H21: 19-20
G22: =SUM(G19:G21) -> 2975.64 | H22: 19-20
A23: 4 | B23: BLD-CSTN -1-7 | C23: Cement Mortar (1:6) | H23: 19-20
C24: Cost of Cement | D24: Kg | E24: =1440/6 -> 240 | F24: ='lead 19-20'!$L$8 -> 4700 | G24: =ROUND(E24*F24/1000,2) -> 1128 | H24: 19-20
C25: Sand for Mortar including 5% wastage | D25: cum | E25: 1.05 | F25: ='lead 19-20'!$L$12 -> 1464.8 | G25: =ROUND(E25*F25,2) -> 1538.04 | H25: 19-20
C26: Man Mazdoor for mixing mortar | D26: day | E26: 0.2 | F26: ='MINI SSR 19-20'!H$5 -> 420 | G26: =ROUND(E26*F26,2) -> 84 | H26: 19-20
G27: =SUM(G24:G26) -> 2750.04 | H27: 19-20
A28: 5 | B28: BLD-CSTN -1-8 | C28: Cement Mortar (1:8) | H28: 19-20
C29: Cost of Cement | D29: Kg | E29: =1440/8 -> 180 | F29: ='lead 19-20'!$L$8 -> 4700 | G29: =ROUND(E29*F29/1000,2) -> 846 | H29: 19-20
C30: Sand for Mortar including 5% wastage | D30: cum | E30: 1.05 | F30: ='lead 19-20'!$L$12 -> 1464.8 | G30: =ROUND(E30*F30,2) -> 1538.04 | H30: 19-20
C31: Man Mazdoor for mixing mortar | D31: day | E31: 0.2 | F31: ='MINI SSR 19-20'!H$5 -> 420 | G31: =ROUND(E31*F31,2) -> 84 | H31: 19-20
G32: =SUM(G29:G31) -> 2468.04 | H32: 19-20
A33: 2 | C33: 20 mm GRADED METAL( CW 07 20 mm(48%) and 12 mm(12%)10 mm(12%) 6 mm(8)% (34822)) | H33: 19-20
C34: 20 mm HBG metal(SS 5) | D34: 0.6 | E34: ='lead 19-20'!L17 -> 1885.8 | F34: =ROUND(D34*E34,2) -> 1131.48 | H34: 19-20
C35: 12 mm HBG metal(SS 5) | D35: 0.15 | E35: ='lead 19-20'!L18 -> 1625.8 | F35: =ROUND(D35*E35,2) -> 243.87 | H35: 19-20
C36: 10 mm HBG metal(SS 5) | D36: 0.15 | E36: ='lead 19-20'!L19 -> 1465.8 | F36: =ROUND(D36*E36,2) -> 219.87 | H36: 19-20
C37: 6 mm HBG metal(SS 5) | D37: 0.1 | E37: ='lead 19-20'!L20 -> 1270.8 | F37: =ROUND(D37*E37,2) -> 127.08 | H37: 19-20
C38: Rate per Cum | F38: =SUM(F34:F37) -> 1722.3 | H38: 19-20
H39: 19-20
A40: 1 | C40: Clearing light jungle including up-rooting and removing of Juliflora stumps. | H40: 19-20
C41: Unit = Cum | H41: 19-20
C42: RSSR 19-20 | H42: 19-20
C43: Unskilled Labour Charges | G43: ='MINI SSR 19-20'!H25 -> 5.22 | H43: 19-20
C44: Rate per 1 Cum | G44: =SUM(G43) -> 5.22 | H44: 19-20
A45: 3 | C45: Engaging Unskilled Labour for Earth work excavation and depositing on bank with an initial lead & initial lift in Loamy and Clayey soils like BC Soils, Red Earth Soils (Ordinary Soils) | H45: 19-20
C46: Unit = Cum | H46: 19-20
C47: RSSR 19-20 | H47: 19-20
C48: Unskilled Labour Charges | G48: ='MINI SSR 19-20'!H26 -> 124.24 | H48: 19-20
C49: Rate per 1 Cum | G49: =SUM(G48) -> 124.24 | H49: 19-20
A50: 3 | B50: RBR-FNDN - 2- (I) Amendment as per 2015-16 | C50: Filling with Sand in trenches, sides of foundations & basement by watering and ramming including all operational, incidental, labour charges, hire charges of T&P etc complete including cost and conveyance of material and labour charges etc complete for finished item of the work (APSS No 309& 310) per 1 Cum | H50: 19-20
C51: Unit = Cum | H51: 19-20
C52: Taking Output 6 Cum | H52: 19-20
B53: a) | C53: Labour | H53: 19-20
C54: Mazdoor (Un-Skilled) | D54: day | E54: 0.31 | F54: ='MINI SSR 19-20'!H$5 -> 420 | G54: =ROUND(E54*F54,2) -> 130.2 | H54: 19-20
B55: b) | C55: Material | H55: 19-20
C56: Sand for filling | D56: Cum | E56: 6 | F56: ='lead 19-20'!L14 -> 1249.8 | G56: =ROUND(E56*F56,2) -> 7498.8 | H56: 19-20
